Workbook
Name centro_gestor: Listados!$C$2:$C$29
Name excepcional: Listados!$A$17:$A$23
Name fondo: Listados!$T$2:$T$955
Name gasto_publico: Listados!$AA$2:$AA$7
Name grupos_vulnerables: Listados!$A$26:$A$32
Name meta_plan: Listados!$I$2:$I$354
Name meta_territorio: Listados!$L$2:$L$399
Name movilizador: Listados!$A$35:$A$63
Name politica_publica: Listados!$Y$2:$Y$21
Name pospre: Listados!$P$2:$P$475
Name producto_mga: Listados!$AC$2:$AC$2382
Name Programa_PDD: Listados!$F$2:$F$22
Name ruta: Listados!$A$2:$A$3
Name sector_mga: Listados!$W$2:$W$32

Sheet Listados
A1: DECISIÓN | C1: Centro Gestor | D1: Denominación Centro Gestor | F1: Código Programa PDD | G1: Programa PDD | I1: Meta Plan de Desarrollo | L1: Metal Plan de Desarrollo Comuna o Corregimiento | O1: Codigo POSPRE sin puntos | P1: Codigo POSPRE | Q1: Denominación POSPRE | S1: Codigo Fondo sin puntos | T1: Codigo Fondo | U1: Denominación Fondo | W1: Sector MGA | Y1: POLÍTICAS PÚBLICAS | AA1: SECTORES GASTO PUBLICO SOCIAL | AC1: Código del Producto | AD1: Producto | AE1: Código del Indicador de Producto | AF1: Indicador de Producto | AG1: Unidad de medida | AI1: Códogo PE | AJ1: Proyecto Estratégico | AK1: Area Funcional | AL1: Organismo | AM1: Para cadena de Valor 20240702
A2: Si | C2: 4112 | D2: Secretaría de Gobierno | F2: 6101001 | G2: Espacios públicos seguros | I2: 61010010001 | J2: Zonas públicas WiFi operando en el Distrito de Santiago de Cali | L2: 62020010013-0101 | M2: A diciembre de 2027, se han adecuado o rehabilitado 2 parques y zonas verdes para la conservación ambiental de la comuna | O2: NO* 2-3 | P2: NO* 2.3 | Q2: Inversión | S2: 121000 | T2: 1.2.1.0.00 | U2: Ingresos corrientes de Libre Destinación | W2: 01-Congreso | Y2: Acuerdo 539 de 2022 Por el cual se adopta la política pública para las mujeres de Cali: reconocimiento, equidad de género e igualdad de oportunidades 2022 - 2031 y se dictan otras disposiciones | AA2: Salud | AC2: 0401001 | AD2: Bases de datos de la temática de Demografía y Población | AE2: 040100100 | AF2: Bases de datos de la temática de Demografía y Población anonimizadas producidas | AG2: Número | AI2: 0001-(PE-ASITM) | AJ2: Ampliación del Sistema Integrado de Transporte Masivo MIO | AK2: 62010030028 | AL2: 5103_Metro Cali | AM2: =Tabla1[[#This Row],[Códogo PE]]&": "&Tabla1[[#This Row],[Proyecto Estratégico]] -> 0001-(PE-ASITM): Ampliación del Sistema Integrado de Transporte Masivo MIO
A3: No | C3: 4121 | D3: Departamento Administrativo de Gestión Jurídica Pública | F3: 6101002 | G3: Prevención y resolución de conflictos | I3: 61010010002 | J3: Alumbrado público modernizado y eficiente | L3: 62010040006-0102 | M3: A diciembre de 2027, se han capacitado 150 personas en conociemiento ambiental en el marco de la Política Pública de Educacón Ambiental | O3: NO* 2-31 | P3: NO* 2.3.1 | Q3: Gastos de personal | S3: 121000 | T3: 1.2.1.0.00 | U3: Ingresos corrientes de Libre Destinación | W3: 02-Presidencia de la república | Y3: Acuerdo 392 de 2015 Por medio del cual se adopta la política pública de primera infancia, infancia y adolescencia 2015 - 2024, Cali, municipio responsable y amigo de los niños, niñas y adolescentes y se dictan otras disposiciones | AA3: Educacion | AC3: 0401004 | AD3: Bases de Datos de la temática de Mercado Laboral | AE3: 040100400 | AF3: Bases de datos de la temática de Mercado Laboral producidas en el archivo nacional de datos | AG3: Número | AI3: 0001-(PE-ASITM) | AJ3: Ampliación del Sistema Integrado de Transporte Masivo MIO | AK3: 62010030029 | AL3: 5103_Metro Cali | AM3: =Tabla1[[#This Row],[Códogo PE]]&": "&Tabla1[[#This Row],[Proyecto Estratégico]] -> 0001-(PE-ASITM): Ampliación del Sistema Integrado de Transporte Masivo MIO
C4: 4123 | D4: Departamento Administrativo de Control Interno | F4: 6101003 | G4: Proyectos de vida para los jóvenes | I4: 61010010003 | J4: Intervenciones integrales para la mejora del área de espacio público afectada por residuos sólidos realizadas. | L4: 62020010002-0103 | M4: A diciembre de 2027, se han establecido 27 procesos de restauración en areas de ecosistema | O4: NO* 2-3101 | P4: NO* 2.3.1.01 | Q4: Planta de personal permanente | S4: 12200001 | T4: 1.2.2.0.00.01 | U4: Servicios de expedición de permisos, conceptos ambientales | W4: 03-Planeación | Y4: Acuerdo 420 de 2017 Por el cual se adopta la política pública de envejecimiento y vejez para las personas mayores en el municipio de Santiago de Cali 2017 - 2027 | AA4: Saneamiento ambiental | AC4: 0401005 | AD4: Bases de Datos de la temática de Pobreza y Condiciones de Vida | AE4: 040100500 | AF4: Bases de Datos de la temática de Pobreza y Condiciones de Vida publicadas | AG4: Número | AI4: 0001-(PE-ASITM) | AJ4: Ampliación del Sistema Integrado de Transporte Masivo MIO | AK4: 62010030032 | AL4: 5103_Metro Cali | AM4: =Tabla1[[#This Row],[Códogo PE]]&": "&Tabla1[[#This Row],[Proyecto Estratégico]] -> 0001-(PE-ASITM): Ampliación del Sistema Integrado de Transporte Masivo MIO
A5: TIPO DE RECURSO | C5: 4124 | D5: Departamento Administrativo de Control Disciplinario Interno de Instrucción | F5: 6101004 | G5: Vigilancia y Prevención del Delito | I5: 61010010004 | J5: Luminarias instaladas LED en fuentes, monumentos y bienes de interés cultural con sistemas de iluminación ornamental conservadas | L5: 62020010021-0104 | M5: A diciembre de 2027, se han realizado 9 asistencias técnicas en la implementación de alternativas de aprovechamiento de residuos sólidos orgánicos en la comuna | O5: NO* 2-310101 | P5: NO* 2.3.1.01.01 | Q5: Factores constitutivos de salario | S5: 12200002 | T5: 1.2.2.0.00.02 | U5: Contribución y recargos valorización | W5: 04-Información estadística | Y5: Acuerdo 411 de 2017 Por el cual se adopta la política pública de mejoramiento integral del hábitat de los asentamientos humanos precarios en el municipio de Santiago de Cali - mi hábitat y se dictan otras disposiciones | AA5: Agua potable | AC5: 0401006 | AD5: Bases de Datos de la temática de Salud | AE5: 040100600 | AF5: Bases de Datos de la temática de Salud publicadas | AG5: Número | AI5: 0001-(PE-ASITM) | AJ5: Ampliación del Sistema Integrado de Transporte Masivo MIO | AK5: 62010030033 | AL5: 5103_Metro Cali | AM5: =Tabla1[[#This Row],[Códogo PE]]&": "&Tabla1[[#This Row],[Proyecto Estratégico]] -> 0001-(PE-ASITM): Ampliación del Sistema Integrado de Transporte Masivo MIO
A6: Propios | C6: 4125 | D6: Departamento Administrativo de Control Disciplinario Interno de Juzgamiento | F6: 6102001 | G6: Cali Educada | I6: 61010010005 | J6: Sistema de telegestión para alumbrado públlico implementado | L6: 61020030022-0105 | M6: A diciembre de 2027, se han vinculado 3200 niñas, niños, adolescentes, jóvenes, adultos y adultos mayores (incluidos con discapacidad) a actividades deportivas y aprovechamiento del tiempo libre. | O6: NO* 2-310101001 | P6: NO* 2.3.1.01.01.001 | Q6: Factores salariales comunes | S6: 12200003 | T6: 1.2.2.0.00.03 | U6: Impuesto de Circulación y Tránsito Sobre Vehículos de Servicio Público - S.I.T.MIO | W6: 05-Empleo público | Y6: Acuerdo 424 de 2017 Por medio del cual se adopta la política pública de regulación y organización de ventas informales en el espacio público en el municipio de Santiago de Cali | AA6: Deporte y recreación | AC6: 0401007 | AD6: Boletines Técnicos de la Temática Agropecuaria | AE6: 040100700 | AF6: Boletines Técnicos de la Temática Agropecuaria producidos | AG6: Número | AI6: 0002-(PE- BAS) | AJ6: Bulevar de la avenida sexta | AK6: 62010030001 | AL6: 4151_Infraestructura | AM6: =Tabla1[[#This Row],[Códogo PE]]&": "&Tabla1[[#This Row],[Proyecto Estratégico]] -> 0002-(PE- BAS): Bulevar de la avenida sexta
A7: SGP Educación | C7: 4131 | D7: Departamento Administrativo de Hacienda | F7: 6102002 | G7: Desarrollo productivo | I7: 61010020001 | J7: Jóvenes asistidos técnicamente en prácticas organizativas en el territorio | L7: 62010010014-0106 | M7: A diciembre de 2027, se ha realizado 1 intervenciones de adecuación o mantenimiento a escenarios deportivos y recreativos de la comuna (previo concepto técnico) | O7: NO* 2-31010100101 | P7: NO* 2.3.1.01.01.001.01 | Q7: Sueldo básico | S7: 12200004 | T7: 1.2.2.0.00.04 | U7: Conceptos técnicos aprovechamiento de las aguas subterráneas y superficiales | W7: 11-Relaciones exteriores | Y7: Acuerdo 422 de 2017 Por el cual se adopta la política pública municipal de educación ambiental de Santiago de Cali 2017 - 2036 | AA7: Vivienda | AC7: 0401008 | AD7: Boletines Técnicos de la Temática Ambiental | AE7: 040100800 | AF7: Boletines Técnicos de la Temática Ambiental producidos | AG7: Número | AI7: 0003-(PE-CF) | AJ7: Canal Figueroa | AK7: 62010020003 | AL7: 4147_Vivienda Social y Hábitat | AM7: =Tabla1[[#This Row],[Códogo PE]]&": "&Tabla1[[#This Row],[Proyecto Estratégico]] -> 0003-(PE-CF): Canal Figueroa
A8: SGP Salud | C8: 4132 | D8: Departamento Administrativo de Planeación | F8: 6102003 | G8: Cali Distrito Deportivo, Cultural y Turístico | I8: 61010020002 | J8: Mujeres víctimas de violencias basadas en género y su núcleo familiar vinculadas a servicios de atención integral | L8: 61020030017-0107 | M8: A diciembre de 2027, se han realizado 2 eventos deportivos y recreativos en la comuna 1 | O8: NO* 2-3101010010101 | P8: NO* 2.3.1.01.01.001.01.01 | Q8: Sueldo básico Docente | S8: 12200005 | T8: 1.2.2.0.00.05 | U8: Sanciones por Violación de Normas - DAGMA | W8: 12-Justicia y del derecho | Y8: Acuerdo 463 de 2019 Por el cual se adopta la política pública de desarrollo económico de Santiago de Cali y se dictan otras disposiciones | AC8: 0401010 | AD8: Boletines Técnicos Temática Construcción | AE8: 040101000 | AF8: Boletines Técnicos Temática Construcción producidos | AG8: Número | AI8: 0004-(PE-CAR) | AJ8: Centro de Alto Rendimiento | AK8: 62010010014 | AL8: 4162_Deporte y la Recreación | AM8: =Tabla1[[#This Row],[Códogo PE]]&": "&Tabla1[[#This Row],[Proyecto Estratégico]] -> 0004-(PE-CAR): Centro de Alto Rendimiento
A9: SGP Agua Potable y Saneamiento Básico | C9: 4133 | D9: Departamento Administrativo de Gestión del Medio Ambiente | F9: 6102004 | G9: Salud Integral y de Calidad | I9: 61010020003 | J9: Personas beneficiadas con la oferta de servicios del plan de migrantes y flujos migratorios mixtos | L9: 61020020016-0108 | M9: A diciembre de 2027, se han fortalecido 300 personas del ecosistema empresarial | O9: 2-310101001010101 | P9: 2.3.1.01.01.001.01.01.01 | Q9: Sueldo Docente Csf | S9: 12200006 | T9: 1.2.2.0.00.06 | U9: Seguimiento plan de saneamiento y manejo de vertimientos | W9: 13-Hacienda | Y9: Acuerdo 470 de 2019 Por el cual se adopta la política pública de soberanía y seguridad alimentaria y nutricional del distrito especial de Santiago de Cali y se dictan otras disposiciones | AC9: 0401011 | AD9: Boletines Técnicos Temática Transporte | AE9: 040101100 | AF9: Boletines Técnicos Temática Transporte producidos | AG9: Número | AI9: 0005-(PE-CCAT) | AJ9: Centro de Ciencia, Arte y Tecnología | AK9: 61020020011 | AL9: 4171_Desarrollo Económico | AM9: =Tabla1[[#This Row],[Códogo PE]]&": "&Tabla1[[#This Row],[Proyecto Estratégico]] -> 0005-(PE-CCAT): Centro de Ciencia, Arte y Tecnología
A10: SGP Alimentación Escolar | C10: 4134 | D10: Departamento Administrativo de Tecnologías de la Información y las Comunicaciones | F10: 6102005 | G10: Hambre Cero | I10: 61010020004 | J10: Personas Jóvenes beneficiadas de servicios de atención integral con enfoque de derechos, poblacional, vocacional e interseccional | L10: 61020020018-0109 | M10: A diciembre de 2027, se han formado 20 personas de la comuna 1 en competencias laborales para cierre de brechas | O10: 2-310101001010102 | P10: 2.3.1.01.01.001.01.01.02 | Q10: Sueldo Docente Ssf | S10: 12200007 | T10: 1.2.2.0.00.07 | U10: Contribucion valorización nuevo plan de obras | W10: 15-Defensa y policía | Y10: Acuerdo 461 de 2019 Por medio del cual se adopta la política pública "Cali diversidad" para la garantía del ejercicio efectivo de los derechos de las personas de los sectores sociales LGBTI, y de personas con orientaciones sexuales e identidades de género diversas en Santiago de Cali y se dictan otras disposiciones | AC10: 0401014 | AD10: Boletines Técnicos de la Temática Cultura | AE10: 040101400 | AF10: Boletines Técnicos de la Temática Cultura Producidos | AG10: Número | AI10: 0005-(PE-CCAT) | AJ10: Centro de Ciencia, Arte y Tecnología | AK10: 61020020012 | AL10: 4171_Desarrollo Económico | AM10: =Tabla1[[#This Row],[Códogo PE]]&": "&Tabla1[[#This Row],[Proyecto Estratégico]] -> 0005-(PE-CCAT): Centro de Ciencia, Arte y Tecnología
A11: SGP Primera Infancia | C11: 4135 | D11: Departamento Administrativo de Contratación Pública | F11: 6102006 | G11: Atención integral a poblaciones | I11: 61010020005 | J11: Personas vinculadas a estrategias de promoción de derechos y prevención de las violencias basadas en género | L11: 61020030031-0110 | M11: A diciembre de 2027, se han apoyado 4, iniciativas de turismo de la comuna 1 para el desarrollo local | O11: NO* 2-3101010010102 | P11: NO* 2.3.1.01.01.001.01.02 | Q11: Sueldo básico Directivo Docente | S11: 12200008 | T11: 1.2.2.0.00.08 | U11: Aportes urbanísticos por mayor edificabilidad | W11: 17-Agricultura y desarrollo rural | Y11: Acuerdo 464 de 2019 Por el cual se adopta la política pública de juventudes de santiago de Cali y se dictan otras disposiciones | AC11: 0401015 | AD11: Boletines Técnicos para la temática de servicios | AE11: 040101500 | AF11: Boletines Técnicos Temática Servicio producidos | AG11: Número | AI11: 0006-(PE-CIGRED | AJ11: Centro Integral para la Gestión del Riesgo de Emergencias y Desastres - CIGRED | AK11: 62020020012 | AL11: 4163_Gestión del Riesgo | AM11: =Tabla1[[#This Row],[Códogo PE]]&": "&Tabla1[[#This Row],[Proyecto Estratégico]] -> 0006-(PE-CIGRED: Centro Integral para la Gestión del Riesgo de Emergencias y Desastres - CIGRED
A12: SGP Propósito General Cultura | C12: 4137 | D12: Departamento Administrativo de Desarrollo e Innovación Institucional | F12: 6201001 | G12: Ordenamiento Territorial e Integración Regional | I12: 61010020006 | J12: Casos atendidos en la ruta de riesgo por amenaza (mujeres en riesgo de feminicidio, líderes y lideresas defensores, DD.HH., víctimas del conflicto armado y población vulnerable amenazada en Cali) | L12: 61020010015-0111 | M12: A diciembre de 2027, se ha beneficiado con 4 dotaciones a las sedes educativas oficiales de la comuna 1 | O12: 2-310101001010201 | P12: 2.3.1.01.01.001.01.02.01 | Q12: Sueldo Directivo Docente Csf | S12: 12200009 | T12: 1.2.2.0.00.09 | U12: Expedición de Licencias de funcionamiento de establecimientos educativos para el trabajo y el desarrollo humano | W12: 19-Salud y protección social | Y12: Acuerdo 459 de 2019 Por el cual se adopta la política pública afrocolombiana, negra, palenquera y raizal de santiago de Cali - CaliAfro | AC12: 0401017 | AD12: Boletines Técnicos de la Temática Educación | AE12: 040101700 | AF12: Boletines Técnicos de la Temática Educación Producidos | AG12: Número | AI12: 0007-(PE-CV) | AJ12: Conectividad vial | AK12: 62010030005 | AL12: 4151_Infraestructura | AM12: =Tabla1[[#This Row],[Códogo PE]]&": "&Tabla1[[#This Row],[Proyecto Estratégico]] -> 0007-(PE-CV): Conectividad vial
A13: SGP Propósito General Deporte | C13: 4143 | D13: Secretaría de Educación | F13: 6201002 | G13: Vivienda sostenible, saneamiento básico y servicios públicos | I13: 61010020007 | J13: Personas beneficiadas a través de estrategia para la atención y prevención de violencias basadas en género | L13: 61020010017-0112 | M13: A diciembre de 2027, se ha realizado 2 intervención de adecuación o mantenimiento, en sede educativa pública de la comuna 1 (previo concepto de viabilidad técnica) | O13: 2-310101001010202 | P13: 2.3.1.01.01.001.01.02.02 | Q13: Sueldo Directivo Docente Ssf | S13: 12200010 | T13: 1.2.2.0.00.10 | U13: Fondo de Promoción de la Movilidad Sostenible | W13: 21-Minas y energía | Y13: Decreto 411.2.010.20.0507 de 2017 Por el cual se da cumplimiento a la Sentencia T-291 de 20 de abril de 2009 y Auto A-117 de 6 de mayo de 2014 y se dictan otras disposiciones - política pública de recicladores de oficio | AC13: 0401019 | AD13: Boletines Técnicos de la Temática Industria | AE13: 040101900 | AF13: Boletines Técnicos de la Temática Industria producidos | AG13: Número | AI13: 0007-(PE-CV) | AJ13: Conectividad vial | AK13: 62010030011 | AL13: 4151_Infraestructura | AM13: =Tabla1[[#This Row],[Códogo PE]]&": "&Tabla1[[#This Row],[Proyecto Estratégico]] -> 0007-(PE-CV): Conectividad vial
A14: SGP Propósito General Otros Sectores | C14: 4145 | D14: Secretaría de Salud Pública | F14: 6201003 | G14: Movilidad segura y sostenible | I14: 61010020008 | J14: Personas beneficiadas a través de la promoción de los servicios de acceso a la justicia | L14: 62010010012-0113 | M14: A diciembre de 2027, se ha dotado 1 espacio cultural de la comuna | O14: NO* 2-3101010010103 | P14: NO* 2.3.1.01.01.001.01.03 | Q14: Sueldo básico Administrativo | S14: 12200011 | T14: 1.2.2.0.00.11 | U14: Recursos Convenio Municipio CDAV | W14: 22-Educación | Y14: Acuerdo 549 de 2022 Por el cual se adopta la política pública de turismo de Santiago de Cali 2022 - 2023 y se dictan otras disposiciones | AC14: 0401020 | AD14: Boletines Técnicos de la Temática Mercado Laboral | AE14: 040102000 | AF14: Boletines Técnicos de la Temática Mercado Laboral producidos | AG14: Número | AI14: 0008-(PE-CAJRC) | AJ14: Corredor ambiental del Jarillón del Río Cauca | AK14: 62020010004 | AL14: 4133_DAGMA | AM14: =Tabla1[[#This Row],[Códogo PE]]&": "&Tabla1[[#This Row],[Proyecto Estratégico]] -> 0008-(PE-CAJRC): Corredor ambiental del Jarillón del Río Cauca
C15: 4146 | D15: Secretaría de Bienestar Social | F15: 6201004 | G15: Planificación para el desarrollo | I15: 61010020009 | J15: Niñas y niños de primera infancia con experiencias en juego, lúdica y recreación beneficiados. | L15: 61020030011-0114 | M15: A diciembre de 2027, se han vinculado en procesos de educación informal al sector artístico y cultural a 900 personas de diferentes grupos poblacionales de la comuna | O15: 2-310101001010301 | P15: 2.3.1.01.01.001.01.03.01 | Q15: Sueldo Administrativo | S15: 12200012 | T15: 1.2.2.0.00.12 | U15: Participación en la Plusvalía | W15: 23-Tecnologías de la información y las comunicaciones | Y15: Acuerdo 560 de 2022 Por el cual se adopta la política pública del deporte, la recreación y la actividad física "Cali ciudad deportiva" y se dictan otras disposiciones. | AC15: 0401021 | AD15: Boletines Técnicos de la Temática Pobreza y Condiciones de Vida | AE15: 040102100 | AF15: Boletines Técnicos de la Temática Pobreza y Condiciones de Vida Producidos | AG15: Número | AI15: 0009-(PE-CSDC) | AJ15: CuidARTE - Sistema Distrital de Cuidado | AK15: 61020060006 | AL15: 4146_Bienestar Social | AM15: =Tabla1[[#This Row],[Códogo PE]]&": "&Tabla1[[#This Row],[Proyecto Estratégico]] -> 0009-(PE-CSDC): CuidARTE - Sistema Distrital de Cuidado
A16: SITUACIONES EXCEPCIONALES | C16: 4147 | D16: Secretaría de Vivienda Social y Hábitat | F16: 6202001 | G16: Protección ambiental y mitigación del cambio climático | I16: 61010020010 | J16: Niñas, niños de infancia, adolescencia, juventud y sus cuidadores con experiencias en juego, lúdica y recreación beneficiados . | L16: 61020030004-0115 | M16: A diciembre de 2027, se han realizado 6 eventos artisticos y culturales para promover la identidad y vocación cultural de la comuna | O16: 2-310101001010302 | P16: 2.3.1.01.01.001.01.03.02 | Q16: Incremento Por Antigüedad Administrativo | S16: 12200013 | T16: 1.2.2.0.00.13 | U16: Impuesto de Circulación y Tránsito Sobre Vehículos de Servicio Público - Tradicional | W16: 24-Transporte | Y16: Acuerdo 562 de 2022 Por medio del cual se adopta la política pública de derechos humanos 2022 - 2031 del distrito especial, deportivo, cultural, turístico, empresarial y de servicios de Santiago de Cali y se dictan otras disposiciones | AC16: 0401022 | AD16: Boletines Técnicos de la Temática Precios y Costos | AE16: 040102200 | AF16: Boletines Técnicos de la Temática Precios y Costos producidos | AG16: Número | AI16: 0010-(PE-ECPAZRC) | AJ16: Esquema para consolidar el abastecimiento y comercialización de productos agrícolas de la zona rural de Cali | AK16: 61020050007 | AL16: 4171_Desarrollo Económico | AM16: =Tabla1[[#This Row],[Códogo PE]]&": "&Tabla1[[#This Row],[Proyecto Estratégico]] -> 0010-(PE-ECPAZRC): Esquema para consolidar el abastecimiento y comercialización de productos agrícolas de la zona rural de Cali
A17: Ninguna | C17: 4148 | D17: Secretaría de Cultura | F17: 6202002 | G17: Gestión del Riesgo y Atención de Desastres | I17: 61010020011 | J17: Acciones pedagógicas, artísticas y culturales realizadas para el fortalecimiento de buenas prácticas ciudadanas | L17: 61020010017-0201 | M17: A diciembre de 2027, se ha realizado 10 intervención de adecuación o mantenimiento, en sede educativa pública de la comuna (previo concepto de viabilidad técnica) | O17: NO* 2-31010100102 | P17: NO* 2.3.1.01.01.001.02 | Q17: Horas extras, dominicales, festivos y recargos | S17: 12200014 | T17: 1.2.2.0.00.14 | U17: Otros derechos de Tránsito | W17: 25-Organismos de control | Y17: Acuerdo 501 de 2021 Por el cual se adopta la política pública de salud mental, convivencia social y abordaje del consumo de sustancias psicoactivas en el distrito especial, deportivo, cultural, turístico, empresarial y de servicios de Santiago de Cali "Tejiendo Caleñidad y ciudadanía afectiva" | AC17: 0401023 | AD17: Boletines Técnicos Temática de la Seguridad y Defensa | AE17: 040102300 | AF17: Boletines Técnicos Temática de la Seguridad y Defensa Producidos | AG17: Número | AI17: 0011-(PE-GA) | AJ17: Galería Alameda | AK17: 61020050006 | AL17: 4171_Desarrollo Económico | AM17: =Tabla1[[#This Row],[Códogo PE]]&": "&Tabla1[[#This Row],[Proyecto Estratégico]] -> 0011-(PE-GA): Galería Alameda
A18: Asociadas a fenomenos de origen biologico: plagas, epidemias | C18: 4151 | D18: Secretaría de Infraestructura | F18: 6202003 | G18: Protección animal | I18: 61010020012 | J18: Espacios de mediación, diálogo y reconciliación promovidos | L18: 61020010015-0202 | M18: A diciembre de 2027, se ha beneficiado a 5 sedes educativas oficiales con dotación | O18: 2-3101010010201 | P18: 2.3.1.01.01.001.02.01 | Q18: Horas extras, dominicales, festivos y recargos Docente | S18: 12200015 | T18: 1.2.2.0.00.15 | U18: Participación del impuesto sobre vehículos automotores | W18: 27-Rama judicial | Y18: Acuerdo 568 de 2023 Por el cual se adopta la política pública en cultura ciudadana en Santiago de Cali 2023 - 2032 y se dictan otras disposiciones | AC18: 0401024 | AD18: Boletines Técnicos de la Temática Tecnología e Innovación | AE18: 040102400 | AF18: Boletines Técnicos de la Temática Tecnología e Innovación producidos | AG18: Número | AI18: 0011-(PE-GA) | AJ18: Galería Alameda | AK18: 61020050008 | AL18: 4181_Bienes y Servicios | AM18: =Tabla1[[#This Row],[Códogo PE]]&": "&Tabla1[[#This Row],[Proyecto Estratégico]] -> 0011-(PE-GA): Galería Alameda
A19: Asociadas a fenomenos de origen humano no intencionales: aglomeracion de publico | C19: 4152 | D19: Secretaría de Movilidad | F19: 6301001 | G19: Ciudadanía activa | I19: 61010020013 | J19: Iniciativas de promoción de la Cultura Ciudadana, la paz, la reconciliación y la Justicia Comunitaria y Restaurativa apoyadas o creadas | L19: 62010040006-0203 | M19: A diciembre de 2027, se han capacitado 100 personas en conociemiento ambiental en el marco de la Política Pública de Educacón Ambiental | O19: 2-3101010010202 | P19: 2.3.1.01.01.001.02.02 | Q19: Horas extras, dominicales, festivos y recargos Directivo Docente | S19: 12200016 | T19: 1.2.2.0.00.16 | U19: Cobros por Estacionamiento en Espacio Público o en Lotes de Parqueo | W19: 28-Registraduría | Y19: Acuerdo 565 de 2023 Por el cual se adopta la política pública de ciencia, tecnología e innovación y se dictan otras disposiciones. | AC19: 0401026 | AD19: Cuadros de resultados para la temática agropecuaria | AE19: 040102600 | AF19: Cuadros de resultados para la temática agropecuaria producidos | AG19: Número | AI19: 0012-(PE-HT) | AJ19: Hub de Tecnología | AK19: 61020020013 | AL19: 4171_Desarrollo Económico | AM19: =Tabla1[[#This Row],[Códogo PE]]&": "&Tabla1[[#This Row],[Proyecto Estratégico]] -> 0012-(PE-HT): Hub de Tecnología
A20: Asociadas a fenomenos de origen natural: atmosfericos, hidrologicos, geologicos, otros. | C20: 4161 | D20: Secretaría de Seguridad y Justicia | F20: 6301002 | G20: Gobierno abierto | I20: 61010020014 | J20: Instancias Territoriales de Promoción de la Cultura Ciudadana, Derechos Humanos y Construcción de Paz fortalecidas | L20: 63010020005-0204 | M20: A diciembre de 2027, se ha implementado 1 (una) Plataforma tecnológica de monitoreo ambiental y en operación. | O20: 2-3101010010203 | P20: 2.3.1.01.01.001.02.03 | Q20: Horas extras, dominicales, festivos y recargos Administrtivo | S20: 12200017 | T20: 1.2.2.0.00.17 | U20: Sobretasa Gasol malla vial | W20: 29-Fiscalía | Y20: Ley 1448 de 2011 Política pública para la atención integral a víctimas del comflicto armado | AC20: 0401029 | AD20: Cuadros de resultados para la temática de comercio interno | AE20: 040102900 | AF20: Cuadros de Resultados Temática Comercio Interno producidos | AG20: Número | AI20: 0013-(PE-MEUDA) | AJ20: Multicampus Educativo y Universidad del Distrito de Aguablanca | AK20: 61020010013 | AL20: 4143_Educación | AM20: =Tabla1[[#This Row],[Códogo PE]]&": "&Tabla1[[#This Row],[Proyecto Estratégico]] -> 0013-(PE-MEUDA): Multicampus Educativo y Universidad del Distrito de Aguablanca
A21: Asociadas a fenomenos de origen socianatural: inundaciones, movimientos en masa, incedios forestales. | C21: 4162 | D21: Secretaría del Deporte y la Recreación | F21: 6302001 | G21: Fortalecimiento institucional | I21: 61010020015 | J21: Personas que participan en procesos pedagógicos de derechos humanos, cultura ciudadana y construcción de paz | L21: 62020010013-0205 | M21: A diciembre de 2027, se han adecuado o rehabilitado 6 parques y zonas verdes para la conservación ambiental de la comuna. | O21: NO* 2-31010100104 | P21: NO* 2.3.1.01.01.001.04 | Q21: Subsidio de alimentación | S21: 12200018 | T21: 1.2.2.0.00.18 | U21: Sobt gasol 97%(15%) S.I.T.M. | W21: 32-Ambiente y desarrollo sostenible | Y21: Resolución 2063 de 2017 Por la cual se adopta la Política de participación social en salud - PPSS | AC21: 0401031 | AD21: Cuadros de resultados para la temática de cultura | AE21: 040103100 | AF21: Cuadros de resultados para la temática de cultura producidos | AG21: Número | AI21: 0014-(PE-NSAREC) | AJ21: Nuevo sistema de acueducto para atender la redensificación o la expansión de Cali | AK21: 62010040012 | AL21: 5104_EMCALI | AM21: =Tabla1[[#This Row],[Códogo PE]]&": "&Tabla1[[#This Row],[Proyecto Estratégico]] -> 0014-(PE-NSAREC): Nuevo sistema de acueducto para atender la redensificación o la expansión de Cali
A22: Asociadas a fenomenos de origen tecnologico: quimicos, electricos, mecoanicos, termicos. | C22: 4163 | D22: Secretaría de Gestión del Riesgo de Emergencias y Desastres | F22: 6302002 | G22: Trámites rápidos y sin complicaciones | I22: 61010020016 | J22: Política pública de Barrismo formulada y presentada | L22: 61020020016-0206 | M22: A diciembre de 2027, se han fortalecido 300 personas del ecosistema empresarial. | O22: 2-3101010010401 | P22: 2.3.1.01.01.001.04.01 | Q22: Subsidio de alimentación Docente | S22: 12200019 | T22: 1.2.2.0.00.19 | U22: Impuesto a la Telefonía Urbana | W22: 33-Cultura | AC22: 0401032 | AD22: Cuadros de resultados para la temática de demografía y población | AE22: 040103200 | AF22: Cuadros de resultados para la temática de demografía y población producidos | AG22: Número | AI22: 0015-(PE-PPS50) | AJ22: Parque Predio SAE en La 50 | AK22: 62010010014 | AL22: 4162_Deporte y la Recreación | AM22: =Tabla1[[#This Row],[Códogo PE]]&": "&Tabla1[[#This Row],[Proyecto Estratégico]] -> 0015-(PE-PPS50): Parque Predio SAE en La 50
A23: Otras | C23: 4164 | D23: Secretaría de Paz y Cultura Ciudadana | I23: 61010020017 | J23: Política pública de Reconciliación para la Paz formulada | L23: 61020020018-0207 | M23: A diciembre de 2027, se han formado 300 personas de la Comuna en competencias laborales para cierre de brechas. | O23: 2-3101010010402 | P23: 2.3.1.01.01.001.04.02 | Q23: Subsidio de alimentación Directivo Docente | S23: 12200025 | T23: 1.2.2.0.00.25 | U23: Contribución fondo especial de intervenidas | W23: 35-Comercio, industria y turismo | AC23: 0401033 | AD23: Cuadros de Resultados temática Educación | AE23: 040103300 | AF23: Cuadros de Resultados temática Educación producidos | AG23: Número | AI23: 0016-(PE-PJAR) | AJ23: Paseo de Jovita al Río | AK23: 62010030001 | AL23: 4151_Infraestructura | AM23: =Tabla1[[#This Row],[Códogo PE]]&": "&Tabla1[[#This Row],[Proyecto Estratégico]] -> 0016-(PE-PJAR): Paseo de Jovita al Río
C24: 4171 | D24: Secretaría de Desarrollo Económico | I24: 61010030001 | J24: Adolescentes y/o jóvenes vinculados al Sistema de Responsabilidad Penal atendidos en programas de justicia juvenil restaurativa y terapéutica | L24: 61020030031-0208 | M24: A diciembre de 2027, se han apoyado 4 iniciativas de turismo de la comuna para el desarrollo local | O24: 2-3101010010403 | P24: 2.3.1.01.01.001.04.03 | Q24: Subsidio de alimentación Administrativo | S24: 12200027 | T24: 1.2.2.0.00.27 | U24: Contribución por el servicio de parqueadero o de estacionamiento en vía | W24: 36-Trabajo | AC24: 0401035 | AD24: Cuadros de resultados para la temática de industria | AE24: 040103500 | AF24: Cuadros de resultados para la temática de industria producidos | AG24: Número | AI24: 0017-(PE-PEMPGSE) | AJ24: Plan Especial de Manejo y Protección de la Galería Santa Elena | AK24: 61020050006 | AL24: 4171_Desarrollo Económico | AM24: =Tabla1[[#This Row],[Códogo PE]]&": "&Tabla1[[#This Row],[Proyecto Estratégico]] -> 0017-(PE-PEMPGSE) : Plan Especial de Manejo y Protección de la Galería Santa Elena
A25: GRUPOS VULNERABLES | C25: 4172 | D25: Secretaría de Turismo | I25: 61010030002 | J25: Jóvenes atendidos con enfoque diferencial, territorial y de género en estrategias de prevención social de la violencia | L25: 61020060011-0209 | M25: A diciembre de 2027, se han beneficiado 300 personas con discapacidad, sus familias y cuidadores con servicios de atención integral en la comuna | O25: NO* 2-31010100105 | P25: NO* 2.3.1.01.01.001.05 | Q25: Auxilio de transporte | S25: 12200028 | T25: 1.2.2.0.00.28 | U25: Contraprestaciones por el uso del espacio público | W25: 37-Interior | AC25: 0401036 | AD25: Cuadros de resultados para la temática de mercado laboral | AE25: 040103600 | AF25: Cuadros de Resultados temática Mercado Laboral producidos | AG25: Número | AI25: 0017-(PE-PEMPGSE) | AJ25: Plan Especial de Manejo y Protección de la Galería Santa Elena | AK25: 61020050008 | AL25: 4181_Bienes y Servicios | AM25: =Tabla1[[#This Row],[Códogo PE]]&": "&Tabla1[[#This Row],[Proyecto Estratégico]] -> 0017-(PE-PEMPGSE) : Plan Especial de Manejo y Protección de la Galería Santa Elena
A26: Niños, Niñas, Adolecentes y Jóvenes | C26: 4173 | D26: Secretaría de Desarrollo Territorial y Participación Ciudadana | I26: 61010030003 | J26: Personas vinculadas a programas de construcción de paz y promoción de la cultura ciudadana para la generación de oportunidades | L26: 61020060015-0210 | M26: A diciembre de 2027, se han beneficiado 300 personas mayores con servicios de atención integral en la comuna | O26: 2-3101010010501 | P26: 2.3.1.01.01.001.05.01 | Q26: Auxilio de transporte Docente | S26: 12200029 | T26: 1.2.2.0.00.29 | U26: Sobretasa Gasolina S.I.T.M. MIO | W26: 39-Ciencia, tecnología e innovación | AC26: 0401037 | AD26: Cuadros de resultados para la temática de pobreza y condiciones de vida | AE26: 040103700 | AF26: Cuadros de resultados para la temática de pobreza y condiciones de vida producidos | AG26: Número | AI26: 0018-(PE-PF) | AJ26: Plan Farallones | AK26: 62020010020 | AL26: 4161_Seguridad y Justicia | AM26: =Tabla1[[#This Row],[Códogo PE]]&": "&Tabla1[[#This Row],[Proyecto Estratégico]] -> 0018-(PE-PF): Plan Farallones
A27: Adulto Mayor | C27: 4181 | D27: Unidad Administrativa Especial de Gestión de Bienes y Servicios | I27: 61010040001 | J27: Espacios generados para la consolidación del sistema local de justicia de Cali | L27: 61010030002-0211 | M27: A diciembre de 2027, se han atendido 60 personas en estrategias de prevención social de la violencia | O27: 2-3101010010502 | P27: 2.3.1.01.01.001.05.02 | Q27: Auxilio de transporte Directivo Docente | S27: 123101 | T27: 1.2.3.1.01 | U27: Sobretasa / participación ambiental - Corporaciones Autónomas Regionales | W27: 40-Vivienda, ciudad y territorio | AC27: 0401038 | AD27: Cuadros de resultados para la temática de precios y costos | AE27: 040103800 | AF27: Cuadros de resultados para la temática de precios y costos producidos | AG27: Número | AI27: 0019-(PE-PRCD) | AJ27: Planta Residuos de Construcción y Demolición | AK27: 62020010023 | AL27: 4182_UAESP | AM27: =Tabla1[[#This Row],[Códogo PE]]&": "&Tabla1[[#This Row],[Proyecto Estratégico]] -> 0019-(PE-PRCD): Planta Residuos de Construcción y Demolición
A28: Víctimas | C28: 4182 | D28: Unidad Administrativa Especial de Servicios Públicos | I28: 61010040002 | J28: Estrategias de fortalecimiento a funciones operativas, forenses, investigación y judicialización de las agencias de seguridad implementadas | L28: 62010010014-0212 | M28: A diciembre de 2027, se ha realizado 6 intervenciones de adecuación o mantenimiento a escenarios deportivos y recreativos de la comuna (previo concepto técnico). | O28: 2-3101010010503 | P28: 2.3.1.01.01.001.05.03 | Q28: Auxilio de transporte Administrativo | S28: 12310301 | T28: 1.2.3.1.03.01 | U28: Impuesto de Circulación y Tránsito Sobre Vehículos de Servicio Público - S.I.T.MIO | W28: 41-Inclusión social y reconciliación | AC28: 0401039 | AD28: Cuadros de resultados para la temática de salud | AE28: 040103900 | AF28: Cuadros de Resultados temática Salud producidos | AG28: Número | AI28: 0020-(PE-PC) | AJ28: PTAR Cañaveralejo | AK28: 62010020010 | AL28: 5104_EMCALI | AM28: =Tabla1[[#This Row],[Códogo PE]]&": "&Tabla1[[#This Row],[Proyecto Estratégico]] -> 0020-(PE-PC): PTAR Cañaveralejo
A29: Discapacidad | C29: 4183 | D29: Unidad Administrativa Especial de Protección Animal | I29: 61010040003 | J29: Estrategias implementadas para la gestión territorial de la seguridad y convivencia | L29: 61020030022-0213 | M29: A diciembre de 2027, se han vinculado 1500 Niñas, niños, adolescentes, jóvenes, adultos y adultos mayores (incluidos con discapacidad) a actividades deportivas y aprovechamiento del tiempo libre. | O29: NO* 2-31010100106 | P29: NO* 2.3.1.01.01.001.06 | Q29: Prima de servicio | S29: 12310302 | T29: 1.2.3.1.03.02 | U29: Impuesto de Circulación y Tránsito Sobre Vehículos de Servicio Público - Tradicional | W29: 42-Inteligencia | AC29: 0401040 | AD29: Cuadros de resultados para la temática de seguridad y defensa | AE29: 040104000 | AF29: Cuadros de resultados para la temática de seguridad y defensa producidos | AG29: Número | AI29: 0021-(PE-PS) | AJ29: PTAR sur | AK29: 62010020010 | AL29: 5104_EMCALI | AM29: =Tabla1[[#This Row],[Códogo PE]]&": "&Tabla1[[#This Row],[Proyecto Estratégico]] -> 0021-(PE-PS): PTAR sur
A30: Mujeres | I30: 61010040004 | J30: Estudios técnicos en seguridad y convivencia realizados | L30: 61020030017-0214 | M30: A diciembre de 2027 se han realizado 4 eventos deportivos y recreativos en la comuna. | O30: 2-3101010010601 | P30: 2.3.1.01.01.001.06.01 | Q30: Prima de servicio Docente | S30: 12310501 | T30: 1.2.3.1.05.01 | U30: Impuesto de Alumbrado Público - Predio Lotes | W30: 43-Deporte y recreación | AC30: 0401041 | AD30: Cuadros de resultados para la temática de servicios | AE30: 040104100 | AF30: Cuadros de resultados para la temática de Servicio producidos | AG30: Número | AI30: 0022-(PE-RIAP) | AJ30: Red inteligente de alumbrado público | AK30: 61010010002 | AL30: 4182_UAESP | AM30: =Tabla1[[#This Row],[Códogo PE]]&": "&Tabla1[[#This Row],[Proyecto Estratégico]] -> 0022-(PE-RIAP): Red inteligente de alumbrado público
A31: Etnias | I31: 61010040005 | J31: Infraestructura de seguridad y justicia mejorada | L31: 61020020016-0301 | M31: A diciembre de 2027, se han fortalecido 400 personas del ecosistema empresarial. | O31: 2-3101010010602 | P31: 2.3.1.01.01.001.06.02 | Q31: Prima de servicio Directivo Docente | S31: 12310502 | T31: 1.2.3.1.05.02 | U31: Impuesto de Alumbrado Público EMCALI y Otros Comercializadores | W31: 44-Sistema integral de verdad, justicia, reparación y no repetición | AC31: 0401042 | AD31: Cuadros de resultados para la temática de tecnología e innovación | AE31: 040104200 | AF31: Cuadros de Resultados temática Tecnología e Innovación producidos | AG31: Número | AI31: 0022-(PE-RIAP) | AJ31: Red inteligente de alumbrado público | AK31: 61010010004 | AL31: 4182_UAESP | AM31: =Tabla1[[#This Row],[Códogo PE]]&": "&Tabla1[[#This Row],[Proyecto Estratégico]] -> 0022-(PE-RIAP): Red inteligente de alumbrado público
A32: Equidad de Genero | I32: 61010040006 | J32: Personas beneficiadas con estrategia para la atención y garantía de derechos de la población privada de la libertad | L32: 61020020018-0302 | M32: A diciembre de 2027, se han formado 150 personas del corregimiento en competencias laborales para cierre de brechas. | O32: 2-3101010010603 | P32: 2.3.1.01.01.001.06.03 | Q32: Prima de servicio Administrativo | S32: 12310503 | T32: 1.2.3.1.05.03 | U32: Alumb Acdo 357 (10% navideño) | W32: 45-Gobierno territorial | AC32: 0401043 | AD32: Cuadros de resultados para la temática de transporte | AE32: 040104300 | AF32: Cuadros de resultados para la temática de transporte producidos | AG32: Número | AI32: 0023-(PE-RCH) | AJ32: Renovación del centro histórico | AK32: 62010030001 | AL32: 4151_Infraestructura | AM32: =Tabla1[[#This Row],[Códogo PE]]&": "&Tabla1[[#This Row],[Proyecto Estratégico]] -> 0023-(PE-RCH): Renovación del centro histórico
I33: 61010040007 | J33: Política Pública de Seguridad y Convivencia Ciudadana formulada y presentada | L33: 63010010006-0303 | M33: A diciembre de 2027, se han intervenido 4 sedes comunales de propiedad del Distrito. | O33: NO* 2-31010100107 | P33: NO* 2.3.1.01.01.001.07 | Q33: Bonificación por servicios prestados | S33: 12310504 | T33: 1.2.3.1.05.04 | U33: Impuesto de Alumbrado Público Liquidación Directa | AC33: 0401060 | AD33: Cuadros de Resultados para la temática construcción | AE33: 040106000 | AF33: Cuadros de Resultados para la temática construcción Producidos | AG33: Número | AI33: 0024-(PE-RMPU) | AJ33: Renovación y mejora de parques urbanos | AK33: 62020010013 | AL33: 4133_DAGMA | AM33: =Tabla1[[#This Row],[Códogo PE]]&": "&Tabla1[[#This Row],[Proyecto Estratégico]] -> 0024-(PE-RMPU): Renovación y mejora de parques urbanos
A34: ESTRATÉGICOS | I34: 61010040008 | J34: Subsistema de videovigilancia fortalecido y funcionando | L34: 61010020011-0304 | M34: A diciembre de 2027, se han realizado 4 acciones pedagógicas, artísticas y culturales para el fortalecimiento de buenas prácticas de Cultura Ciudadana en la comuna | O34: 2-3101010010701 | P34: 2.3.1.01.01.001.07.01 | Q34: Bonificación por servicios prestados Docente | S34: 123112 | T34: 1.2.3.1.12 | U34: Impuesto de espectáculos públicos nacional con destino al deporte | AC34: 0401061 | AD34: Bases de datos de la Temática Agropecuaria | AE34: 040106100 | AF34: Bases de datos de la Temática Agropecuaria Generadas | AG34: Número | AI34: 0025-(PE-RTM) | AJ34: Restauración del Teatro Municipal | AK34: 62010010011 | AL34: 4148_Cultura | AM34: =Tabla1[[#This Row],[Códogo PE]]&": "&Tabla1[[#This Row],[Proyecto Estratégico]] -> 0025-(PE-RTM): Restauración del Teatro Municipal
A35: 0001-(PE-ASITM): Ampliación del Sistema Integrado de Transporte Masivo MIO | I35: 61020010001 | J35: Personas formadas en el uso y apropiación de tecnologías de la información y las comunicaciones (TIC) en el Distrito de Santiago de Cali | L35: 61020030022-0305 | M35: A diciembre de 2027, se han vinculado 1890 Niñas, niños, adolescentes, jóvenes, adultos y adultos mayores (incluidos con discapacidad) a actividades deportivas y aprovechamiento del tiempo libre. | O35: 2-3101010010702 | P35: 2.3.1.01.01.001.07.02 | Q35: Bonificación por servicios prestados Directivo Docente | S35: 123114 | T35: 1.2.3.1.14 | U35: Sobretasa Bomberil | AC35: 0401062 | AD35: Bases de datos de la Temática Ambiental | AE35: 040106200 | AF35: Bases de datos de la Temática Ambiental Generadas | AG35: Número | AI35: 0026-(PE-RIESL) | AJ35: Restauración Institución Educativa Santa Librada | AK35: 61020010016 | AL35: 4143_Educación | AM35: =Tabla1[[#This Row],[Códogo PE]]&": "&Tabla1[[#This Row],[Proyecto Estratégico]] -> 0026-(PE-RIESL): Restauración Institución Educativa Santa Librada
A36: 0002-(PE- BAS): Bulevar de la avenida sexta | I36: 61020010002 | J36: Observatorio de educación en operación | L36: 61020030017-0306 | M36: A diciembre de 2027 se han realizado 7 eventos deportivos y recreativos en la comuna | O36: 2-3101010010703 | P36: 2.3.1.01.01.001.07.03 | Q36: Bonificación por servicios prestados Administrativo | S36: 12311401 | T36: 1.2.3.1.14.01 | U36: Impuesto de Alumbrado Público - Predio Lotes | AC36: 0401064 | AD36: Bases de datos de la Temática de Comercio Interno | AE36: 040106400 | AF36: Bases de datos de la Temática de Comercio interno Generadas | AG36: Número | AI36: 0027-(PE-RSBO) | AJ36: Ruta de la Salsa del Barrio Obrero | AK36: 61020030005 | AL36: 4148_Cultura | AM36: =Tabla1[[#This Row],[Códogo PE]]&": "&Tabla1[[#This Row],[Proyecto Estratégico]] -> 0027-(PE-RSBO): Ruta de la Salsa del Barrio Obrero
A37: 0003-(PE-CF): Canal Figueroa | I37: 61020010003 | J37: Establecimientos educativos en operación | L37: 61020030011-0307 | M37: A diciembre de 2027, se han vinculado en procesos de educación informal del sector artistico y cultural a 1442 personas de diferentes grupos poblacionales de la comuna | O37: NO* 2-31010100108 | P37: NO* 2.3.1.01.01.001.08 | Q37: Prestaciones sociales | S37: 12311402 | T37: 1.2.3.1.14.02 | U37: Impuesto de Alumbrado Público EMCALI y Otros Comercializadores | AC37: 0401065 | AD37: Bases de datos de la Temática de Construcción | AE37: 040106500 | AF37: Bases de datos de la Temática de Construcción Generadas | AG37: Número | AI37: 0028-(PE-SENA) | AJ37: SENA - campus centro | AK37: 61020020018 | AL37: 4171_Desarrollo Económico | AM37: =Tabla1[[#This Row],[Códogo PE]]&": "&Tabla1[[#This Row],[Proyecto Estratégico]] -> 0028-(PE-SENA): SENA - campus centro
A38: 0004-(PE-CAR): Centro de Alto Rendimiento | I38: 61020010004 | J38: Estudiantes atendidos a través de Metodologías Educativas Flexibles para la población en extraedad, educación formal de jóvenes y adultos y apoyo académico especial y emocional | L38: 61020030004-0308 | M38: A diciembre de 2027, se han realizado 7 eventos artísticos y culturales para promover la identidad y vocación cultural de la comuna | O38: NO* 2-3101010010801 | P38: NO* 2.3.1.01.01.001.08.01 | Q38: Prima de navidad | S38: 12311403 | T38: 1.2.3.1.14.03 | U38: Alumb Acdo 357 (10% navideño) | AC38: 0401066 | AD38: Bases de datos de la Temática de Cultura | AE38: 040106600 | AF38: Bases de datos de la Temática de Cultura Generadas | AG38: Número | AI38: 0029-(PE-TDC) | AJ38: Tren de Cercanías | AK38: 62010040005 | AL38: 4132_Planeación | AM38: =Tabla1[[#This Row],[Códogo PE]]&": "&Tabla1[[#This Row],[Proyecto Estratégico]] -> 0029-(PE-TDC): Tren de Cercanías
A39: 0005-(PE-CCAT): Centro de Ciencia, Arte y Tecnología | I39: 61020010005 | J39: Estudiantes de las IEO con apoyo financiero para el ingreso y permanencia a programas técnicos, técnico profesional, tecnólogicos y/o profesional | L39: 61020010017-0309 | M39: A diciembre de 2027, se ha realizado 9 intervención de adecuación o mantenimiento en sedes educativa pública de la comuna (previo concepto de viabilidad técnica) | O39: 2-310101001080101 | P39: 2.3.1.01.01.001.08.01.01 | Q39: Prima de Navidad Docente | S39: 12311404 | T39: 1.2.3.1.14.04 | U39: Impuesto de Alumbrado Público Liquidación Directa | AC39: 0401068 | AD39: Bases de datos de la Temática de Educación | AE39: 040106800 | AF39: Bases de datos de la Temática de Educación Generadas | AG39: Número | AI39: 0029-(PE-TDC) | AJ39: Tren de Cercanías | AK39: 62010030004 | AL39: 4151_Infraestructura | AM39: =Tabla1[[#This Row],[Códogo PE]]&": "&Tabla1[[#This Row],[Proyecto Estratégico]] -> 0029-(PE-TDC): Tren de Cercanías
A40: 0006-(PE-CIGRED): Centro Integral para la Gestión del Riesgo de Emergencias y Desastres - CIGRED | I40: 61020010006 | J40: Estudiantes de las Instituciones Educativas Oficiales beneficiados con estrategia de Transporte Escolar. | L40: 61020020016-0401 | M40: A diciembre de 2027, se han fortalecido 480 personas del ecosistema empresarial. | O40: 2-310101001080102 | P40: 2.3.1.01.01.001.08.01.02 | Q40: Prima de Navidad Directivo Docente | S40: 123115 | T40: 1.2.3.1.15 | U40: Sobretasa bomberil | AC40: 0401069 | AD40: Bases de datos de la Temática de Gobierno | AE40: 040106900 | AF40: Bases de datos de la Temática de Gobierno Generadas | AG40: Número | AI40: 0029-(PE-TDC) | AJ40: Tren de Cercanías | AK40: 62010030010 | AL40: 4151_Infraestructura | AM40: =Tabla1[[#This Row],[Códogo PE]]&": "&Tabla1[[#This Row],[Proyecto Estratégico]] -> 0029-(PE-TDC): Tren de Cercanías
A41: 0007-(PE-CV): Conectividad vial | I41: 61020010007 | J41: Estudiantes pertenecientes a grupos vulnerables atendidos con estrategias de educación inclusiva | L41: 61020020018-0402 | M41: A diciembre de 2027, se han formado 150 personas de la Comuna en competencias laborales para cierre de brechas. | O41: 2-310101001080103 | P41: 2.3.1.01.01.001.08.01.03 | Q41: Prima de Navidad Administrativo | S41: 123116 | T41: 1.2.3.1.16 | U41: Impuesto de transporte por oleoductos y gasoductos | AC41: 0401070 | AD41: Bases de datos de la Temática de Industria | AE41: 040107000 | AF41: Bases de datos de la Temática de Industria Generadas | AG41: Número
A42: 0008-(PE-CAJRC): Corredor ambiental del Jarillón del Río Cauca | I42: 61020010008 | J42: Etapas para la formulación y adopción del plan decenal para el sector educativo | L42: 61020010001-0403 | M42: A diciembre de 2027, se han formado 100 personas de la Comuna en el uso y apropiación de tecnologías de la información y las comunicaciones (TIC) | O42: NO* 2-3101010010802 | P42: NO* 2.3.1.01.01.001.08.02 | Q42: Prima de vacaciones | S42: 123117 | T42: 1.2.3.1.17 | U42: Sobretasa de solidaridad servicios públicos acueducto, aseo y alcantarillado | AC42: 0401071 | AD42: Bases de datos de la Temática de Precios y Costos | AE42: 040107100 | AF42: Bases de datos de la Temática de Precios y Costos Generadas | AG42: Número
A43: 0009-(PE-CSDC): CuidARTE - Sistema Distrital de Cuidado | I43: 61020010009 | J43: IEO con estrategias de mejoramiento en competencias comunicativas de lengua extranjera | L43: 62010010014-0404 | M43: A diciembre de 2027, se ha realizado 3 intervenciones de adecuación o mantenimiento a escenarios deportivos y recreativos de la Comuna (previo concepto técnico). | O43: 2-310101001080201 | P43: 2.3.1.01.01.001.08.02.01 | Q43: Prima de Vacaciones Docente | S43: 123118 | T43: 1.2.3.1.18 | U43: Sobretasa de solidaridad servicios públicos acueducto, aseo y alcantarillado | AC43: 0401072 | AD43: Bases de datos de la Temática de Servicios | AE43: 040107200 | AF43: Bases de datos de la Temática de Servicios Generadas | AG43: Número
A44: 0010-(PE-ECPAZRC): Esquema para consolidar el abastecimiento y comercialización de productos agrícolas de la zona rural de Cali | I44: 61020010010 | J44: Instituciones Educativas Oficiales con implementación de la estrategia de atención integral en convivencia escolar | L44: 61020030022-0405 | M44: A diciembre de 2027, se han vinculado 1700 Niñas, niños, adolescentes, jóvenes, adultos y adultos mayores (incluidos con discapacidad) a actividades deportivas y aprovechamiento del tiempo libre. | O44: 2-310101001080202 | P44: 2.3.1.01.01.001.08.02.02 | Q44: Prima de Vacaciones Directivo Docente | S44: 12311801 | T44: 1.2.3.1.18.01 | U44: Tasa Prodeporte 10% Alimentación y transporte | AC44: 0401073 | AD44: Bases de datos de la Temática de Tecnología e Innovación | AE44: 040107300 | AF44: Bases de datos de la Temática de Tecnología e Innovación Generadas | AG44: Número
A45: 0011-(PE-GA): Galería Alameda | I45: 61020010011 | J45: Instituciones Educativas Oficiales con estrategias de innovación curricular | L45: 61020030017-0406 | M45: A diciembre de 2027 se han realizado 3 eventos deportivos y recreativos en la Comuna. | O45: 2-310101001080203 | P45: 2.3.1.01.01.001.08.02.03 | Q45: Prima de Vacaciones Administrativo | S45: 12311802 | T45: 1.2.3.1.18.02 | U45: Tasa Prodeporte 90% Manifestaciones deportivas y recreativas | AC45: 0401074 | AD45: Bases de datos de la Temática de Transporte | AE45: 040107400 | AF45: Bases de datos de la Temática de Transporte Generadas | AG45: Número
A46: 0012-(PE-HT): Hub de Tecnología | I46: 61020010012 | J46: Instituciones educativas oficiales fortalecidas en sus condiciones para la atención integral en educación inicial | L46: 61020030011-0407 | M46: A diciembre de 2027, se han vinculado en procesos de educación informal del sector artistico y cultural a 2258 personas de diferentes grupos poblacionales de la Comuna. | O46: NO* 2-310101002 | P46: NO* 2.3.1.01.01.002 | Q46: Factores salariales especiales | S46: 12311901 | T46: 1.2.3.1.19.01 | U46: Estampilla procultura | AC46: 0401087 | AD46: Boletines Técnicos de la Cuenta Satélite de Cultura Bogotá | AE46: 040108700 | AF46: Boletines Técnicos de la Cuenta Satélite de Cultura Bogotá producidos | AG46: Número
A47: 0013-(PE-MEUDA): Multicampus Educativo y Universidad del Distrito de Aguablanca | I47: 61020010013 | J47: Multicampus educativo del oriente de Santiago de Cali en funcionamiento | L47: 61020060011-0408 | M47: A diciembre de 2027, se han beneficiado 236 personas con discapacidad, sus familias y cuidadores con servicios de atención integral en la Comuna | O47: NO* 2-31010100231 | P47: NO* 2.3.1.01.01.002.31 | Q47: Bonificación Pedagógica Docentes Prescolar, Básica y Media | S47: 12311902 | T47: 1.2.3.1.19.02 | U47: Estampilla Procultura Fonpet 20% | AC47: 0401094 | AD47: Servicio de asistencia técnica para el fortalecimiento de la capacidad estadística | AE47: 040109400 | AF47: Entidades del Sistema Estadístico Nacional asistidas técnicamente | AG47: Número
A48: 0014-(PE-NSAREC): Nuevo sistema de acueducto para atender la redensificación o la expansión de Cali | I48: 61020010014 | J48: Plan Maestro de Infraestructura Educativa formulado | L48: 61020010017-0409 | M48: A diciembre de 2027, se ha realizado 8 intervención de adecuación o mantenimiento , en sede educativa pública de la Comuna (previo concepto de viabilidad técnica) | O48: 2-3101010023101 | P48: 2.3.1.01.01.002.31.01 | Q48: Bonificación Pedagógica Docentes | S48: 12311903 | T48: 1.2.3.1.19.03 | U48: Estampilla procultura Ley 397/97 (seguridad social de los gestores culturales 10%) | AC48: 0401102 | AD48: Servicio de información implementado | AE48: 040110200 | AF48: Sistemas de información implementados | AG48: Número
A49: 0015-(PE-PPS50): Parque Predio SAE en La 50 | I49: 61020010015 | J49: Sedes educativas oficiales beneficiadas con dotación | L49: 61020010015-0410 | M49: A diciembre de 2027, se ha beneficiado con 1 dotaciones a las sedes educativas oficiales de la Comuna | O49: 2-3101010023102 | P49: 2.3.1.01.01.002.31.02 | Q49: Bonificacion Pedagogica Directivo Docente | S49: 12311904 | T49: 1.2.3.1.19.04 | U49: Estampilla procultura ley 1379/2010 (Red Nacional de bibliotecas 10%) | AC49: 0401103 | AD49: Documentos metodológicos | AE49: 040110300 | AF49: Documentos metodológicos elaborados | AG49: Número
A50: 0016-(PE-PJAR): Paseo de Jovita al Río | I50: 61020010016 | J50: Sedes educativas oficiales con Infraestructura física nueva, adquirida, construida y/o restaurada | L50: 61020030011-0501 | M50: A, diciembre de 2027, se han vinculado en procesos de educación informal del sector artístico y cultural a 890 personas de diferentes grupos poblacionales de la Comuna. | O50: NO* 2-31010100232 | P50: NO* 2.3.1.01.01.002.32 | Q50: Sobresueldo docentes y directivos docentes Prescolar, Básica y Media | S50: 12311905 | T50: 1.2.3.1.19.05 | U50: Estampilla procultura acuerdo 232 (conservacion patrimonio cultural 5%) | AC50: 0401104 | AD50: Documentos de estudios técnicos | AE50: 040110400 | AF50: Documentos de estudios técnicos realizados | AG50: Número
A51: 0017-(PE-PEMPGSE) : Plan Especial de Manejo y Protección de la Galería Santa Elena | I51: 61020010017 | J51: Sedes educativas oficiales con infraestructura mejorada | L51: 61020030004-0502 | M51: A, diciembre de 2027, se han realizado 6 eventos artísticos y culturales para promover la identidad y vocación cultural de la comuna | O51: 2-3101010023201 | P51: 2.3.1.01.01.002.32.01 | Q51: Sobresueldo docentes Prescolar, Básica y Media | S51: 12311906 | T51: 1.2.3.1.19.06 | U51: Estampilla procultura acuerdo 0313 (fin inst popular de cultura 7% del 60%) | AC51: 0401105 | AD51: Servicio de estratificación socioeconómica | AE51: 040110500 | AF51: Predios con estratificación socioeconómica | AG51: Número
A52: 0018-(PE-PF): Plan Farallones | I52: 61020010018 | J52: Sedes educativas oficiales con servicio de conectividad mejorado | L52: 61020020016-0503 | M52: A, diciembre de 2027, se han fortalecido 280 personas del ecosistema empresarial. | O52: 2-3101010023202 | P52: 2.3.1.01.01.002.32.02 | Q52: Sobresueldo directivos docentes Prescolar, Básica y Media | S52: 12311907 | T52: 1.2.3.1.19.07 | U52: Estampilla Procultura Finan. Inst.Univ.IPC | AC52: 0401106 | AD52: SERVICIO DE APOYO A LA GESTIÓN DE CONOCIMIENTO Y CONSOLIDACIÓN DE LA CULTURA ESTADÍSTICA | AE52: 040110600 | AF52: Estrategias implementadas | AG52: Número
... A63: 0029-(PE-TDC): Tren de Cercanías | I63: 61020020011 | J63: Fases de la infraestructura para la apropiación de la ciencia, la tecnología y la innovación construidas | L63: 61020010015-0602 | M63: A diciembre de 2027, se ha beneficiado con (4) dotaciones a las sedes educativas oficiales del corregimiento | O63: 2-31010200202 | P63: 2.3.1.01.02.002.02 | Q63: Aportes a la seguridad social en salud Directivo Docente SSF | S63: 12311947 | T63: 1.2.3.1.19.47 | U63: Estampilla Prodesarrollo Urbano (5% Alimentación escolar) | AC63: 0406011 | AD63: Información geodésica actualizada | AE63: 040601100 | AF63: Área con información geodésica actualizada | AG63: Hectáreas
I64: 61020020012 | J64: Infraestructura para la apropiación de la ciencia, la tecnología y la innovación operando | L64: 61020030011-0603 | M64: A diciembre de 2027, se han vinculado en procesos de educación informal del sector artístico y cultural a (1150) personas de diferentes grupos poblacionales del corregimiento. | O64: 2-31010200203 | P64: 2.3.1.01.02.002.03 | Q64: Aportes a la seguridad social en salud Administrativo | S64: 12311948 | T64: 1.2.3.1.19.48 | U64: Estampilla Prodesarrollo Urbano (5% Adulto mayor ) | AC64: 0406012 | AD64: Información básica para suelos generada | AE64: 040601200 | AF64: Área con información básica para suelos generada | AG64: Hectáreas
I65: 61020020013 | J65: Iniciativas implementadas para el fortalecimiento del ecosistema empresarial I+D+i (Investigación, Desarrollo e Innovación) | L65: 61020030004-0604 | M65: A diciembre de 2027, se han realizado (26) eventos artísticos y culturales para promover la identidad y vocación cultural del corregimiento | O65: NO* 2-310102003 | P65: NO* 2.3.1.01.02.003 | Q65: Aportes de cesantías | S65: 12311949 | T65: 1.2.3.1.19.49 | U65: Estampilla Prodesarrollo Urbano (5% Discapacidad y enfermedades huérfanas) | AC65: 0406013 | AD65: Información agrológica de suelos levantada | AE65: 040601300 | AF65: Áreas con levantamiento agrológico de suelos | AG65: Hectáreas
I66: 61020020014 | J66: Investigaciones en matería de economía, politicas públicas,competitividad y empleabilidad elaborados | L66: 62010010014-0605 | M66: A diciembre de 2027, se ha realizado (9) intervenciones de adecuación o mantenimiento a escenarios deportivos y recreativos de la comuna o del corregimiento (previo concepto técnico). | O66: 2-31010200301 | P66: 2.3.1.01.02.003.01 | Q66: Aportes Cesantias Docentes SSF | S66: 12311950 | T66: 1.2.3.1.19.50 | U66: Estampilla Prodesarrollo Urbano (5% Capital semilla) | AC66: 0406014 | AD66: Servicio de análisis químicos, físicos, mineralógicos y biológicos de suelos | AE66: 040601400 | AF66: Pruebas químicos, físicos, mineralógicos y biológicos de suelos realizadas | AG66: Número
I67: 61020020015 | J67: Personas certificadas en competencias laborales para el cierre de brechas de capital humano | L67: 61020030022-0606 | M67: A diciembre de 2027, se han vinculado 2.010 Niñas, niños, adolescentes, jóvenes, adultos y adultos mayores (incluidos con discapacidad) vinculados a actividades deportivas y aprovechamiento del tiempo libre. | O67: 2-31010200302 | P67: 2.3.1.01.02.003.02 | Q67: Aportes Cesantias Directivo Docentes SSF | S67: 12311957 | T67: 1.2.3.1.19.57 | U67: Estampilla Prodesarrollo Urbano-Bilinguismo | AC67: 0406016 | AD67: Servicio de actualización catastral con enfoque multipropósito | AE67: 040601600 | AF67: Área geográfica actualizada catastralmente con enfoque multipropósito | AG67: Número
I68: 61020020016 | J68: Personas del ecosistema empresarial fortalecidas | L68: 61020030017-0607 | M68: A diciembre de 2027 se han realizado (4 ) eventos deportivos y recreativos en la comuna o en el corregimiento. | O68: 2-31010200303 | P68: 2.3.1.01.02.003.03 | Q68: Aportes Cesantias Administrativos Fondo Publico | S68: 12311958 | T68: 1.2.3.1.19.58 | U68: Estampilla Prodesarrollo Finan. Inst. Univ. IPC | AC68: 0406017 | AD68: Servicios de Investigación, Desarrollo e Innovación geoespacial | AE68: 040601700 | AF68: Proyectos de Investigación, Desarrollo e innovación en tecnologías geoespaciales realizados | AG68: Número
I69: 61020020017 | J69: Personas formadas en bilingüismo para el cierre de brechas de capital humano | L69: 61020040013-0608 | M69: A diciembre de 2027, se han fortalecido (600) estrategias de gestión del riesgo en temas de salud mental en la población residente en el corregimiento | O69: NO* 2-31010200305 | P69: NO* 2.3.1.01.02.003.05 | Q69: Intereses a las Cesantias | S69: 123201 | T69: 1.2.3.2.01 | U69: Contribución sobre Contratos de Obra Pública | AC69: 0406018 | AD69: Información Geoespacial Actualizada | AE69: 040601800 | AF69: Niveles de información geoespacial dispuestos | AG69: Número
I70: 61020020018 | J70: Personas formadas en competencias laborales para el cierre de brechas de capital humano | L70: 61020040001-0609 | M70: A diciembre de 2027, se han capacitado (150) personas con estrategias de promoción para el cuidado de la salud y la vida en el corregimiento | O70: 2-3101020030503 | P70: 2.3.1.01.02.003.05.03 | Q70: Intereses de Cesantias Administrativos | S70: 12320201 | T70: 1.2.3.2.02.01 | U70: Concurso Económico - Estratificación | AC70: 0406020 | AD70: Productos Agrológicos | AE70: 040602000 | AF70: Productos Agrologicos generados | AG70: Número
I71: 61020020019 | J71: Iniciativas de economia verde implementadas | L71: 61020060011-0610 | M71: A diciembre de 2027, se han beneficiado (450) personas con discapacidad, sus familias y cuidadores con servicios de atención integral en la comuna | O71: NO* 2-310102004 | P71: NO* 2.3.1.01.02.004 | Q71: Aportes a cajas de compensación familiar | S71: 12320202 | T71: 1.2.3.2.02.02 | U71: Contribución Sector Eléctrico | AC71: 0406021 | AD71: Mapas Temáticos | AE71: 040602100 | AF71: Mapas Temáticos desarrollados | AG71: Número
I72: 61020030001 | J72: Creadores y gestores culturales beneficiados con seguridad social en el marco de la ley 666 de 2001 y decretos reglamentarios | L72: 61020060015-0611 | M72: A diciembre de 2027, se han beneficiado (450) personas mayores con servicios de atención integral en la comuna | O72: 2-31010200401 | P72: 2.3.1.01.02.004.01 | Q72: Aportes a cajas de compensación familiar Docente | S72: 12320203 | T72: 1.2.3.2.02.03 | U72: Cuotas de auditaje | AC72: 0406022 | AD72: Documentos de lineamientos técnicos | AE72: 040602200 | AF72: Documentos de lineamientos técnicos elaborados | AG72: Número
I73: 61020030002 | J73: Contenidos artísticos y culturales en circulación | L73: 61020060014-0612 | M73: A diciembre de 2027, se han beneficiado (200) personas LGBTIQ+ con la atención integral en el marco del enfoque diferencial de diversidad sexual y de género, en la comuna. | O73: 2-31010200402 | P73: 2.3.1.01.02.004.02 | Q73: Aportes a cajas de compensación familiar Directivo Docente | S73: 123203 | T73: 1.2.3.2.03 | U73: Tasas retributivas | AC73: 1202001 | AD73: Casas de Justicia en operación | AE73: 120200100 | AF73: Casas de justicia en operación | AG73: Número
I74: 61020030003 | J74: Estímulos otorgados en el sector artístico y cultural | L74: 61020020002-0613 | M74: A diciembre de 2027, se han fortalecido (150) mujeres en procesos de participación política, social y el desarrollo de capacidades que faciliten su autonomía económica en la comuna | O74: 2-31010200403 | P74: 2.3.1.01.02.004.03 | Q74: Aportes a cajas de compensación familiar Administrativo | S74: 12320501 | T74: 1.2.3.2.05.01 | U74: Tasa Prodeporte | AC74: 1202002 | AD74: Servicio de justicia a los ciudadanos | AE74: 120200200 | AF74: Ciudadanos con servicio de justicia prestado | AG74: Número
I75: 61020030004 | J75: Eventos de promoción de la cultura a nivel local, distrital e internacional realizados | L75: 61010020001-0614 | M75: A diciembre de 2027, se han asistido (200) Jóvenes, técnicamente en prácticas organizativas en el territorio. | O75: NO* 2-310102005 | P75: NO* 2.3.1.01.02.005 | Q75: Aportes generales al sistema de riesgos laborales | S75: 12320502 | T75: 1.2.3.2.05.02 | U75: Derechos de Tránsito en Áreas Restringidas o de Alta Congestión | AC75: 1202003 | AD75: Centros de Convivencia Ciudadana en operación | AE75: 120200300 | AF75: Centros de Convivencia Ciudadana en operación | AG75: Número
... I181: 62010020008 | J181: Beneficiarios del programa Fondo de Solidaridad y Redistribución de Ingreso | L181: 62010040006-1414 | M181: A diciembre de 2027, se ha implementado 1 politica para provover la participación activa de la comuna en la generación y aplicación del conocimiento | O181: 2-3102020030505 | P181: 2.3.1.02.02.003.05.05 | Q181: Intereses de Cesantias Seguridad y Justicia | S181: 131105 | T181: 1.3.1.1.05 | U181: Recursos de crédito interno | AC181: 1702006 | AD181: Casas comunitarias campesinas restauradas | AE181: 170200600 | AF181: Casas comunitarias campesinas restauradas | AG181: Número
I182: 62010020009 | J182: Sistemas de agua potable y/o saneamiento básico en áreas rurales gestionados | L182: 62020010003-1415 | M182: A diciembre de 2027, se ha fortalecido 120 personas en la implementación de técnicas sostenibles para el aprovechamiento eficiente de los recursos naturales y materiales de la comuna | O182: NO* 2-31020200306 | P182: NO* 2.3.1.02.02.003.06 | S182: 13110601 | T182: 1.3.1.1.06.01 | U182: PSA ( Pago Servicios Ambientales ) | AC182: 1702007 | AD182: Servicio de apoyo financiero para proyectos productivos | AE182: 170200700 | AF182: Proyectos productivos cofinanciados | AG182: Número
I183: 62010020010 | J183: Componentes de las plantas de tratamiento de aguas residuales ampliados u optimizados | L183: 61020030022-1501 | M183: A diciembre de 2027, se han vinculado 4.500 Niñas, niños, adolescentes, jóvenes, adultos y adultos mayores (incluidos con discapacidad) vinculados a actividades deportivas y aprovechamiento del tiempo libre. | O183: 2-3102020030601 | P183: 2.3.1.02.02.003.06.01 | Q183: Aportes De Cesantías Fondo Público Seguridad Y Justicia | S183: 13110701 | T183: 1.3.1.1.07.01 | U183: CUR 051/17 EMCALI SSF | AC183: 1702008 | AD183: Servicio de apoyo financiero para educación en carreras agropecuarias o afines | AE183: 170200800 | AF183: Jóvenes rurales apoyados para el acceso a la educación superior en temas agropecuarios | AG183: Número
I184: 62010020011 | J184: Componentes del sistema de potabilización optimizados para asegurar el suministro de agua potable | L184: 62010010014-1502 | M184: A diciembre de 2027, se ha realizado 5 intervenciones de adecuación o mantenimiento a escenarios deportivos y recreativos de la comuna (previo concepto técnico). | O184: 2-3102020030602 | P184: 2.3.1.02.02.003.06.02 | Q184: Aportes De Cesantías Fondo Privado Seguridad Y Justicia | S184: 13110702 | T184: 1.3.1.1.07.02 | U184: CUR 016/18EMCALI SSF | AC184: 1702009 | AD184: Servicio de apoyo financiero para el acceso a activos productivos y de comercialización | AE184: 170200900 | AF184: Productores apoyados con activos productivos y de comercialización | AG184: Número
I185: 62010020012 | J185: Componentes del sistema de saneamiento y drenaje pluvial optimizado | L185: 61020030017-1503 | M185: A diciembre de 2027 se han realizado 3 eventos deportivos y recreativos en la comuna. | O185: 2-3102020030603 | P185: 2.3.1.02.02.003.06.03 | Q185: Aportes De Cesantías Definitivas Anualizado Seguridad Yjusticia | S185: 13110703 | T185: 1.3.1.1.07.03 | U185: CUR 625/19 SSF - Recursos Emcali Conpes 3858/16 | AC185: 1702010 | AD185: Servicio de asistencia técnica agropecuaria dirigida a pequeños productores | AE185: 170201000 | AF185: Pequeños productores rurales asistidos técnicamente | AG185: Número
I186: 62010020013 | J186: Redes de acueducto optimizadas | L186: 61020020016-1504 | M186: A diciembre de 2027, se han fortalecido 413 personas del ecosistema empresarial. | O186: NO* 2-310202004 | P186: NO* 2.3.1.02.02.004 | Q186: Aportes a cajas de compensación familiar | S186: 13110704 | T186: 1.3.1.1.07.04 | U186: CUR 626/19 SSF - Recursos Emcali Conpes 3858/16 | AC186: 1702011 | AD186: Servicio de asesoría para el fortalecimiento de la asociatividad | AE186: 170201100 | AF186: Asociaciones fortalecidas | AG186: Número
I187: 62010020014 | J187: Redes de alcantarillado optimizadas | L187: 61020020018-1505 | M187: A diciembre de 2027, se han formado 210 personas del corregimiento en competencias laborales para cierre de brechas. | O187: 2-31020200401 | P187: 2.3.1.02.02.004.01 | Q187: Aportes a cajas de compensación familiar Docente | S187: 13110705 | T187: 1.3.1.1.07.05 | U187: CUR 627/19 SSF - Recursos Emcali Conpes 3858/16 | AC187: 1702012 | AD187: Servicio de educación informal en temas administrativos y de gestión financiera a pequeños productores | AE187: 170201200 | AF187: Formas organizativas capacitadas | AG187: Número
I188: 62010030001 | J188: Andenes intervenidos con criterios de accesibilidad | L188: 61020030031-1506 | M188: A diciembre de 2027, se han apoyado 3 iniciativas de turismo del corregimiento para el desarrollo local | O188: 2-31020200404 | P188: 2.3.1.02.02.004.04 | Q188: Aportes a cajas de compensación familiar Movilidad | S188: 13110706 | T188: 1.3.1.1.07.06 | U188: CUR 880/19 SSF - Recursos Emcali Conpes 3858/16 | AC188: 1702014 | AD188: Servicio de apoyo para el acceso a maquinaria y equipos | AE188: 170201400 | AF188: Productores beneficiados con acceso a maquinaria y equipo | AG188: Número
I189: 62010030002 | J189: Ciclo infraestructura construida | L189: 61020060011-1507 | M189: A diciembre de 2027, se han beneficiado 340 personas con discapacidad, sus familias y cuidadores con servicios de atención integral en la comuna | O189: 2-31020200405 | P189: 2.3.1.02.02.004.05 | Q189: Aportes a Cajas de Compensación Familiar Seguridad Y Justicia | S189: 13110707 | T189: 1.3.1.1.07.07 | U189: CUR 881/19 SSF - Recursos Emcali Conpes 3858/16 | AC189: 1702016 | AD189: Servicio de apoyo para el fomento de la asociatividad | AE189: 170201600 | AF189: Asociaciones apoyadas | AG189: Número
I190: 62010030003 | J190: Ciclo infraestructura Intervenida | L190: 61020060015-1508 | M190: A diciembre de 2027, se han beneficiado 340 personas mayores con servicios de atención integral en la comuna | O190: NO* 2-310202005 | P190: NO* 2.3.1.02.02.005 | Q190: Aportes generales al sistema de riesgos laborales | S190: 13110708 | T190: 1.3.1.1.07.08 | U190: CUR 882/19 SSF - Recursos Emcali Conpes 3858/16 | AC190: 1702017 | AD190: Servicio de apoyo para el fomento organizativo de la Agricultura Campesina, Familiar y Comunitaria | AE190: 170201700 | AF190: Productores agropecuarios apoyados | AG190: Número
I191: 62010030004 | J191: Estudios y Diseños para la intervención y desarrollo de infraestructura vial realizados | L191: 61020020002-1509 | M191: A diciembre de 2027, se han fortalecido 342 mujeres en procesos de participación politica, social y el desarrollo de capacidades que faciliten su autonomía económica en la comuna | O191: 2-31020200504 | P191: 2.3.1.02.02.005.04 | Q191: Aportes generales al sistema de riesgos laborales Movilidad | S191: 13110709 | T191: 1.3.1.1.07.09 | U191: DPS - ALAMEDA | AC191: 1702018 | AD191: Documentos de lineamientos técnicos | AE191: 170201800 | AF191: Documentos de lineamientos técnicos elaborados | AG191: Número
I192: 62010030005 | J192: Frentes de trabajo de las 21 Megaobras mediante el sistema de contribución por valorización ejecutados | L192: 61010020011-1510 | M192: A diciembre de 2027, se han realizado 18 acciones pedagógicas, artísticasy culturales para el fortalecimiento de buenas prácticas de Cultura Ciudadana en la comuna | O192: 2-31020200505 | P192: 2.3.1.02.02.005.05 | Q192: Aportes Generales al Sistema de Riesgos Laborales Seguridad Y Justicia | S192: 13110710 | T192: 1.3.1.1.07.10 | U192: CUR 040/17 Emcali SSF | AC192: 1702019 | AD192: Documentos metodológicos | AE192: 170201900 | AF192: Documentos metodológicos elaborados | AG192: Número
I193: 62010030006 | J193: Mantenimiento rutinario vías rurales realizados | L193: 63010010006-1511 | M193: A diciembre de 2027, se han intervenido 6 sedes comunales de propiedad del Distrito. | O193: NO* 2-310202006 | P193: NO* 2.3.1.02.02.006 | Q193: Aportes al ICBF | S193: 13110711 | T193: 1.3.1.1.07.11 | U193: Transferencia Fondo Especial de Vivienda | AC193: 1702021 | AD193: Servicio de acompañamiento productivo y empresarial | AE193: 170202100 | AF193: Unidades productivas beneficiadas | AG193: Número
I194: 62010030007 | J194: Puentes construidos | L194: 61010020013-1512 | M194: A diciembre de 2027, se ha apoyado o creado 3 Iniciativas de promoción de la Cultura Ciudadana, la paz y la reconciliación en la comuna | O194: 2-31020200601 | P194: 2.3.1.02.02.006.01 | Q194: Aportes al ICBF Docente | S194: 13110801 | T194: 1.3.1.1.08.01 | U194: Fund for cities of services | AC194: 1702022 | AD194: Estudios de preinversión | AE194: 170202200 | AF194: Estudios de preinversión realizados | AG194: Número
... I354: 63020020006 | J354: Archivo de la Alcaldía distrital de Santiago de Cali optimizado | L354: 61020050001-6002 | M354: A diciembre de 2027.se ha brindado asistencia técnica a 75 pequeños y medianos productores rurales en producción agroecologica sostenible, con enfoque diferencial y de género en el corregimiento. | O354: NO* 2-320102 | P354: NO* 2.3.2.01.02 | Q354: Objetos de valor | S354: 132301116 | T354: 1.3.2.3.01.116 | U354: R.F. Estampilla Procultura ley 1379/2010 (Red Nacional de bibliotecas 10%) | AC354: 1709040 | AD354: Infraestructura de producción agrícola adecuada | AE354: 170904000 | AF354: Infraestructura de producción agrícola adecuada | AG354: Número
L355: 62020010021-6003 | M355: A diciembre de 2027, se han realizado 1 asistencias técnicas en la implementación de alternativas de aprovechamiento de residuos sólidos orgánicos en el corregimiento | O355: 2-320102001 | P355: 2.3.2.01.02.001 | Q355: Joyas y artículos conexos | S355: 132301117 | T355: 1.3.2.3.01.117 | U355: R.F. Estampilla Procultura acuerdo 232 (conservacion patrimonio cultural 5%) | AC355: 1709041 | AD355: Infraestructura de producción agrícola ampliada | AE355: 170904100 | AF355: Infraestructura de producción agrícola ampliada | AG355: Número
L356: 62010010014-6004 | M356: A diciembre de 2027, se ha realizado 2 intervenciones de adecuación o mantenimiento a escenarios deportivos y recreativos del corregimiento (previo concepto técnico). | O356: 2-320102002 | P356: 2.3.2.01.02.002 | Q356: Antigüedades u otros objetos de arte | S356: 132301118 | T356: 1.3.2.3.01.118 | U356: R.F. Estampilla Procultura acuerdo 0313 (fin inst popular de cultura 7% del 60%) | AC356: 1709042 | AD356: Infraestructura de producción agrícola con reforzamiento estructural | AE356: 170904200 | AF356: Infraestructura de producción agrícola con reforzamiento estructural | AG356: Número
L357: 61020030017-6005 | M357: A diciembre de 2027 se han realizado 2 eventos deportivos y recreativos en el corregimiento. | O357: 2-320102003 | P357: 2.3.2.01.02.003 | Q357: Otros objetos valiosos | S357: 132301119 | T357: 1.3.2.3.01.119 | U357: R.F. Sobretasa Gasolina S.I.T.M. MIO | AC357: 1709043 | AD357: Infraestructura de producción agrícola construida | AE357: 170904300 | AF357: Infraestructura de producción agrícola construida | AG357: Número
L358: 61020030011-6006 | M358: A diciembre de 2027, se han vinculado en procesos de educación informal del sector artistico y cultural a 750 personas de diferentes grupos poblacionales del corregimiento. | O358: NO* 2-320103 | P358: NO* 2.3.2.01.03 | Q358: Activos no producidos | S358: 132301120 | T358: 1.3.2.3.01.120 | U358: R.F. Excedentes Financieros EMCALI | AC358: 1709044 | AD358: Infraestructura de producción agrícola modificada | AE358: 170904400 | AF358: Infraestructura de producción agrícola modificada | AG358: Número
L359: 61020030004-6007 | M359: A diciembre de 2027, se han realizado 3 eventos artísticos y culturales para promover la identidad y vocación cultural del corregimiento | O359: 2-320103001 | P359: 2.3.2.01.03.001 | Q359: Tierras y terrenos | S359: 132301121 | T359: 1.3.2.3.01.121 | U359: R.F.Resolución 2388/22 Premio Nacional de Biblioteca "Daniel Samper Ortega" 2022 | AC359: 1709045 | AD359: Infraestructura de producción agrícola restaurada | AE359: 170904500 | AF359: Infraestructura de producción agrícola restaurada | AG359: Número
L360: 61020010015-6008 | M360: A diciembre de 2027, se ha beneficiado con 2 dotaciones a las sedes educativas oficiales del corregimiento | O360: 2-320103002 | P360: 2.3.2.01.03.002 | Q360: Recursos biológicos no cultivados | S360: 132301122 | T360: 1.3.2.3.01.122 | U360: R.F. Estampilla para el bienestar del Adulto Mayor (FONPET - 20%) | AC360: 1709046 | AD360: Infraestructura de producción pecuaria adecuada | AE360: 170904600 | AF360: Infraestructura de producción pecuaria adecuada | AG360: Número
L361: 61020020016-6101 | M361: A diciembre de 2027, se han fortalecido 80 personas del ecosistema empresarial. | O361: NO* 2-3202 | P361: NO* 2.3.2.02 | Q361: Adquisiciones diferentes de activos | S361: 132301123 | T361: 1.3.2.3.01.123 | U361: R.F. Estampilla Procultura Finan.InstUniv.IPC | AC361: 1709047 | AD361: Infraestructura de producción pecuaria ampliada | AE361: 170904700 | AF361: Infraestructura de producción pecuaria ampliada | AG361: Número
L362: 62010030011-6102 | M362: A diciembre de 2027, se han intervenido 0,9 km de vía del corregimiento | O362: NO* 2-320201 | P362: NO* 2.3.2.02.01 | Q362: Materiales y suministros | S362: 132301124 | T362: 1.3.2.3.01.124 | U362: R.F. Estampilla Prodesarro Urbano-Bilinguismo | AC362: 1709048 | AD362: Infraestructura de producción pecuaria con reforzamiento estructural | AE362: 170904800 | AF362: Infraestructura de producción pecuaria con reforzamiento estructural | AG362: Número
L363: 62010030012-6103 | M363: A diciembre de 2027, se han construido 2,07 Km de obras de infraestructura hidraulica del corregimiento | O363: 2-320201000 | P363: 2.3.2.02.01.000 | Q363: Agricultura, silvicultura y productos de la pesca | S363: 132301125 | T363: 1.3.2.3.01.125 | U363: R.F. Estampilla Prodesarrollo Finan.Inst.Univ. IPC | AC363: 1709049 | AD363: Infraestructura de producción pecuaria construida | AE363: 170904900 | AF363: Infraestructura de producción pecuaria construida | AG363: Número
L364: 61020030011-6104 | M364: A diciembre de 2027, se han vinculado en procesos de educación informal del sector artistico y cultural a 220 personas de diferentes grupos poblacionales del corregimiento. | O364: 2-320201001 | P364: 2.3.2.02.01.001 | Q364: Minerales; electricidad, gas y agua | S364: 132301126 | T364: 1.3.2.3.01.126 | U364: R.F. Transferencia Fondo Especial de Vivienda | AC364: 1709050 | AD364: Infraestructura de producción pecuaria modificada | AE364: 170905000 | AF364: Infraestructura de producción pecuaria modificada | AG364: Número
L365: 61020010017-6105 | M365: A diciembre de 2027, se ha realizado 4 intervención de adecuación o mantenimiento , en sede educativa pública del corregimiento (previo concepto de viabilidad técnica) | O365: 2-320201002 | P365: 2.3.2.02.01.002 | Q365: Productos alimenticios, bebidas y tabaco; textiles, prendas de vestir y productos de cuero | S365: 132301127 | T365: 1.3.2.3.01.127 | U365: R.F. Crédito Banca de Fomento | AC365: 1709051 | AD365: Infraestructura de producción pecuaria restaurada | AE365: 170905100 | AF365: Infraestructura de producción pecuaria restaurada | AG365: Número
L366: 61020010015-6106 | M366: A diciembre de 2027, se ha beneficiado con 3 dotaciones a las sedes educativas oficiales del corregimiento | O366: 2-320201003 | P366: 2.3.2.02.01.003 | Q366: Otros bienes transportables (excepto productos metálicos, maquinaria y equipo) | S366: 132301128 | T366: 1.3.2.3.01.128 | U366: R.F. Resolución 3241/18 Premio Nacional de Biblioteca "Daniel Samper Ortega" 2018 | AC366: 1709052 | AD366: Infraestructura para el almacenamiento adecuada | AE366: 170905200 | AF366: Infraestructura para el almacenamiento adecuada | AG366: Número
... L399: 61020010017-6506 | M399: A diciembre de 2027, se ha realizado 1 intervención de adecuación o mantenimiento , en sede educativa pública del corregimiento (previo concepto de viabilidad técnica) | O399: 2-330508 | P399: 2.3.3.05.08 | Q399: A esquemas asociativos | S399: 13300022 | T399: 1.3.3.0.00.22 | U399: R.B. Cuentas maestras sector educación | AC399: 1709086 | AD399: Terminal pesquero ampliado | AE399: 170908600 | AF399: Terminal pesquero ampliado | AG399: Número
O400: NO* 2-330508007 | P400: NO* 2.3.3.05.08.007 | Q400: Regiones de Planeación y Gestión | S400: 13300023 | T400: 1.3.3.0.00.23 | U400: R.B. Fondo Contingencias-Fiducia | AC400: 1709087 | AD400: Terminal pesquero con reforzamiento estructural | AE400: 170908700 | AF400: Terminal pesquero con reforzamiento estructural | AG400: Número
O401: 2-33050800701 | P401: 2.3.3.05.08.007.01 | Q401: Autoridad Regional de Transporte - ART de la Aglomeración del Suroccidente de Colombia en el Valle del Cauca - ASOVC”. | S401: 13300024 | T401: 1.3.3.0.00.24 | U401: R.B. Conv 001/20 EMRU-Distrito Santiago de Cali | AC401: 1709088 | AD401: Terminal pesquero construido | AE401: 170908800 | AF401: Terminal pesquero construido | AG401: Número
O402: NO* 2-330509 | P402: NO* 2.3.3.05.09 | Q402: A otras entidades del gobierno general | S402: 13300025 | T402: 1.3.3.0.00.25 | U402: R.B. Contribución fondo especial de intervenidas | AC402: 1709089 | AD402: Terminal pesquero modificado | AE402: 170908900 | AF402: Terminal pesquero modificado | AG402: Número
O403: 2-330509045 | P403: 2.3.3.05.09.045 | Q403: Aseguramiento en salud S.S.F. (Leyes 100 de 1993, 1122 de 2007, 1393 de 2010, 1438 de 2011 y 1607 de 2012) | S403: 133100 | T403: 1.3.3.1.00 | U403: R.B. Ingresos Corrientes de Libre Destinación | AC403: 1709090 | AD403: Terminal pesquero restructurado | AE403: 170909000 | AF403: Terminal pesquero restructurado | AG403: Número
O404: 2-330509053 | P404: 2.3.3.05.09.053 | Q404: Fondos de Servicios Educativos de las Instituciones de Preescolar, Básica y Media | S404: 133101 | T404: 1.3.3.1.01 | U404: R.B. Sobretasa / participación ambiental - Corporaciones Autónomas Regionales | AC404: 1709091 | AD404: Infraestructura de trapiche panelero construida y dotada | AE404: 170909100 | AF404: Trapiches paneleros construidos y dotados | AG404: Número
O405: 2-330509054 | P405: 2.3.3.05.09.054 | Q405: A establecimientos públicos y unidades administrativas especiales | S405: 133112 | T405: 1.3.3.1.12 | U405: R.B. Impuesto de espectáculos públicos nacional con destino al deporte | AC405: 1709092 | AD405: Infraestructura de trapiche panelero con mantenimiento | AE405: 170909200 | AF405: Trapiches paneleros con mantenimiento | AG405: Número
O406: NO* 2-3307 | P406: NO* 2.3.3.07 | Q406: Prestaciones para cubrir riesgos sociales | S406: 13311401 | T406: 1.3.3.1.14.01 | U406: R.B. Impuesto de Alumbrado Público - Predio Lotes | AC406: 1709093 | AD406: Servicio de procesamiento de caña panelera | AE406: 170909300 | AF406: Trapiches paneleros con servicio de procesamiento de caña. | AG406: Número
...

Sheet  ACTIVIDADES PPTO PROYECTADA
A8: Código BP | B8: BP-26005396 | D8: Código BPIN | F8: 2024760010098 | I8: Versión PPM: | K8: VER03BP-26005396 | N8: Vigencia | P8: 2025 | R8: Meta PDD CC | W8: Programa PDD | X8: 6301001 | AB8: Código BP | AC8: BP-26005396 | AE8: Código BPIN | AG8: 2024760010098 | AJ8: Versión PPM: | AL8: VER04BP-26005396 | AO8: Vigencia | AQ8: 2025 | AS8: Meta PDD CC | AX8: Programa PDD | AY8: 6301001 | BD8: Código BP | BE8: BP-26005396 | BG8: Código BPIN | BI8: 2024760010098 | BL8: Versión PPM: | BN8: VER05BP-26005396 | BQ8: Vigencia | BS8: 2025 | BU8: Meta PDD CC | BZ8: Programa PDD | CA8: 6301001 | CF8: Código BP | CG8: BP-26005396 | CI8: Código BPIN | CK8: 2024760010098 | CN8: Versión PPM: | CP8: VER06BP-26005396 | CS8: Vigencia | CU8: 2025 | CW8: Meta PDD CC | DB8: Programa PDD | DC8: 6301001 | DL8: Código BP | DM8: BP-26005396 | DO8: Código BPIN | DQ8: 2024760010098 | DT8: Versión PPM: | DV8: VER07BP-26005396 | DY8: Vigencia | EA8: 2025 | EC8: Meta PDD CC | EH8: Programa PDD | EI8: 6301001 | EM8: Código BP | EN8: BP-26005396 | EP8: Código BPIN | ER8: 2024760010098 | EU8: Versión PPM: | EW8: VER09BP-26005396 | EZ8: Vigencia | FB8: 2025 | FD8: Meta PDD CC | FI8: Programa PDD | FJ8: 6301001 | FN8: Código BP | FO8: BP-26005396 | FQ8: Código BPIN | FS8: 2024760010098 | FV8: Versión PPM: | FX8: VER10BP-26005396 | GA8: Vigencia | GC8: 2025 | GE8: Meta PDD CC | GJ8: Programa PDD | GK8: 6301001 | GO8: Código BP | GP8: BP-26005396 | GR8: Código BPIN | GT8: 2024760010098 | GW8: Versión PPM: | GY8: VER11BP-26005396 | HB8: Vigencia | HD8: 2025 | HF8: Meta PDD CC | HK8: Programa PDD | HL8: 6301001 | HP8: Código BP | HQ8: BP-26005396 | HS8: Código BPIN | HU8: 2024760010098 | HX8: Versión PPM: | HZ8: 000 | IC8: Vigencia | IE8: 2025 | IG8: Meta PDD CC | IL8: Programa PDD | IM8: 6301001
I9: Versión PS: | K9: 000 | N9: Población Objetivo | P9: 11800 | X9: =IF(X8=""," ",VLOOKUP(X8,[1]Listados!$F$1:$G$65536,2,0)) -> Ciudadanía activa | AJ9: Versión PS: | AL9: 26005396V002 | AO9: Población Objetivo | AQ9: 11800 | AY9: =IF(AY8=""," ",VLOOKUP(AY8,[1]Listados!$F$1:$G$65536,2,0)) -> Ciudadanía activa | BL9: Versión PS: | BN9: 26005396V003 | BQ9: Población Objetivo | BS9: 11800 | CA9: =IF(CA8=""," ",VLOOKUP(CA8,[1]Listados!$F$1:$G$65536,2,0)) -> Ciudadanía activa | CN9: Versión PS: | CP9: 26005396V004 | CS9: Población Objetivo | CU9: 11800 | DC9: =IF(DC8=""," ",VLOOKUP(DC8,Listados!$F:$G,2,0)) -> Ciudadanía activa | DT9: Versión PS: | DV9: 000 | DY9: Población Objetivo | EA9: 11800 | EI9: =IF(EI8=""," ",VLOOKUP(EI8,Listados!$F:$G,2,0)) -> Ciudadanía activa | EU9: Versión PS: | EW9: 26005396V008 | EZ9: Población Objetivo | FB9: 11800 | FJ9: =IF(FJ8=""," ",VLOOKUP(FJ8,Listados!$F:$G,2,0)) -> Ciudadanía activa | FV9: Versión PS: | FX9: 26005396V009 | GA9: Población Objetivo | GC9: 11800 | GK9: =IF(GK8=""," ",VLOOKUP(GK8,Listados!$F:$G,2,0)) -> Ciudadanía activa | GW9: Versión PS: | GY9: 26005396V010 | HB9: Población Objetivo | HD9: 11800 | HL9: =IF(HL8=""," ",VLOOKUP(HL8,Listados!$F:$G,2,0)) -> Ciudadanía activa | HX9: Versión PS: | HZ9: 000 | IC9: Población Objetivo | IE9: 11800 | IM9: =IF(IM8=""," ",VLOOKUP(IM8,Listados!$F:$G,2,0)) -> Ciudadanía activa
A10: Nombre del Proyecto | B10: FORTALECIMIENTO DE LA GOBERNANZA TERRITORIAL EN PARTICIPACIÓN CIUDADANA EN SANTIAGO DE CALI. | I10: Centro Gestor | K10: 4173 | L10: =IF(K10=""," ",VLOOKUP(K10,[1]Listados!$C$1:$D$65536,2,0)) -> Secretaría de Desarrollo Territorial y Participación Ciudadana | R10: Denominación Meta PDD CC | W10: Validador Programa PDD | AB10: Nombre del Proyecto | AC10: FORTALECIMIENTO DE LA GOBERNANZA TERRITORIAL EN PARTICIPACIÓN CIUDADANA EN SANTIAGO DE CALI. | AJ10: Centro Gestor | AL10: 4173 | AM10: =IF(AL10=""," ",VLOOKUP(AL10,[1]Listados!$C$1:$D$65536,2,0)) -> Secretaría de Desarrollo Territorial y Participación Ciudadana | AS10: Denominación Meta PDD CC | AX10: Validador Programa PDD | BD10: Nombre del Proyecto | BE10: FORTALECIMIENTO DE LA GOBERNANZA TERRITORIAL EN PARTICIPACIÓN CIUDADANA EN SANTIAGO DE CALI. | BL10: Centro Gestor | BN10: 4173 | BO10: =IF(BN10=""," ",VLOOKUP(BN10,[1]Listados!$C$1:$D$65536,2,0)) -> Secretaría de Desarrollo Territorial y Participación Ciudadana | BU10: Denominación Meta PDD CC | BZ10: Validador Programa PDD | CF10: Nombre del Proyecto | CG10: FORTALECIMIENTO DE LA GOBERNANZA TERRITORIAL EN PARTICIPACIÓN CIUDADANA EN SANTIAGO DE CALI. | CN10: Centro Gestor | CP10: 4173 | CQ10: =IF(CP10=""," ",VLOOKUP(CP10,Listados!$C:$D,2,0)) -> Secretaría de Desarrollo Territorial y Participación Ciudadana | CW10: Denominación Meta PDD CC | DB10: Validador Programa PDD | DL10: Nombre del Proyecto | DM10: FORTALECIMIENTO DE LA GOBERNANZA TERRITORIAL EN PARTICIPACIÓN CIUDADANA EN SANTIAGO DE CALI. | DT10: Centro Gestor | DV10: 4173 | DW10: =IF(DV10=""," ",VLOOKUP(DV10,Listados!$C:$D,2,0)) -> Secretaría de Desarrollo Territorial y Participación Ciudadana | EC10: Denominación Meta PDD CC | EH10: Validador Programa PDD | EM10: Nombre del Proyecto | EN10: FORTALECIMIENTO DE LA GOBERNANZA TERRITORIAL EN PARTICIPACIÓN CIUDADANA EN SANTIAGO DE CALI. | EU10: Centro Gestor | EW10: 4173 | EX10: =IF(EW10=""," ",VLOOKUP(EW10,Listados!$C:$D,2,0)) -> Secretaría de Desarrollo Territorial y Participación Ciudadana | FD10: Denominación Meta PDD CC | FI10: Validador Programa PDD | FN10: Nombre del Proyecto | FO10: FORTALECIMIENTO DE LA GOBERNANZA TERRITORIAL EN PARTICIPACIÓN CIUDADANA EN SANTIAGO DE CALI. | FV10: Centro Gestor | FX10: 4173 | FY10: =IF(FX10=""," ",VLOOKUP(FX10,Listados!$C:$D,2,0)) -> Secretaría de Desarrollo Territorial y Participación Ciudadana | GE10: Denominación Meta PDD CC | GJ10: Validador Programa PDD | GO10: Nombre del Proyecto | GP10: FORTALECIMIENTO DE LA GOBERNANZA TERRITORIAL EN PARTICIPACIÓN CIUDADANA EN SANTIAGO DE CALI. | GW10: Centro Gestor | GY10: 4173 | GZ10: =IF(GY10=""," ",VLOOKUP(GY10,Listados!$C:$D,2,0)) -> Secretaría de Desarrollo Territorial y Participación Ciudadana | HF10: Denominación Meta PDD CC | HK10: Validador Programa PDD | HP10: Nombre del Proyecto | HQ10: FORTALECIMIENTO DE LA GOBERNANZA TERRITORIAL EN PARTICIPACIÓN CIUDADANA EN SANTIAGO DE CALI. | HX10: Centro Gestor | HZ10: 4173 | IA10: =IF(HZ10=""," ",VLOOKUP(HZ10,Listados!$C:$D,2,0)) -> Secretaría de Desarrollo Territorial y Participación Ciudadana | IG10: Denominación Meta PDD CC | IL10: Validador Programa PDD
R11: =IF(R9=""," ",VLOOKUP(R9,[1]Listados!$L$1:$M$65536,2,0)) | W11: {=IF(AND(COUNTIF(O14:O49, "<>")>0, SUMPRODUCT((ISNUMBER(VALUE(IFERROR(O14:O49, ""))))*(LEN(O14:O49)=11)*(LEFT(O14:O49, 7)=$X$8&""))=COUNTA(O14:O49)), "CORRECTO", "REVISAR META PDD")} -> CORRECTO | AS11: =IF(AS9=""," ",VLOOKUP(AS9,[1]Listados!$L$1:$M$65536,2,0)) | AX11: {=IF(AND(COUNTIF(AP14:AP49, "<>")>0, SUMPRODUCT((ISNUMBER(VALUE(IFERROR(AP14:AP49, ""))))*(LEN(AP14:AP49)=11)*(LEFT(AP14:AP49, 7)=$X$8&""))=COUNTA(AP14:AP49)), "CORRECTO", "REVISAR META PDD")} -> CORRECTO | BU11: =IF(BU9=""," ",VLOOKUP(BU9,[1]Listados!$L$1:$M$65536,2,0)) | BZ11: {=IF(AND(COUNTIF(BR14:BR49, "<>")>0, SUMPRODUCT((ISNUMBER(VALUE(IFERROR(BR14:BR49, ""))))*(LEN(BR14:BR49)=11)*(LEFT(BR14:BR49, 7)=$X$8&""))=COUNTA(BR14:BR49)), "CORRECTO", "REVISAR META PDD")} -> CORRECTO | CW11: =IF(CW9=""," ",VLOOKUP(CW9,Listados!$L:$M,2,0)) | DB11: {=IF(AND(COUNTIF(CT14:CT46, "<>")>0, SUMPRODUCT((ISNUMBER(VALUE(IFERROR(CT14:CT46, ""))))*(LEN(CT14:CT46)=11)*(LEFT(CT14:CT46, 7)=$DC$8&""))=COUNTA(CT14:CT46)), "CORRECTO", "REVISAR META PDD")} -> CORRECTO | EC11: =IF(EC9=""," ",VLOOKUP(EC9,Listados!$L:$M,2,0)) | EH11: {=IF(AND(COUNTIF(DZ14:DZ46, "<>")>0, SUMPRODUCT((ISNUMBER(VALUE(IFERROR(DZ14:DZ46, ""))))*(LEN(DZ14:DZ46)=11)*(LEFT(DZ14:DZ46, 7)=$DC$8&""))=COUNTA(DZ14:DZ46)), "CORRECTO", "REVISAR META PDD")} -> CORRECTO | FD11: =IF(FD9=""," ",VLOOKUP(FD9,Listados!$L:$M,2,0)) | FI11: {=IF(AND(COUNTIF(FA14:FA46, "<>")>0, SUMPRODUCT((ISNUMBER(VALUE(IFERROR(FA14:FA46, ""))))*(LEN(FA14:FA46)=11)*(LEFT(FA14:FA46, 7)=$DC$8&""))=COUNTA(FA14:FA46)), "CORRECTO", "REVISAR META PDD")} -> CORRECTO | GE11: =IF(GE9=""," ",VLOOKUP(GE9,Listados!$L:$M,2,0)) | GJ11: {=IF(AND(COUNTIF(GB14:GB46, "<>")>0, SUMPRODUCT((ISNUMBER(VALUE(IFERROR(GB14:GB46, ""))))*(LEN(GB14:GB46)=11)*(LEFT(GB14:GB46, 7)=$DC$8&""))=COUNTA(GB14:GB46)), "CORRECTO", "REVISAR META PDD")} -> CORRECTO | HF11: =IF(HF9=""," ",VLOOKUP(HF9,Listados!$L:$M,2,0)) | HK11: {=IF(AND(COUNTIF(HC14:HC46, "<>")>0, SUMPRODUCT((ISNUMBER(VALUE(IFERROR(HC14:HC46, ""))))*(LEN(HC14:HC46)=11)*(LEFT(HC14:HC46, 7)=$DC$8&""))=COUNTA(HC14:HC46)), "CORRECTO", "REVISAR META PDD")} -> CORRECTO | IG11: =IF(IG9=""," ",VLOOKUP(IG9,Listados!$L:$M,2,0)) | IL11: {=IF(AND(COUNTIF(ID14:ID46, "<>")>0, SUMPRODUCT((ISNUMBER(VALUE(IFERROR(ID14:ID46, ""))))*(LEN(ID14:ID46)=11)*(LEFT(ID14:ID46, 7)=$DC$8&""))=COUNTA(ID14:ID46)), "CORRECTO", "REVISAR META PDD")} -> CORRECTO
A13: Objetivo General | B13: Indicador Objetivo General | C13: Unidad de Medida | D13: Cantidad | E13: # Objetivo específico | F13: Objetivos Específicos | G13: Código MGA Producto | H13: # Producto | I13: Productos | J13: Código MGA Indicador Producto | K13: Indicador de Producto | L13: Unidad de Medida | M13: Cantidad | N13: % Ponderación Productos | O13: Meta Plan de Desarrollo | P13: Denominación Meta PDD | Q13: # Actividad | R13: Código Programa Presupuestario | S13: Actividades | T13: Ruta Crítica Si/No | U13: % Ponderación Actividad | V13: Código POSPRE | W13: Denominación POSPRE | X13: Código FONDO | Y13: Denominación FONDO | Z13: Valor Actividades | AA13: AJUSTE DE PROYECTO | AB13: Objetivo General | AC13: Indicador Objetivo General | AD13: Unidad de Medida | AE13: Cantidad | AF13: # Objetivo específico | AG13: Objetivos Específicos | AH13: Código MGA Producto | AI13: # Producto | AJ13: Productos | AK13: Código MGA Indicador Producto | AL13: Indicador de Producto | AM13: Unidad de Medida | AN13: Cantidad | AO13: % Ponderación Productos | AP13: Meta Plan de Desarrollo | AQ13: Denominación Meta PDD | AR13: # Actividad | AS13: Código Programa Presupuestario | AT13: Actividades | AU13: Ruta Crítica Si/No | AV13: % Ponderación Actividad | AW13: Código POSPRE | AX13: Denominación POSPRE | AY13: Código FONDO | AZ13: Denominación FONDO | BA13: Valor Actividades | BB13: AJUSTE DE ACTIVIDAD | BC13: CAMBIO DE POSPRE | BD13: Objetivo General | BE13: Indicador Objetivo General | BF13: Unidad de Medida | BG13: Cantidad | BH13: # Objetivo específico | BI13: Objetivos Específicos | BJ13: Código MGA Producto | BK13: # Producto | BL13: Productos | BM13: Código MGA Indicador Producto | BN13: Indicador de Producto | BO13: Unidad de Medida | BP13: Cantidad | BQ13: % Ponderación Productos | BR13: Meta Plan de Desarrollo | BS13: Denominación Meta PDD | BT13: # Actividad | BU13: Código Programa Presupuestario | BV13: Actividades | BW13: Ruta Crítica Si/No | BX13: % Ponderación Actividad | BY13: Código POSPRE | BZ13: Denominación POSPRE | CA13: Código FONDO | CB13: Denominación FONDO | CC13: Valor Actividades | CD13: ADICION PRESUPUESTAL | CE13: AJUSTE DE PROYECTO | CF13: Objetivo General | CG13: Indicador Objetivo General | CH13: Unidad de Medida | CI13: Cantidad | CJ13: # Objetivo específico | CK13: Objetivos Específicos | CL13: Código MGA Producto | CM13: # Producto | CN13: Productos | CO13: Código MGA Indicador Producto | CP13: Indicador de Producto | CQ13: Unidad de Medida | CR13: Cantidad | CS13: % Ponderación Productos | CT13: Meta Plan de Desarrollo | CU13: Denominación Meta PDD | CV13: # Actividad | CW13: Código Programa Presupuestario | CX13: Actividades | CY13: Ruta Crítica Si/No | CZ13: % Ponderación Actividad | DA13: Código POSPRE | DB13: Denominación POSPRE | DC13: Código FONDO | DD13: Denominación FONDO | DE13: Valor Actividades | DF13: Traslado Presupuestal del DADII | DG13: Traslado Presupuestal de Gestión del Riesgo de Emergencias y Desastres BP-26005438 | DH13: Traslado Presupuestal de Hacienda | DI13: Traslado Presupuestal del BP-26005394 | DJ13: Cambio de Pospre | DK13: Traslado Presupuestal del BP-26005396 | DL13: Objetivo General | DM13: Indicador Objetivo General | DN13: Unidad de Medida | DO13: Cantidad | DP13: # Objetivo específico | DQ13: Objetivos Específicos | DR13: Código MGA Producto | DS13: # Producto | DT13: Productos | DU13: Código MGA Indicador Producto | DV13: Indicador de Producto | DW13: Unidad de Medida | DX13: Cantidad | DY13: % Ponderación Productos | DZ13: Meta Plan de Desarrollo | EA13: Denominación Meta PDD | EB13: # Actividad | EC13: Código Programa Presupuestario | ED13: Actividades | EE13: Ruta Crítica Si/No | EF13: % Ponderación Actividad | EG13: Código POSPRE | EH13: Denominación POSPRE | EI13: Código FONDO | EJ13: Denominación FONDO | EK13: Valor Actividades | EL13: Ajuste de Proyecto | EM13: Objetivo General | EN13: Indicador Objetivo General | EO13: Unidad de Medida | EP13: Cantidad | EQ13: # Objetivo específico | ER13: Objetivos Específicos | ES13: Código MGA Producto | ET13: # Producto | EU13: Productos | EV13: Código MGA Indicador Producto | EW13: Indicador de Producto | EX13: Unidad de Medida | EY13: Cantidad | EZ13: % Ponderación Productos | FA13: Meta Plan de Desarrollo | FB13: Denominación Meta PDD | FC13: # Actividad | FD13: Código Programa Presupuestario | FE13: Actividades | FF13: Ruta Crítica Si/No | FG13: % Ponderación Actividad | FH13: Código POSPRE | FI13: Denominación POSPRE | FJ13: Código FONDO | FK13: Denominación FONDO | FL13: Valor Actividades | FM13: Adición Presupuestal | FN13: Objetivo General | FO13: Indicador Objetivo General | FP13: Unidad de Medida | FQ13: Cantidad | FR13: # Objetivo específico | FS13: Objetivos Específicos | FT13: Código MGA Producto | FU13: # Producto | FV13: Productos | FW13: Código MGA Indicador Producto | FX13: Indicador de Producto | FY13: Unidad de Medida | FZ13: Cantidad | GA13: % Ponderación Productos | GB13: Meta Plan de Desarrollo | GC13: Denominación Meta PDD | GD13: # Actividad | GE13: Código Programa Presupuestario | GF13: Actividades | GG13: Ruta Crítica Si/No | GH13: % Ponderación Actividad | GI13: Código POSPRE | GJ13: Denominación POSPRE | GK13: Código FONDO | GL13: Denominación FONDO | GM13: Valor Actividades | GN13: Traslado Presupuestal del BP-26005393 | GO13: Objetivo General | GP13: Indicador Objetivo General | GQ13: Unidad de Medida | GR13: Cantidad | GS13: # Objetivo específico | GT13: Objetivos Específicos | GU13: Código MGA Producto | GV13: # Producto | GW13: Productos | GX13: Código MGA Indicador Producto | GY13: Indicador de Producto | GZ13: Unidad de Medida | HA13: Cantidad | HB13: % Ponderación Productos | HC13: Meta Plan de Desarrollo | HD13: Denominación Meta PDD | HE13: # Actividad | HF13: Código Programa Presupuestario | HG13: Actividades | HH13: Ruta Crítica Si/No | HI13: % Ponderación Actividad | HJ13: Código POSPRE | HK13: Denominación POSPRE | HL13: Código FONDO | HM13: Denominación FONDO | HN13: Valor Actividades | HO13: Traslado Presupuestal del BP-26005268 | HP13: Objetivo General | HQ13: Indicador Objetivo General | HR13: Unidad de Medida | HS13: Cantidad | HT13: # Objetivo específico | HU13: Objetivos Específicos | HV13: Código MGA Producto | HW13: # Producto | HX13: Productos | HY13: Código MGA Indicador Producto | HZ13: Indicador de Producto | IA13: Unidad de Medida | IB13: Cantidad | IC13: % Ponderación Productos | ID13: Meta Plan de Desarrollo | IE13: Denominación Meta PDD | IF13: # Actividad | IG13: Código Programa Presupuestario | IH13: Actividades | II13: Ruta Crítica Si/No | IJ13: % Ponderación Actividad | IK13: Código POSPRE | IL13: Denominación POSPRE | IM13: Código FONDO | IN13: Denominación FONDO | IO13: Valor Actividades | IP13: Modificación
A14: Fortalecer la gobernanza territorial respecto a la participación ciudadana en Santiago de Cali | B14: Número de estrategias mantenidas, que permitan fortalecer la gobernanza territorial | C14: Numero | D14: 1 | E14: 1. | F14: Implementar estrategias de fortalecimiento a los grupos de valor para promover la participación ciudadana y comunitaria. | G14: 4502001 | H14: 1.1 | I14: Servicio de promoción a la participación ciudadana | J14: 450200100 | K14: Espacios de participación promovidos | L14: Número | M14: 1 | N14: 0.4 | O14: 63010010001 | P14: Estrategia para el fortalecimiento de la participación Ciudadana y comunitaria implementada | Q14: 1.1.1 | R14: BP-26005396/1/01/01/01 | S14: Realizar actividades de articulación en el territorio para la planeación y espacios participativos. | T14: Si | U14: 0.4 | V14: 2.3.2.02.02.009 | W14: =IF(V14=""," ",VLOOKUP(V14,[2]Listados!$O$1:$P$65536,2,0)) -> Servicios para la comunidad, sociales y personales | X14: 1.2.1.0.00 | Y14: =IF(X14=""," ",VLOOKUP(X14,[2]Listados!$R$1:$S$65536,2,0)) -> Ingresos corrientes de Libre Destinación | Z14: 587974400 | AB14: Fortalecer la gobernanza territorial respecto a la participación ciudadana en Santiago de Cali | AC14: Número de estrategias mantenidas, que permitan fortalecer la gobernanza territorial | AD14: Numero | AE14: 1 | AF14: 1. | AG14: Implementar estrategias de fortalecimiento a los grupos de valor para promover la participación ciudadana y comunitaria. | AH14: 4502001 | AI14: 1.1 | AJ14: Servicio de promoción a la participación ciudadana | AK14: 450200100 | AL14: Espacios de participación promovidos | AM14: Número | AN14: 1 | AO14: 0.4 | AP14: 63010010001 | AQ14: Estrategia para el fortalecimiento de la participación Ciudadana y comunitaria implementada | AR14: 1.1.1 | AS14: BP-26005396/1/01/01/01 | AT14: Realizar actividades de articulación en el territorio para la planeación y espacios participativos. | AU14: Si | AV14: 0.4 | AW14: 2.3.2.02.02.009 | AX14: =IF(AW14=""," ",VLOOKUP(AW14,[2]Listados!$O$1:$P$65536,2,0)) -> Servicios para la comunidad, sociales y personales | AY14: 1.2.1.0.00 | AZ14: =IF(AY14=""," ",VLOOKUP(AY14,[2]Listados!$R$1:$S$65536,2,0)) -> Ingresos corrientes de Libre Destinación | BA14: 587974400 | BD14: Fortalecer la gobernanza territorial respecto a la participación ciudadana en Santiago de Cali | BE14: Número de estrategias mantenidas, que permitan fortalecer la gobernanza territorial | BF14: Numero | BG14: 1 | BH14: 1. | BI14: Implementar estrategias de fortalecimiento a los grupos de valor para promover la participación ciudadana y comunitaria. | BJ14: 4502001 | BK14: 1.1 | BL14: Servicio de promoción a la participación ciudadana | BM14: 450200100 | BN14: Espacios de participación promovidos | BO14: Número | BP14: 1 | BQ14: 0.4 | BR14: 63010010001 | BS14: Estrategia para el fortalecimiento de la participación Ciudadana y comunitaria implementada | BT14: 1.1.1 | BU14: BP-26005396/1/01/01/01 | BV14: Realizar actividades de articulación en el territorio para la planeación y espacios participativos. | BW14: Si | BX14: 0.4 | BY14: 2.3.2.02.02.009 | BZ14: =IF(BY14=""," ",VLOOKUP(BY14,[2]Listados!$O$1:$P$65536,2,0)) -> Servicios para la comunidad, sociales y personales | CA14: 1.2.1.0.00 | CB14: =IF(CA14=""," ",VLOOKUP(CA14,[2]Listados!$R$1:$S$65536,2,0)) -> Ingresos corrientes de Libre Destinación | CC14: 587974400 | CF14: Fortalecer la gobernanza territorial respecto a la participación ciudadana en Santiago de Cali | CG14: Número de estrategias mantenidas, que permitan fortalecer la gobernanza territorial | CH14: Numero | CI14: 1 | CJ14: 1. | CK14: Implementar estrategias de fortalecimiento a los grupos de valor para promover la participación ciudadana y comunitaria. | CL14: 4502001 | CM14: 1.1 | CN14: Servicio de promoción a la participación ciudadana | CO14: 450200100 | CP14: Espacios de participación promovidos | CQ14: Número | CR14: 1 | CS14: 0.4 | CT14: 63010010001 | CU14: Estrategia para el fortalecimiento de la participación Ciudadana y comunitaria implementada | CV14: 1.1.1 | CW14: BP-26005396/1/01/01/01 | CX14: Realizar actividades de articulación en el territorio para la planeación y espacios participativos. | CY14: Si | CZ14: 0.1 | DA14: 2.3.2.02.02.009 | DB14: =IF(DA14=""," ",VLOOKUP(DA14,[2]Listados!$O$1:$P$65536,2,0)) -> Servicios para la comunidad, sociales y personales | DC14: 1.2.1.0.00 | DD14: =IF(DC14=""," ",VLOOKUP(DC14,[2]Listados!$R$1:$S$65536,2,0)) -> Ingresos corrientes de Libre Destinación | DE14: =+CC14+CD14 -> 587974400 | DF14: 385197062 | DL14: Fortalecer la gobernanza territorial respecto a la participación ciudadana en Santiago de Cali | DM14: Número de estrategias mantenidas, que permitan fortalecer la gobernanza territorial | DN14: Numero | DO14: 1 | DP14: 1. | DQ14: Implementar estrategias de fortalecimiento a los grupos de valor para promover la participación ciudadana y comunitaria. | DR14: 4502001 | DS14: 1.1 | DT14: Servicio de promoción a la participación ciudadana | DU14: 450200100 | DV14: Espacios de participación promovidos | DW14: Número | DX14: 1 | DY14: 0.4 | DZ14: 63010010001 | EA14: Estrategia para el fortalecimiento de la participación Ciudadana y comunitaria implementada | EB14: 1.1.1 | EC14: BP-26005396/1/01/01/01 | ED14: Realizar actividades de articulación en el territorio para la planeación y espacios participativos. | EE14: Si | EF14: 0.1 | EG14: 2.3.2.02.02.009 | EH14: =IF(EG14=""," ",VLOOKUP(EG14,[2]Listados!$O$1:$P$65536,2,0)) -> Servicios para la comunidad, sociales y personales | EI14: 1.2.1.0.00 | EJ14: =IF(EI14=""," ",VLOOKUP(EI14,[2]Listados!$R$1:$S$65536,2,0)) -> Ingresos corrientes de Libre Destinación | EK14: 973171462 | EM14: Fortalecer la gobernanza territorial respecto a la participación ciudadana en Santiago de Cali | EN14: Número de estrategias mantenidas, que permitan fortalecer la gobernanza territorial | EO14: Numero | EP14: 1 | EQ14: 1. | ER14: Implementar estrategias de fortalecimiento a los grupos de valor para promover la participación ciudadana y comunitaria. | ES14: 4502001 | ET14: 1.1 | EU14: Servicio de promoción a la participación ciudadana | EV14: 450200100 | EW14: Espacios de participación promovidos | EX14: Número | EY14: 1 | EZ14: 0.4 | FA14: 63010010001 | FB14: Estrategia para el fortalecimiento de la participación Ciudadana y comunitaria implementada | FC14: 1.1.1 | FD14: BP-26005396/1/01/01/01 | FE14: Realizar actividades de articulación en el territorio para la planeación y espacios participativos. | FF14: Si | FG14: 0.1 | FH14: 2.3.2.02.02.009 | FI14: =IF(FH14=""," ",VLOOKUP(FH14,[2]Listados!$O$1:$P$65536,2,0)) -> Servicios para la comunidad, sociales y personales | FJ14: 1.2.1.0.00 | FK14: =IF(FJ14=""," ",VLOOKUP(FJ14,[2]Listados!$R$1:$S$65536,2,0)) -> Ingresos corrientes de Libre Destinación | FL14: 973171462 | FM14: 382441000 | FN14: Fortalecer la gobernanza territorial respecto a la participación ciudadana en Santiago de Cali | FO14: Número de estrategias mantenidas, que permitan fortalecer la gobernanza territorial | FP14: Numero | FQ14: 1 | FR14: 1. | FS14: Implementar estrategias de fortalecimiento a los grupos de valor para promover la participación ciudadana y comunitaria. | FT14: 4502001 | FU14: 1.1 | FV14: Servicio de promoción a la participación ciudadana | FW14: 450200100 | FX14: Espacios de participación promovidos | FY14: Número | FZ14: 1 | GA14: 0.4 | GB14: 63010010001 | GC14: Estrategia para el fortalecimiento de la participación Ciudadana y comunitaria implementada | GD14: 1.1.1 | GE14: BP-26005396/1/01/01/01 | GF14: Realizar actividades de articulación en el territorio para la planeación y espacios participativos. | GG14: Si | GH14: 0.1 | GI14: 2.3.2.02.02.009 | GJ14: =IF(GI14=""," ",VLOOKUP(GI14,[2]Listados!$O$1:$P$65536,2,0)) -> Servicios para la comunidad, sociales y personales | GK14: 1.2.1.0.00 | GL14: =IF(GK14=""," ",VLOOKUP(GK14,[2]Listados!$R$1:$S$65536,2,0)) -> Ingresos corrientes de Libre Destinación | GM14: =+FL14+FM14 -> 1355612462 | GO14: Fortalecer la gobernanza territorial respecto a la participación ciudadana en Santiago de Cali | GP14: Número de estrategias mantenidas, que permitan fortalecer la gobernanza territorial | GQ14: Numero | GR14: 1 | GS14: 1. | GT14: Implementar estrategias de fortalecimiento a los grupos de valor para promover la participación ciudadana y comunitaria. | GU14: 4502001 | GV14: 1.1 | GW14: Servicio de promoción a la participación ciudadana | GX14: 450200100 | GY14: Espacios de participación promovidos | GZ14: Número | HA14: 1 | HB14: 0.4 | HC14: 63010010001 | HD14: Estrategia para el fortalecimiento de la participación Ciudadana y comunitaria implementada | HE14: 1.1.1 | HF14: BP-26005396/1/01/01/01 | HG14: Realizar actividades de articulación en el territorio para la planeación y espacios participativos. | HH14: Si | HI14: 0.1 | HJ14: 2.3.2.02.02.009 | HK14: =IF(HJ14=""," ",VLOOKUP(HJ14,[2]Listados!$O$1:$P$65536,2,0)) -> Servicios para la comunidad, sociales y personales | HL14: 1.2.1.0.00 | HM14: =IF(HL14=""," ",VLOOKUP(HL14,[2]Listados!$R$1:$S$65536,2,0)) -> Ingresos corrientes de Libre Destinación | HN14: =+GM14+GN14 -> 1355612462 | HO14: 122000000 | HP14: Fortalecer la gobernanza territorial respecto a la participación ciudadana en Santiago de Cali | HQ14: Número de estrategias mantenidas, que permitan fortalecer la gobernanza territorial | HR14: Numero | HS14: 1 | HT14: 1. | HU14: Implementar estrategias de fortalecimiento a los grupos de valor para promover la participación ciudadana y comunitaria. | HV14: 4502001 | HW14: 1.1 | HX14: Servicio de promoción a la participación ciudadana | HY14: 450200100 | HZ14: Espacios de participación promovidos | IA14: Número | IB14: 1 | IC14: 0.4 | ID14: 63010010001 | IE14: Estrategia para el fortalecimiento de la participación Ciudadana y comunitaria implementada | IF14: 1.1.1 | IG14: BP-26005396/1/01/01/01 | IH14: Realizar actividades de articulación en el territorio para la planeación y espacios participativos. | II14: Si | IJ14: 0.1 | IK14: 2.3.2.02.02.009 | IL14: =IF(IK14=""," ",VLOOKUP(IK14,[2]Listados!$O$1:$P$65536,2,0)) -> Servicios para la comunidad, sociales y personales | IM14: 1.2.1.0.00 | IN14: =IF(IM14=""," ",VLOOKUP(IM14,[2]Listados!$R$1:$S$65536,2,0)) -> Ingresos corrientes de Libre Destinación | IO14: =+HN14+HO14 -> 1477612462
CD15: 265156102 | CW15: BP-26005396/1/01/01/13 | CX15: Realizar actividades de articulación en el territorio para la planeación y espacios participativos. | CY15: No | CZ15: 0.2 | DA15: 2.3.2.02.02.009 | DB15: =IF(DA15=""," ",VLOOKUP(DA15,[2]Listados!$O$1:$P$65536,2,0)) -> Servicios para la comunidad, sociales y personales | DC15: 1.3.3.1.00 | DD15: =IF(DC15=""," ",VLOOKUP(DC15,[2]Listados!$R$1:$S$65536,2,0)) -> R.B. Ingresos Corrientes de Libre Destinación | DE15: =+CC15+CD15 -> 265156102 | EC15: BP-26005396/1/01/01/13 | ED15: Realizar actividades de articulación en el territorio para la planeación y espacios participativos. | EE15: No | EF15: 0.2 | EG15: 2.3.2.02.02.009 | EH15: =IF(EG15=""," ",VLOOKUP(EG15,[2]Listados!$O$1:$P$65536,2,0)) -> Servicios para la comunidad, sociales y personales | EI15: 1.3.3.1.00 | EJ15: =IF(EI15=""," ",VLOOKUP(EI15,[2]Listados!$R$1:$S$65536,2,0)) -> R.B. Ingresos Corrientes de Libre Destinación | EK15: 265156102 | FD15: BP-26005396/1/01/01/13 | FE15: Realizar actividades de articulación en el territorio para la planeación y espacios participativos. | FF15: No | FG15: 0.2 | FH15: 2.3.2.02.02.009 | FI15: =IF(FH15=""," ",VLOOKUP(FH15,[2]Listados!$O$1:$P$65536,2,0)) -> Servicios para la comunidad, sociales y personales | FJ15: 1.3.3.1.00 | FK15: =IF(FJ15=""," ",VLOOKUP(FJ15,[2]Listados!$R$1:$S$65536,2,0)) -> R.B. Ingresos Corrientes de Libre Destinación | FL15: 265156102 | FM15: 198109000 | GE15: BP-26005396/1/01/01/13 | GF15: Realizar actividades de articulación en el territorio para la planeación y espacios participativos. | GG15: No | GH15: 0.2 | GI15: 2.3.2.02.02.009 | GJ15: =IF(GI15=""," ",VLOOKUP(GI15,[2]Listados!$O$1:$P$65536,2,0)) -> Servicios para la comunidad, sociales y personales | GK15: 1.3.3.1.00 | GL15: =IF(GK15=""," ",VLOOKUP(GK15,[2]Listados!$R$1:$S$65536,2,0)) -> R.B. Ingresos Corrientes de Libre Destinación | GM15: =+FL15+FM15 -> 463265102 | HF15: BP-26005396/1/01/01/13 | HG15: Realizar actividades de articulación en el territorio para la planeación y espacios participativos. | HH15: No | HI15: 0.2 | HJ15: 2.3.2.02.02.009 | HK15: =IF(HJ15=""," ",VLOOKUP(HJ15,[2]Listados!$O$1:$P$65536,2,0)) -> Servicios para la comunidad, sociales y personales | HL15: 1.3.3.1.00 | HM15: =IF(HL15=""," ",VLOOKUP(HL15,[2]Listados!$R$1:$S$65536,2,0)) -> R.B. Ingresos Corrientes de Libre Destinación | HN15: =+GM15+GN15 -> 463265102 | IG15: BP-26005396/1/01/01/13 | IH15: Realizar actividades de articulación en el territorio para la planeación y espacios participativos. | II15: No | IJ15: 0.2 | IK15: 2.3.2.02.02.009 | IL15: =IF(IK15=""," ",VLOOKUP(IK15,[2]Listados!$O$1:$P$65536,2,0)) -> Servicios para la comunidad, sociales y personales | IM15: 1.3.3.1.00 | IN15: =IF(IM15=""," ",VLOOKUP(IM15,[2]Listados!$R$1:$S$65536,2,0)) -> R.B. Ingresos Corrientes de Libre Destinación | IO15: =+HN15+HO15 -> 463265102
Q16: 1.1.2 | R16: BP-26005396/1/01/01/02 | S16: Realizar actividades de articulación que promuevan los ejercicios del control social | T16: No | U16: 0 | V16: 2.3.2.02.02.009 | W16: =IF(V16=""," ",VLOOKUP(V16,[2]Listados!$O$1:$P$65536,2,0)) -> Servicios para la comunidad, sociales y personales | X16: 1.3.1.1.02.01 | Y16: =IF(X16=""," ",VLOOKUP(X16,[2]Listados!$R$1:$S$65536,2,0)) -> Excedentes Financieros EMCALI | Z16: 0 | AR16: 1.1.2 | AS16: BP-26005396/1/01/01/02 | AT16: Realizar actividades de articulación que promuevan los ejercicios del control social | AU16: No | AV16: 0 | AW16: 2.3.2.02.02.009 | AX16: =IF(AW16=""," ",VLOOKUP(AW16,[2]Listados!$O$1:$P$65536,2,0)) -> Servicios para la comunidad, sociales y personales | AY16: 1.3.1.1.02.01 | AZ16: =IF(AY16=""," ",VLOOKUP(AY16,[2]Listados!$R$1:$S$65536,2,0)) -> Excedentes Financieros EMCALI | BA16: 0 | BT16: 1.1.2 | BU16: BP-26005396/1/01/01/02 | BV16: Realizar actividades de articulación que promuevan los ejercicios del control social | BW16: No | BX16: 0 | BY16: 2.3.2.02.02.009 | BZ16: =IF(BY16=""," ",VLOOKUP(BY16,[2]Listados!$O$1:$P$65536,2,0)) -> Servicios para la comunidad, sociales y personales | CA16: 1.3.1.1.02.01 | CB16: =IF(CA16=""," ",VLOOKUP(CA16,[2]Listados!$R$1:$S$65536,2,0)) -> Excedentes Financieros EMCALI | CC16: 0 | CV16: 1.1.2 | CW16: BP-26005396/1/01/01/02 | CX16: Realizar actividades de articulación que promuevan los ejercicios del control social | CY16: No | CZ16: 0 | DA16: 2.3.2.02.02.009 | DB16: =IF(DA16=""," ",VLOOKUP(DA16,[2]Listados!$O$1:$P$65536,2,0)) -> Servicios para la comunidad, sociales y personales | DC16: 1.3.1.1.02.01 | DD16: =IF(DC16=""," ",VLOOKUP(DC16,[2]Listados!$R$1:$S$65536,2,0)) -> Excedentes Financieros EMCALI | DE16: =+CC16+CD16 -> 0 | EB16: 1.1.2 | EC16: BP-26005396/1/01/01/02 | ED16: Realizar actividades de articulación que promuevan los ejercicios del control social | EE16: No | EF16: 0 | EG16: 2.3.2.02.02.009 | EH16: =IF(EG16=""," ",VLOOKUP(EG16,[2]Listados!$O$1:$P$65536,2,0)) -> Servicios para la comunidad, sociales y personales | EI16: 1.3.1.1.02.01 | EJ16: =IF(EI16=""," ",VLOOKUP(EI16,[2]Listados!$R$1:$S$65536,2,0)) -> Excedentes Financieros EMCALI | EK16: 0 | FC16: 1.1.2 | FD16: BP-26005396/1/01/01/02 | FE16: Realizar actividades de articulación que promuevan los ejercicios del control social | FF16: No | FG16: 0 | FH16: 2.3.2.02.02.009 | FI16: =IF(FH16=""," ",VLOOKUP(FH16,[2]Listados!$O$1:$P$65536,2,0)) -> Servicios para la comunidad, sociales y personales | FJ16: 1.3.1.1.02.01 | FK16: =IF(FJ16=""," ",VLOOKUP(FJ16,[2]Listados!$R$1:$S$65536,2,0)) -> Excedentes Financieros EMCALI | FL16: 0 | GD16: 1.1.2 | GE16: BP-26005396/1/01/01/02 | GF16: Realizar actividades de articulación que promuevan los ejercicios del control social | GG16: No | GH16: 0 | GI16: 2.3.2.02.02.009 | GJ16: =IF(GI16=""," ",VLOOKUP(GI16,[2]Listados!$O$1:$P$65536,2,0)) -> Servicios para la comunidad, sociales y personales | GK16: 1.3.1.1.02.01 | GL16: =IF(GK16=""," ",VLOOKUP(GK16,[2]Listados!$R$1:$S$65536,2,0)) -> Excedentes Financieros EMCALI | GM16: =+FL16+FM16 -> 0 | HE16: 1.1.2 | HF16: BP-26005396/1/01/01/02 | HG16: Realizar actividades de articulación que promuevan los ejercicios del control social | HH16: No | HI16: 0 | HJ16: 2.3.2.02.02.009 | HK16: =IF(HJ16=""," ",VLOOKUP(HJ16,[2]Listados!$O$1:$P$65536,2,0)) -> Servicios para la comunidad, sociales y personales | HL16: 1.3.1.1.02.01 | HM16: =IF(HL16=""," ",VLOOKUP(HL16,[2]Listados!$R$1:$S$65536,2,0)) -> Excedentes Financieros EMCALI | HN16: =+GM16+GN16 -> 0 | IF16: 1.1.2 | IG16: BP-26005396/1/01/01/02 | IH16: Realizar actividades de articulación que promuevan los ejercicios del control social | II16: No | IJ16: 0 | IK16: 2.3.2.02.02.009 | IL16: =IF(IK16=""," ",VLOOKUP(IK16,[2]Listados!$O$1:$P$65536,2,0)) -> Servicios para la comunidad, sociales y personales | IM16: 1.3.1.1.02.01 | IN16: =IF(IM16=""," ",VLOOKUP(IM16,[2]Listados!$R$1:$S$65536,2,0)) -> Excedentes Financieros EMCALI | IO16: =+HN16+HO16 -> 0
R17: BP-26005396/1/01/01/08 | S17: Realizar actividades de articulación que promuevan los ejercicios del control social | T17: No | U17: 0.2 | V17: 2.3.2.02.02.009 | W17: =IF(V17=""," ",VLOOKUP(V17,[2]Listados!$O$1:$P$65536,2,0)) -> Servicios para la comunidad, sociales y personales | X17: 1.2.1.0.00 | Y17: =IF(X17=""," ",VLOOKUP(X17,[2]Listados!$R$1:$S$65536,2,0)) -> Ingresos corrientes de Libre Destinación | Z17: 114079680 | AS17: BP-26005396/1/01/01/08 | AT17: Realizar actividades de articulación que promuevan los ejercicios del control social | AU17: No | AV17: 0.2 | AW17: 2.3.2.02.02.009 | AX17: =IF(AW17=""," ",VLOOKUP(AW17,[2]Listados!$O$1:$P$65536,2,0)) -> Servicios para la comunidad, sociales y personales | AY17: 1.2.1.0.00 | AZ17: =IF(AY17=""," ",VLOOKUP(AY17,[2]Listados!$R$1:$S$65536,2,0)) -> Ingresos corrientes de Libre Destinación | BA17: 114079680 | BB17: -11001000 | BU17: BP-26005396/1/01/01/08 | BV17: Realizar actividades de articulación que promuevan los ejercicios del control social | BW17: No | BX17: 0.18 | BY17: 2.3.2.02.02.009 | BZ17: =IF(BY17=""," ",VLOOKUP(BY17,[2]Listados!$O$1:$P$65536,2,0)) -> Servicios para la comunidad, sociales y personales | CA17: 1.2.1.0.00 | CB17: =IF(CA17=""," ",VLOOKUP(CA17,[2]Listados!$R$1:$S$65536,2,0)) -> Ingresos corrientes de Libre Destinación | CC17: =+BA17+BB17 -> 103078680 | CW17: BP-26005396/1/01/01/08 | CX17: Realizar actividades de articulación que promuevan los ejercicios del control social | CY17: No | CZ17: 0.1 | DA17: 2.3.2.02.02.009 | DB17: =IF(DA17=""," ",VLOOKUP(DA17,[2]Listados!$O$1:$P$65536,2,0)) -> Servicios para la comunidad, sociales y personales | DC17: 1.2.1.0.00 | DD17: =IF(DC17=""," ",VLOOKUP(DC17,[2]Listados!$R$1:$S$65536,2,0)) -> Ingresos corrientes de Libre Destinación | DE17: =+CC17+CD17 -> 103078680 | DG17: 56564000 | EC17: BP-26005396/1/01/01/08 | ED17: Realizar actividades de articulación que promuevan los ejercicios del control social | EE17: No | EF17: 0.1 | EG17: 2.3.2.02.02.009 | EH17: =IF(EG17=""," ",VLOOKUP(EG17,[2]Listados!$O$1:$P$65536,2,0)) -> Servicios para la comunidad, sociales y personales | EI17: 1.2.1.0.00 | EJ17: =IF(EI17=""," ",VLOOKUP(EI17,[2]Listados!$R$1:$S$65536,2,0)) -> Ingresos corrientes de Libre Destinación | EK17: 159642680 | FD17: BP-26005396/1/01/01/08 | FE17: Realizar actividades de articulación que promuevan los ejercicios del control social | FF17: No | FG17: 0.1 | FH17: 2.3.2.02.02.009 | FI17: =IF(FH17=""," ",VLOOKUP(FH17,[2]Listados!$O$1:$P$65536,2,0)) -> Servicios para la comunidad, sociales y personales | FJ17: 1.2.1.0.00 | FK17: =IF(FJ17=""," ",VLOOKUP(FJ17,[2]Listados!$R$1:$S$65536,2,0)) -> Ingresos corrientes de Libre Destinación | FL17: 159642680 | FM17: 45674000 | GE17: BP-26005396/1/01/01/08 | GF17: Realizar actividades de articulación que promuevan los ejercicios del control social | GG17: No | GH17: 0.1 | GI17: 2.3.2.02.02.009 | GJ17: =IF(GI17=""," ",VLOOKUP(GI17,[2]Listados!$O$1:$P$65536,2,0)) -> Servicios para la comunidad, sociales y personales | GK17: 1.2.1.0.00 | GL17: =IF(GK17=""," ",VLOOKUP(GK17,[2]Listados!$R$1:$S$65536,2,0)) -> Ingresos corrientes de Libre Destinación | GM17: =+FL17+FM17 -> 205316680 | HF17: BP-26005396/1/01/01/08 | HG17: Realizar actividades de articulación que promuevan los ejercicios del control social | HH17: No | HI17: 0.1 | HJ17: 2.3.2.02.02.009 | HK17: =IF(HJ17=""," ",VLOOKUP(HJ17,[2]Listados!$O$1:$P$65536,2,0)) -> Servicios para la comunidad, sociales y personales | HL17: 1.2.1.0.00 | HM17: =IF(HL17=""," ",VLOOKUP(HL17,[2]Listados!$R$1:$S$65536,2,0)) -> Ingresos corrientes de Libre Destinación | HN17: =+GM17+GN17 -> 205316680 | IG17: BP-26005396/1/01/01/08 | IH17: Realizar actividades de articulación que promuevan los ejercicios del control social | II17: No | IJ17: 0.1 | IK17: 2.3.2.02.02.009 | IL17: =IF(IK17=""," ",VLOOKUP(IK17,[2]Listados!$O$1:$P$65536,2,0)) -> Servicios para la comunidad, sociales y personales | IM17: 1.2.1.0.00 | IN17: =IF(IM17=""," ",VLOOKUP(IM17,[2]Listados!$R$1:$S$65536,2,0)) -> Ingresos corrientes de Libre Destinación | IO17: =+HN17+HO17 -> 205316680
CD18: 18278820 | CW18: BP-26005396/1/01/01/12 | CX18: Realizar actividades de articulación que promuevan los ejercicios del control social | CY18: No | CZ18: 0.08 | DA18: 2.3.2.02.02.009 | DB18: =IF(DA18=""," ",VLOOKUP(DA18,[2]Listados!$O$1:$P$65536,2,0)) -> Servicios para la comunidad, sociales y personales | DC18: 1.3.3.1.00 | DD18: =IF(DC18=""," ",VLOOKUP(DC18,[2]Listados!$R$1:$S$65536,2,0)) -> R.B. Ingresos Corrientes de Libre Destinación | DE18: =+CC18+CD18 -> 18278820 | EC18: BP-26005396/1/01/01/12 | ED18: Realizar actividades de articulación que promuevan los ejercicios del control social | EE18: No | EF18: 0.08 | EG18: 2.3.2.02.02.009 | EH18: =IF(EG18=""," ",VLOOKUP(EG18,[2]Listados!$O$1:$P$65536,2,0)) -> Servicios para la comunidad, sociales y personales | EI18: 1.3.3.1.00 | EJ18: =IF(EI18=""," ",VLOOKUP(EI18,[2]Listados!$R$1:$S$65536,2,0)) -> R.B. Ingresos Corrientes de Libre Destinación | EK18: 18278820 | FD18: BP-26005396/1/01/01/12 | FE18: Realizar actividades de articulación que promuevan los ejercicios del control social | FF18: No | FG18: 0.08 | FH18: 2.3.2.02.02.009 | FI18: =IF(FH18=""," ",VLOOKUP(FH18,[2]Listados!$O$1:$P$65536,2,0)) -> Servicios para la comunidad, sociales y personales | FJ18: 1.3.3.1.00 | FK18: =IF(FJ18=""," ",VLOOKUP(FJ18,[2]Listados!$R$1:$S$65536,2,0)) -> R.B. Ingresos Corrientes de Libre Destinación | FL18: 18278820 | FM18: 28282000 | GE18: BP-26005396/1/01/01/12 | GF18: Realizar actividades de articulación que promuevan los ejercicios del control social | GG18: No | GH18: 0.08 | GI18: 2.3.2.02.02.009 | GJ18: =IF(GI18=""," ",VLOOKUP(GI18,[2]Listados!$O$1:$P$65536,2,0)) -> Servicios para la comunidad, sociales y personales | GK18: 1.3.3.1.00 | GL18: =IF(GK18=""," ",VLOOKUP(GK18,[2]Listados!$R$1:$S$65536,2,0)) -> R.B. Ingresos Corrientes de Libre Destinación | GM18: =+FL18+FM18 -> 46560820 | HF18: BP-26005396/1/01/01/12 | HG18: Realizar actividades de articulación que promuevan los ejercicios del control social | HH18: No | HI18: 0.08 | HJ18: 2.3.2.02.02.009 | HK18: =IF(HJ18=""," ",VLOOKUP(HJ18,[2]Listados!$O$1:$P$65536,2,0)) -> Servicios para la comunidad, sociales y personales | HL18: 1.3.3.1.00 | HM18: =IF(HL18=""," ",VLOOKUP(HL18,[2]Listados!$R$1:$S$65536,2,0)) -> R.B. Ingresos Corrientes de Libre Destinación | HN18: =+GM18+GN18 -> 46560820 | IG18: BP-26005396/1/01/01/12 | IH18: Realizar actividades de articulación que promuevan los ejercicios del control social | II18: No | IJ18: 0.08 | IK18: 2.3.2.02.02.009 | IL18: =IF(IK18=""," ",VLOOKUP(IK18,[2]Listados!$O$1:$P$65536,2,0)) -> Servicios para la comunidad, sociales y personales | IM18: 1.3.3.1.00 | IN18: =IF(IM18=""," ",VLOOKUP(IM18,[2]Listados!$R$1:$S$65536,2,0)) -> R.B. Ingresos Corrientes de Libre Destinación | IO18: =+HN18+HO18 -> 46560820
Q19: 1.1.3 | R19: BP-26005396/1/01/01/03 | S19: Realizar las actividades de articulación para la promoción de la participación | T19: Si | U19: 0 | V19: 2.3.2.02.02.009 | W19: =IF(V19=""," ",VLOOKUP(V19,[2]Listados!$O$1:$P$65536,2,0)) -> Servicios para la comunidad, sociales y personales | X19: 1.3.1.1.02.01 | Y19: =IF(X19=""," ",VLOOKUP(X19,[2]Listados!$R$1:$S$65536,2,0)) -> Excedentes Financieros EMCALI | Z19: 0 | AR19: 1.1.3 | AS19: BP-26005396/1/01/01/03 | AT19: Realizar las actividades de articulación para la promoción de la participación | AU19: Si | AV19: 0 | AW19: 2.3.2.02.02.009 | AX19: =IF(AW19=""," ",VLOOKUP(AW19,[2]Listados!$O$1:$P$65536,2,0)) -> Servicios para la comunidad, sociales y personales | AY19: 1.3.1.1.02.01 | AZ19: =IF(AY19=""," ",VLOOKUP(AY19,[2]Listados!$R$1:$S$65536,2,0)) -> Excedentes Financieros EMCALI | BA19: 0 | BT19: 1.1.3 | BU19: BP-26005396/1/01/01/03 | BV19: Realizar las actividades de articulación para la promoción de la participación | BW19: Si | BX19: 0 | BY19: 2.3.2.02.02.009 | BZ19: =IF(BY19=""," ",VLOOKUP(BY19,[2]Listados!$O$1:$P$65536,2,0)) -> Servicios para la comunidad, sociales y personales | CA19: 1.3.1.1.02.01 | CB19: =IF(CA19=""," ",VLOOKUP(CA19,[2]Listados!$R$1:$S$65536,2,0)) -> Excedentes Financieros EMCALI | CC19: 0 | CV19: 1.1.3 | CW19: BP-26005396/1/01/01/03 | CX19: Realizar las actividades de articulación para la promoción de la participación | CY19: Si | CZ19: 0 | DA19: 2.3.2.02.02.009 | DB19: =IF(DA19=""," ",VLOOKUP(DA19,[2]Listados!$O$1:$P$65536,2,0)) -> Servicios para la comunidad, sociales y personales | DC19: 1.3.1.1.02.01 | DD19: =IF(DC19=""," ",VLOOKUP(DC19,[2]Listados!$R$1:$S$65536,2,0)) -> Excedentes Financieros EMCALI | DE19: =+CC19+CD19 -> 0 | EB19: 1.1.3 | EC19: BP-26005396/1/01/01/03 | ED19: Realizar las actividades de articulación para la promoción de la participación | EE19: Si | EF19: 0 | EG19: 2.3.2.02.02.009 | EH19: =IF(EG19=""," ",VLOOKUP(EG19,[2]Listados!$O$1:$P$65536,2,0)) -> Servicios para la comunidad, sociales y personales | EI19: 1.3.1.1.02.01 | EJ19: =IF(EI19=""," ",VLOOKUP(EI19,[2]Listados!$R$1:$S$65536,2,0)) -> Excedentes Financieros EMCALI | EK19: 0 | FC19: 1.1.3 | FD19: BP-26005396/1/01/01/03 | FE19: Realizar las actividades de articulación para la promoción de la participación | FF19: Si | FG19: 0 | FH19: 2.3.2.02.02.009 | FI19: =IF(FH19=""," ",VLOOKUP(FH19,[2]Listados!$O$1:$P$65536,2,0)) -> Servicios para la comunidad, sociales y personales | FJ19: 1.3.1.1.02.01 | FK19: =IF(FJ19=""," ",VLOOKUP(FJ19,[2]Listados!$R$1:$S$65536,2,0)) -> Excedentes Financieros EMCALI | FL19: 0 | GD19: 1.1.3 | GE19: BP-26005396/1/01/01/03 | GF19: Realizar las actividades de articulación para la promoción de la participación | GG19: Si | GH19: 0 | GI19: 2.3.2.02.02.009 | GJ19: =IF(GI19=""," ",VLOOKUP(GI19,[2]Listados!$O$1:$P$65536,2,0)) -> Servicios para la comunidad, sociales y personales | GK19: 1.3.1.1.02.01 | GL19: =IF(GK19=""," ",VLOOKUP(GK19,[2]Listados!$R$1:$S$65536,2,0)) -> Excedentes Financieros EMCALI | GM19: =+FL19+FM19 -> 0 | HE19: 1.1.3 | HF19: BP-26005396/1/01/01/03 | HG19: Realizar las actividades de articulación para la promoción de la participación | HH19: Si | HI19: 0 | HJ19: 2.3.2.02.02.009 | HK19: =IF(HJ19=""," ",VLOOKUP(HJ19,[2]Listados!$O$1:$P$65536,2,0)) -> Servicios para la comunidad, sociales y personales | HL19: 1.3.1.1.02.01 | HM19: =IF(HL19=""," ",VLOOKUP(HL19,[2]Listados!$R$1:$S$65536,2,0)) -> Excedentes Financieros EMCALI | HN19: =+GM19+GN19 -> 0 | IF19: 1.1.3 | IG19: BP-26005396/1/01/01/03 | IH19: Realizar las actividades de articulación para la promoción de la participación | II19: Si | IJ19: 0 | IK19: 2.3.2.02.02.009 | IL19: =IF(IK19=""," ",VLOOKUP(IK19,[2]Listados!$O$1:$P$65536,2,0)) -> Servicios para la comunidad, sociales y personales | IM19: 1.3.1.1.02.01 | IN19: =IF(IM19=""," ",VLOOKUP(IM19,[2]Listados!$R$1:$S$65536,2,0)) -> Excedentes Financieros EMCALI | IO19: =+HN19+HO19 -> 0
R20: BP-26005396/1/01/01/09 | S20: Realizar las actividades de articulación para la promoción de la participación | T20: Si | U20: 0.1 | V20: 2.3.2.02.02.009 | W20: =IF(V20=""," ",VLOOKUP(V20,[2]Listados!$O$1:$P$65536,2,0)) -> Servicios para la comunidad, sociales y personales | X20: 1.2.1.0.00 | Y20: =IF(X20=""," ",VLOOKUP(X20,[2]Listados!$R$1:$S$65536,2,0)) -> Ingresos corrientes de Libre Destinación | Z20: 439350080 | AS20: BP-26005396/1/01/01/09 | AT20: Realizar las actividades de articulación para la promoción de la participación | AU20: Si | AV20: 0.1 | AW20: 2.3.2.02.02.009 | AX20: =IF(AW20=""," ",VLOOKUP(AW20,[2]Listados!$O$1:$P$65536,2,0)) -> Servicios para la comunidad, sociales y personales | AY20: 1.2.1.0.00 | AZ20: =IF(AY20=""," ",VLOOKUP(AY20,[2]Listados!$R$1:$S$65536,2,0)) -> Ingresos corrientes de Libre Destinación | BA20: 439350080 | BU20: BP-26005396/1/01/01/09 | BV20: Realizar las actividades de articulación para la promoción de la participación | BW20: Si | BX20: 0.1 | BY20: 2.3.2.02.02.009 | BZ20: =IF(BY20=""," ",VLOOKUP(BY20,[2]Listados!$O$1:$P$65536,2,0)) -> Servicios para la comunidad, sociales y personales | CA20: 1.2.1.0.00 | CB20: =IF(CA20=""," ",VLOOKUP(CA20,[2]Listados!$R$1:$S$65536,2,0)) -> Ingresos corrientes de Libre Destinación | CC20: 439350080 | CW20: BP-26005396/1/01/01/09 | CX20: Realizar las actividades de articulación para la promoción de la participación | CY20: Si | CZ20: 0.1 | DA20: 2.3.2.02.02.009 | DB20: =IF(DA20=""," ",VLOOKUP(DA20,[2]Listados!$O$1:$P$65536,2,0)) -> Servicios para la comunidad, sociales y personales | DC20: 1.2.1.0.00 | DD20: =IF(DC20=""," ",VLOOKUP(DC20,[2]Listados!$R$1:$S$65536,2,0)) -> Ingresos corrientes de Libre Destinación | DE20: =+CC20+CD20 -> 439350080 | DF20: 56047622 | DG20: 233577378 | EC20: BP-26005396/1/01/01/09 | ED20: Realizar las actividades de articulación para la promoción de la participación | EE20: Si | EF20: 0.1 | EG20: 2.3.2.02.02.009 | EH20: =IF(EG20=""," ",VLOOKUP(EG20,[2]Listados!$O$1:$P$65536,2,0)) -> Servicios para la comunidad, sociales y personales | EI20: 1.2.1.0.00 | EJ20: =IF(EI20=""," ",VLOOKUP(EI20,[2]Listados!$R$1:$S$65536,2,0)) -> Ingresos corrientes de Libre Destinación | EK20: 728975080 | FD20: BP-26005396/1/01/01/09 | FE20: Realizar las actividades de articulación para la promoción de la participación | FF20: Si | FG20: 0.1 | FH20: 2.3.2.02.02.009 | FI20: =IF(FH20=""," ",VLOOKUP(FH20,[2]Listados!$O$1:$P$65536,2,0)) -> Servicios para la comunidad, sociales y personales | FJ20: 1.2.1.0.00 | FK20: =IF(FJ20=""," ",VLOOKUP(FJ20,[2]Listados!$R$1:$S$65536,2,0)) -> Ingresos corrientes de Libre Destinación | FL20: 728975080 | FM20: 241379000 | GE20: BP-26005396/1/01/01/09 | GF20: Realizar las actividades de articulación para la promoción de la participación | GG20: Si | GH20: 0.1 | GI20: 2.3.2.02.02.009 | GJ20: =IF(GI20=""," ",VLOOKUP(GI20,[2]Listados!$O$1:$P$65536,2,0)) -> Servicios para la comunidad, sociales y personales | GK20: 1.2.1.0.00 | GL20: =IF(GK20=""," ",VLOOKUP(GK20,[2]Listados!$R$1:$S$65536,2,0)) -> Ingresos corrientes de Libre Destinación | GM20: =+FL20+FM20 -> 970354080 | HF20: BP-26005396/1/01/01/09 | HG20: Realizar las actividades de articulación para la promoción de la participación | HH20: Si | HI20: 0.1 | HJ20: 2.3.2.02.02.009 | HK20: =IF(HJ20=""," ",VLOOKUP(HJ20,[2]Listados!$O$1:$P$65536,2,0)) -> Servicios para la comunidad, sociales y personales | HL20: 1.2.1.0.00 | HM20: =IF(HL20=""," ",VLOOKUP(HL20,[2]Listados!$R$1:$S$65536,2,0)) -> Ingresos corrientes de Libre Destinación | HN20: =+GM20+GN20 -> 970354080 | HO20: 123000000 | IG20: BP-26005396/1/01/01/09 | IH20: Realizar las actividades de articulación para la promoción de la participación | II20: Si | IJ20: 0.1 | IK20: 2.3.2.02.02.009 | IL20: =IF(IK20=""," ",VLOOKUP(IK20,[2]Listados!$O$1:$P$65536,2,0)) -> Servicios para la comunidad, sociales y personales | IM20: 1.2.1.0.00 | IN20: =IF(IM20=""," ",VLOOKUP(IM20,[2]Listados!$R$1:$S$65536,2,0)) -> Ingresos corrientes de Libre Destinación | IO20: =+HN20+HO20 -> 1093354080
CD21: 119448921 | CW21: BP-26005396/1/01/01/11 | CX21: Realizar las actividades de articulación para la promoción de la participación | CY21: No | CZ21: 0.1 | DA21: 2.3.2.02.02.009 | DB21: =IF(DA21=""," ",VLOOKUP(DA21,[2]Listados!$O$1:$P$65536,2,0)) -> Servicios para la comunidad, sociales y personales | DC21: 1.3.3.1.00 | DD21: =IF(DC21=""," ",VLOOKUP(DC21,[2]Listados!$R$1:$S$65536,2,0)) -> R.B. Ingresos Corrientes de Libre Destinación | DE21: =+CC21+CD21 -> 119448921 | EC21: BP-26005396/1/01/01/11 | ED21: Realizar las actividades de articulación para la promoción de la participación | EE21: No | EF21: 0.1 | EG21: 2.3.2.02.02.009 | EH21: =IF(EG21=""," ",VLOOKUP(EG21,[2]Listados!$O$1:$P$65536,2,0)) -> Servicios para la comunidad, sociales y personales | EI21: 1.3.3.1.00 | EJ21: =IF(EI21=""," ",VLOOKUP(EI21,[2]Listados!$R$1:$S$65536,2,0)) -> R.B. Ingresos Corrientes de Libre Destinación | EK21: 119448921 | FD21: BP-26005396/1/01/01/11 | FE21: Realizar las actividades de articulación para la promoción de la participación | FF21: No | FG21: 0.1 | FH21: 2.3.2.02.02.009 | FI21: =IF(FH21=""," ",VLOOKUP(FH21,[2]Listados!$O$1:$P$65536,2,0)) -> Servicios para la comunidad, sociales y personales | FJ21: 1.3.3.1.00 | FK21: =IF(FJ21=""," ",VLOOKUP(FJ21,[2]Listados!$R$1:$S$65536,2,0)) -> R.B. Ingresos Corrientes de Libre Destinación | FL21: 119448921 | FM21: 99863000 | GE21: BP-26005396/1/01/01/11 | GF21: Realizar las actividades de articulación para la promoción de la participación | GG21: No | GH21: 0.1 | GI21: 2.3.2.02.02.009 | GJ21: =IF(GI21=""," ",VLOOKUP(GI21,[2]Listados!$O$1:$P$65536,2,0)) -> Servicios para la comunidad, sociales y personales | GK21: 1.3.3.1.00 | GL21: =IF(GK21=""," ",VLOOKUP(GK21,[2]Listados!$R$1:$S$65536,2,0)) -> R.B. Ingresos Corrientes de Libre Destinación | GM21: =+FL21+FM21 -> 219311921 | HF21: BP-26005396/1/01/01/11 | HG21: Realizar las actividades de articulación para la promoción de la participación | HH21: No | HI21: 0.1 | HJ21: 2.3.2.02.02.009 | HK21: =IF(HJ21=""," ",VLOOKUP(HJ21,[2]Listados!$O$1:$P$65536,2,0)) -> Servicios para la comunidad, sociales y personales | HL21: 1.3.3.1.00 | HM21: =IF(HL21=""," ",VLOOKUP(HL21,[2]Listados!$R$1:$S$65536,2,0)) -> R.B. Ingresos Corrientes de Libre Destinación | HN21: =+GM21+GN21 -> 219311921 | IG21: BP-26005396/1/01/01/11 | IH21: Realizar las actividades de articulación para la promoción de la participación | II21: No | IJ21: 0.1 | IK21: 2.3.2.02.02.009 | IL21: =IF(IK21=""," ",VLOOKUP(IK21,[2]Listados!$O$1:$P$65536,2,0)) -> Servicios para la comunidad, sociales y personales | IM21: 1.3.3.1.00 | IN21: =IF(IM21=""," ",VLOOKUP(IM21,[2]Listados!$R$1:$S$65536,2,0)) -> R.B. Ingresos Corrientes de Libre Destinación | IO21: =+HN21+HO21 -> 219311921
Q22: 1.1.4 | R22: BP-26005396/1/01/01/04 | S22: Adelantar acciones orientadas a las políticas publicas | T22: No | U22: 0 | V22: 2.3.2.02.02.009 | W22: =IF(V22=""," ",VLOOKUP(V22,[2]Listados!$O$1:$P$65536,2,0)) -> Servicios para la comunidad, sociales y personales | X22: 1.3.1.1.02.01 | Y22: =IF(X22=""," ",VLOOKUP(X22,[2]Listados!$R$1:$S$65536,2,0)) -> Excedentes Financieros EMCALI | Z22: 0 | AR22: 1.1.4 | AS22: BP-26005396/1/01/01/04 | AT22: Adelantar acciones orientadas a las políticas publicas | AU22: No | AV22: 0 | AW22: 2.3.2.02.02.009 | AX22: =IF(AW22=""," ",VLOOKUP(AW22,[2]Listados!$O$1:$P$65536,2,0)) -> Servicios para la comunidad, sociales y personales | AY22: 1.3.1.1.02.01 | AZ22: =IF(AY22=""," ",VLOOKUP(AY22,[2]Listados!$R$1:$S$65536,2,0)) -> Excedentes Financieros EMCALI | BA22: 0 | BT22: 1.1.4 | BU22: BP-26005396/1/01/01/04 | BV22: Adelantar acciones orientadas a las políticas publicas | BW22: No | BX22: 0 | BY22: 2.3.2.02.02.009 | BZ22: =IF(BY22=""," ",VLOOKUP(BY22,[2]Listados!$O$1:$P$65536,2,0)) -> Servicios para la comunidad, sociales y personales | CA22: 1.3.1.1.02.01 | CB22: =IF(CA22=""," ",VLOOKUP(CA22,[2]Listados!$R$1:$S$65536,2,0)) -> Excedentes Financieros EMCALI | CC22: 0 | CV22: 1.1.4 | CW22: BP-26005396/1/01/01/04 | CX22: Adelantar acciones orientadas a las políticas publicas | CY22: No | CZ22: 0 | DA22: 2.3.2.02.02.009 | DB22: =IF(DA22=""," ",VLOOKUP(DA22,[2]Listados!$O$1:$P$65536,2,0)) -> Servicios para la comunidad, sociales y personales | DC22: 1.3.1.1.02.01 | DD22: =IF(DC22=""," ",VLOOKUP(DC22,[2]Listados!$R$1:$S$65536,2,0)) -> Excedentes Financieros EMCALI | DE22: =+CC22+CD22 -> 0 | EB22: 1.1.4 | EC22: BP-26005396/1/01/01/04 | ED22: Adelantar acciones orientadas a las políticas publicas | EE22: No | EF22: 0 | EG22: 2.3.2.02.02.009 | EH22: =IF(EG22=""," ",VLOOKUP(EG22,[2]Listados!$O$1:$P$65536,2,0)) -> Servicios para la comunidad, sociales y personales | EI22: 1.3.1.1.02.01 | EJ22: =IF(EI22=""," ",VLOOKUP(EI22,[2]Listados!$R$1:$S$65536,2,0)) -> Excedentes Financieros EMCALI | EK22: 0 | FC22: 1.1.4 | FD22: BP-26005396/1/01/01/04 | FE22: Adelantar acciones orientadas a las políticas publicas | FF22: No | FG22: 0 | FH22: 2.3.2.02.02.009 | FI22: =IF(FH22=""," ",VLOOKUP(FH22,[2]Listados!$O$1:$P$65536,2,0)) -> Servicios para la comunidad, sociales y personales | FJ22: 1.3.1.1.02.01 | FK22: =IF(FJ22=""," ",VLOOKUP(FJ22,[2]Listados!$R$1:$S$65536,2,0)) -> Excedentes Financieros EMCALI | FL22: 0 | GD22: 1.1.4 | GE22: BP-26005396/1/01/01/04 | GF22: Adelantar acciones orientadas a las políticas publicas | GG22: No | GH22: 0 | GI22: 2.3.2.02.02.009 | GJ22: =IF(GI22=""," ",VLOOKUP(GI22,[2]Listados!$O$1:$P$65536,2,0)) -> Servicios para la comunidad, sociales y personales | GK22: 1.3.1.1.02.01 | GL22: =IF(GK22=""," ",VLOOKUP(GK22,[2]Listados!$R$1:$S$65536,2,0)) -> Excedentes Financieros EMCALI | GM22: =+FL22+FM22 -> 0 | HE22: 1.1.4 | HF22: BP-26005396/1/01/01/04 | HG22: Adelantar acciones orientadas a las políticas publicas | HH22: No | HI22: 0 | HJ22: 2.3.2.02.02.009 | HK22: =IF(HJ22=""," ",VLOOKUP(HJ22,[2]Listados!$O$1:$P$65536,2,0)) -> Servicios para la comunidad, sociales y personales | HL22: 1.3.1.1.02.01 | HM22: =IF(HL22=""," ",VLOOKUP(HL22,[2]Listados!$R$1:$S$65536,2,0)) -> Excedentes Financieros EMCALI | HN22: =+GM22+GN22 -> 0 | IF22: 1.1.4 | IG22: BP-26005396/1/01/01/04 | IH22: Adelantar acciones orientadas a las políticas publicas | II22: No | IJ22: 0 | IK22: 2.3.2.02.02.009 | IL22: =IF(IK22=""," ",VLOOKUP(IK22,[2]Listados!$O$1:$P$65536,2,0)) -> Servicios para la comunidad, sociales y personales | IM22: 1.3.1.1.02.01 | IN22: =IF(IM22=""," ",VLOOKUP(IM22,[2]Listados!$R$1:$S$65536,2,0)) -> Excedentes Financieros EMCALI | IO22: =+HN22+HO22 -> 0
R23: BP-26005396/1/01/01/10 | S23: Adelantar acciones orientadas a las políticas publicas | U23: 0.3 | V23: 2.3.2.02.02.009 | W23: =IF(V23=""," ",VLOOKUP(V23,[2]Listados!$O$1:$P$65536,2,0)) -> Servicios para la comunidad, sociales y personales | X23: 1.2.1.0.00 | Y23: =IF(X23=""," ",VLOOKUP(X23,[2]Listados!$R$1:$S$65536,2,0)) -> Ingresos corrientes de Libre Destinación | Z23: 387483200 | AS23: BP-26005396/1/01/01/10 | AT23: Adelantar acciones orientadas a las políticas publicas | AU23: No | AV23: 0.3 | AW23: 2.3.2.02.02.009 | AX23: =IF(AW23=""," ",VLOOKUP(AW23,[2]Listados!$O$1:$P$65536,2,0)) -> Servicios para la comunidad, sociales y personales | AY23: 1.2.1.0.00 | AZ23: =IF(AY23=""," ",VLOOKUP(AY23,[2]Listados!$R$1:$S$65536,2,0)) -> Ingresos corrientes de Libre Destinación | BA23: 387483200 | BU23: BP-26005396/1/01/01/10 | BV23: Adelantar acciones orientadas a las políticas publicas | BW23: No | BX23: 0.3 | BY23: 2.3.2.02.02.009 | BZ23: =IF(BY23=""," ",VLOOKUP(BY23,[2]Listados!$O$1:$P$65536,2,0)) -> Servicios para la comunidad, sociales y personales | CA23: 1.2.1.0.00 | CB23: =IF(CA23=""," ",VLOOKUP(CA23,[2]Listados!$R$1:$S$65536,2,0)) -> Ingresos corrientes de Libre Destinación | CC23: 387483200 | CW23: BP-26005396/1/01/01/10 | CX23: Adelantar acciones orientadas a las políticas publicas | CY23: No | CZ23: 0.2 | DA23: 2.3.2.02.02.009 | DB23: =IF(DA23=""," ",VLOOKUP(DA23,[2]Listados!$O$1:$P$65536,2,0)) -> Servicios para la comunidad, sociales y personales | DC23: 1.2.1.0.00 | DD23: =IF(DC23=""," ",VLOOKUP(DC23,[2]Listados!$R$1:$S$65536,2,0)) -> Ingresos corrientes de Libre Destinación | DE23: =+CC23+CD23 -> 387483200 | DG23: 47947372 | DH23: 114412920 | DI23: 40249208 | EC23: BP-26005396/1/01/01/10 | ED23: Adelantar acciones orientadas a las políticas publicas | EE23: No | EF23: 0.2 | EG23: 2.3.2.02.02.009 | EH23: =IF(EG23=""," ",VLOOKUP(EG23,[2]Listados!$O$1:$P$65536,2,0)) -> Servicios para la comunidad, sociales y personales | EI23: 1.2.1.0.00 | EJ23: =IF(EI23=""," ",VLOOKUP(EI23,[2]Listados!$R$1:$S$65536,2,0)) -> Ingresos corrientes de Libre Destinación | EK23: 590092700 | FD23: BP-26005396/1/01/01/10 | FE23: Adelantar acciones orientadas a las políticas publicas | FF23: No | FG23: 0.2 | FH23: 2.3.2.02.02.009 | FI23: =IF(FH23=""," ",VLOOKUP(FH23,[2]Listados!$O$1:$P$65536,2,0)) -> Servicios para la comunidad, sociales y personales | FJ23: 1.2.1.0.00 | FK23: =IF(FJ23=""," ",VLOOKUP(FJ23,[2]Listados!$R$1:$S$65536,2,0)) -> Ingresos corrientes de Libre Destinación | FL23: 590092700 | FM23: 201612000 | GE23: BP-26005396/1/01/01/10 | GF23: Adelantar acciones orientadas a las políticas publicas | GG23: No | GH23: 0.2 | GI23: 2.3.2.02.02.009 | GJ23: =IF(GI23=""," ",VLOOKUP(GI23,[2]Listados!$O$1:$P$65536,2,0)) -> Servicios para la comunidad, sociales y personales | GK23: 1.2.1.0.00 | GL23: =IF(GK23=""," ",VLOOKUP(GK23,[2]Listados!$R$1:$S$65536,2,0)) -> Ingresos corrientes de Libre Destinación | GM23: =+FL23+FM23 -> 791704700 | HF23: BP-26005396/1/01/01/10 | HG23: Adelantar acciones orientadas a las políticas publicas | HH23: No | HI23: 0.2 | HJ23: 2.3.2.02.02.009 | HK23: =IF(HJ23=""," ",VLOOKUP(HJ23,[2]Listados!$O$1:$P$65536,2,0)) -> Servicios para la comunidad, sociales y personales | HL23: 1.2.1.0.00 | HM23: =IF(HL23=""," ",VLOOKUP(HL23,[2]Listados!$R$1:$S$65536,2,0)) -> Ingresos corrientes de Libre Destinación | HN23: =+GM23+GN23 -> 791704700 | IG23: BP-26005396/1/01/01/10 | IH23: Adelantar acciones orientadas a las políticas publicas | II23: No | IJ23: 0.2 | IK23: 2.3.2.02.02.009 | IL23: =IF(IK23=""," ",VLOOKUP(IK23,[2]Listados!$O$1:$P$65536,2,0)) -> Servicios para la comunidad, sociales y personales | IM23: 1.2.1.0.00 | IN23: =IF(IM23=""," ",VLOOKUP(IM23,[2]Listados!$R$1:$S$65536,2,0)) -> Ingresos corrientes de Libre Destinación | IO23: =+HN23+HO23 -> 791704700
CD24: 73879800 | CW24: BP-26005396/1/01/01/14 | CX24: Adelantar acciones orientadas a las políticas publicas | CY24: No | CZ24: 0.1 | DA24: 2.3.2.02.02.009 | DB24: =IF(DA24=""," ",VLOOKUP(DA24,[2]Listados!$O$1:$P$65536,2,0)) -> Servicios para la comunidad, sociales y personales | DC24: 1.3.3.1.00 | DD24: =IF(DC24=""," ",VLOOKUP(DC24,[2]Listados!$R$1:$S$65536,2,0)) -> R.B. Ingresos Corrientes de Libre Destinación | DE24: =+CC24+CD24 -> 73879800 | EC24: BP-26005396/1/01/01/14 | ED24: Adelantar acciones orientadas a las políticas publicas | EE24: No | EF24: 0.1 | EG24: 2.3.2.02.02.009 | EH24: =IF(EG24=""," ",VLOOKUP(EG24,[2]Listados!$O$1:$P$65536,2,0)) -> Servicios para la comunidad, sociales y personales | EI24: 1.3.3.1.00 | EJ24: =IF(EI24=""," ",VLOOKUP(EI24,[2]Listados!$R$1:$S$65536,2,0)) -> R.B. Ingresos Corrientes de Libre Destinación | EK24: 73879800 | FD24: BP-26005396/1/01/01/14 | FE24: Adelantar acciones orientadas a las políticas publicas | FF24: No | FG24: 0.1 | FH24: 2.3.2.02.02.009 | FI24: =IF(FH24=""," ",VLOOKUP(FH24,[2]Listados!$O$1:$P$65536,2,0)) -> Servicios para la comunidad, sociales y personales | FJ24: 1.3.3.1.00 | FK24: =IF(FJ24=""," ",VLOOKUP(FJ24,[2]Listados!$R$1:$S$65536,2,0)) -> R.B. Ingresos Corrientes de Libre Destinación | FL24: 73879800 | FM24: 93497000 | GE24: BP-26005396/1/01/01/14 | GF24: Adelantar acciones orientadas a las políticas publicas | GG24: No | GH24: 0.1 | GI24: 2.3.2.02.02.009 | GJ24: =IF(GI24=""," ",VLOOKUP(GI24,[2]Listados!$O$1:$P$65536,2,0)) -> Servicios para la comunidad, sociales y personales | GK24: 1.3.3.1.00 | GL24: =IF(GK24=""," ",VLOOKUP(GK24,[2]Listados!$R$1:$S$65536,2,0)) -> R.B. Ingresos Corrientes de Libre Destinación | GM24: =+FL24+FM24 -> 167376800 | HF24: BP-26005396/1/01/01/14 | HG24: Adelantar acciones orientadas a las políticas publicas | HH24: No | HI24: 0.1 | HJ24: 2.3.2.02.02.009 | HK24: =IF(HJ24=""," ",VLOOKUP(HJ24,[2]Listados!$O$1:$P$65536,2,0)) -> Servicios para la comunidad, sociales y personales | HL24: 1.3.3.1.00 | HM24: =IF(HL24=""," ",VLOOKUP(HL24,[2]Listados!$R$1:$S$65536,2,0)) -> R.B. Ingresos Corrientes de Libre Destinación | HN24: =+GM24+GN24 -> 167376800 | IG24: BP-26005396/1/01/01/14 | IH24: Adelantar acciones orientadas a las políticas publicas | II24: No | IJ24: 0.1 | IK24: 2.3.2.02.02.009 | IL24: =IF(IK24=""," ",VLOOKUP(IK24,[2]Listados!$O$1:$P$65536,2,0)) -> Servicios para la comunidad, sociales y personales | IM24: 1.3.3.1.00 | IN24: =IF(IM24=""," ",VLOOKUP(IM24,[2]Listados!$R$1:$S$65536,2,0)) -> R.B. Ingresos Corrientes de Libre Destinación | IO24: =+HN24+HO24 -> 167376800
Q25: 1.1.5 | R25: BP-26005396/1/01/01/05 | S25: Apoyar logisticamente los procesos de articulación comunitaria en el marco de la gobernanza territorial | T25: No | U25: 0 | V25: 2.3.2.02.02.006 | W25: =IF(V25=""," ",VLOOKUP(V25,[2]Listados!$O$1:$P$65536,2,0)) -> Servicios de alojamiento; servicios de suministro de comidas y bebidas; servicios de transporte; y servicios de distribución de electricidad, gas y agua | X25: 1.2.1.0.00 | Y25: =IF(X25=""," ",VLOOKUP(X25,[2]Listados!$R$1:$S$65536,2,0)) -> Ingresos corrientes de Libre Destinación | Z25: 0 | AR25: 1.1.5 | AS25: BP-26005396/1/01/01/05 | AT25: Apoyar logisticamente los procesos de articulación comunitaria en el marco de la gobernanza territorial | AU25: No | AV25: 0 | AW25: 2.3.2.02.02.006 | AX25: =IF(AW25=""," ",VLOOKUP(AW25,[2]Listados!$O$1:$P$65536,2,0)) -> Servicios de alojamiento; servicios de suministro de comidas y bebidas; servicios de transporte; y servicios de distribución de electricidad, gas y agua | AY25: 1.2.1.0.00 | AZ25: =IF(AY25=""," ",VLOOKUP(AY25,[2]Listados!$R$1:$S$65536,2,0)) -> Ingresos corrientes de Libre Destinación | BA25: 0 | BT25: 1.1.5 | BU25: BP-26005396/1/01/01/05 | BV25: Apoyar logisticamente los procesos de articulación comunitaria en el marco de la gobernanza territorial | BW25: No | BX25: 0 | BY25: 2.3.2.02.02.006 | BZ25: =IF(BY25=""," ",VLOOKUP(BY25,[2]Listados!$O$1:$P$65536,2,0)) -> Servicios de alojamiento; servicios de suministro de comidas y bebidas; servicios de transporte; y servicios de distribución de electricidad, gas y agua | CA25: 1.2.1.0.00 | CB25: =IF(CA25=""," ",VLOOKUP(CA25,[2]Listados!$R$1:$S$65536,2,0)) -> Ingresos corrientes de Libre Destinación | CC25: 0 | CV25: 1.1.5 | CW25: BP-26005396/1/01/01/05 | CX25: Apoyar logisticamente los procesos de articulación comunitaria en el marco de la gobernanza territorial | CY25: No | CZ25: 0 | DA25: 2.3.2.02.02.006 | DB25: =IF(DA25=""," ",VLOOKUP(DA25,[2]Listados!$O$1:$P$65536,2,0)) -> Servicios de alojamiento; servicios de suministro de comidas y bebidas; servicios de transporte; y servicios de distribución de electricidad, gas y agua | DC25: 1.2.1.0.00 | DD25: =IF(DC25=""," ",VLOOKUP(DC25,[2]Listados!$R$1:$S$65536,2,0)) -> Ingresos corrientes de Libre Destinación | DE25: =+CC25+CD25 -> 0 | EB25: 1.1.5 | EC25: BP-26005396/1/01/01/05 | ED25: Apoyar logisticamente los procesos de articulación comunitaria en el marco de la gobernanza territorial | EE25: No | EF25: 0 | EG25: 2.3.2.02.02.006 | EH25: =IF(EG25=""," ",VLOOKUP(EG25,[2]Listados!$O$1:$P$65536,2,0)) -> Servicios de alojamiento; servicios de suministro de comidas y bebidas; servicios de transporte; y servicios de distribución de electricidad, gas y agua | EI25: 1.2.1.0.00 | EJ25: =IF(EI25=""," ",VLOOKUP(EI25,[2]Listados!$R$1:$S$65536,2,0)) -> Ingresos corrientes de Libre Destinación | EK25: 0 | FC25: 1.1.5 | FD25: BP-26005396/1/01/01/05 | FE25: Apoyar logisticamente los procesos de articulación comunitaria en el marco de la gobernanza territorial | FF25: No | FG25: 0 | FH25: 2.3.2.02.02.006 | FI25: =IF(FH25=""," ",VLOOKUP(FH25,[2]Listados!$O$1:$P$65536,2,0)) -> Servicios de alojamiento; servicios de suministro de comidas y bebidas; servicios de transporte; y servicios de distribución de electricidad, gas y agua | FJ25: 1.2.1.0.00 | FK25: =IF(FJ25=""," ",VLOOKUP(FJ25,[2]Listados!$R$1:$S$65536,2,0)) -> Ingresos corrientes de Libre Destinación | FL25: 0 | GD25: 1.1.5 | GE25: BP-26005396/1/01/01/05 | GF25: Apoyar logisticamente los procesos de articulación comunitaria en el marco de la gobernanza territorial | GG25: No | GH25: 0 | GI25: 2.3.2.02.02.006 | GJ25: =IF(GI25=""," ",VLOOKUP(GI25,[2]Listados!$O$1:$P$65536,2,0)) -> Servicios de alojamiento; servicios de suministro de comidas y bebidas; servicios de transporte; y servicios de distribución de electricidad, gas y agua | GK25: 1.2.1.0.00 | GL25: =IF(GK25=""," ",VLOOKUP(GK25,[2]Listados!$R$1:$S$65536,2,0)) -> Ingresos corrientes de Libre Destinación | GM25: =+FL25+FM25 -> 0 | HE25: 1.1.5 | HF25: BP-26005396/1/01/01/05 | HG25: Apoyar logisticamente los procesos de articulación comunitaria en el marco de la gobernanza territorial | HH25: No | HI25: 0 | HJ25: 2.3.2.02.02.006 | HK25: =IF(HJ25=""," ",VLOOKUP(HJ25,[2]Listados!$O$1:$P$65536,2,0)) -> Servicios de alojamiento; servicios de suministro de comidas y bebidas; servicios de transporte; y servicios de distribución de electricidad, gas y agua | HL25: 1.2.1.0.00 | HM25: =IF(HL25=""," ",VLOOKUP(HL25,[2]Listados!$R$1:$S$65536,2,0)) -> Ingresos corrientes de Libre Destinación | HN25: =+GM25+GN25 -> 0 | IF25: 1.1.5 | IG25: BP-26005396/1/01/01/05 | IH25: Apoyar logisticamente los procesos de articulación comunitaria en el marco de la gobernanza territorial | II25: No | IJ25: 0 | IK25: 2.3.2.02.02.006 | IL25: =IF(IK25=""," ",VLOOKUP(IK25,[2]Listados!$O$1:$P$65536,2,0)) -> Servicios de alojamiento; servicios de suministro de comidas y bebidas; servicios de transporte; y servicios de distribución de electricidad, gas y agua | IM25: 1.2.1.0.00 | IN25: =IF(IM25=""," ",VLOOKUP(IM25,[2]Listados!$R$1:$S$65536,2,0)) -> Ingresos corrientes de Libre Destinación | IO25: =+HN25+HO25 -> 0
R26: BP-26005396/1/01/01/07 | S26: Apoyar logisticamente los procesos de articulación comunitaria en el marco de la gobernanza territorial | T26: No | U26: 0 | V26: 2.3.2.02.02.006 | W26: =IF(V26=""," ",VLOOKUP(V26,[2]Listados!$O$1:$P$65536,2,0)) -> Servicios de alojamiento; servicios de suministro de comidas y bebidas; servicios de transporte; y servicios de distribución de electricidad, gas y agua | X26: 1.3.2.3.01.01 | Y26: =IF(X26=""," ",VLOOKUP(X26,[2]Listados!$R$1:$S$65536,2,0)) -> R.F. ICLD | Z26: 0 | AS26: BP-26005396/1/01/01/07 | AT26: Apoyar logisticamente los procesos de articulación comunitaria en el marco de la gobernanza territorial | AU26: No | AV26: 0 | AW26: 2.3.2.02.02.006 | AX26: =IF(AW26=""," ",VLOOKUP(AW26,[2]Listados!$O$1:$P$65536,2,0)) -> Servicios de alojamiento; servicios de suministro de comidas y bebidas; servicios de transporte; y servicios de distribución de electricidad, gas y agua | AY26: 1.3.2.3.01.01 | AZ26: =IF(AY26=""," ",VLOOKUP(AY26,[2]Listados!$R$1:$S$65536,2,0)) -> R.F. ICLD | BA26: 0 | BU26: BP-26005396/1/01/01/07 | BV26: Apoyar logisticamente los procesos de articulación comunitaria en el marco de la gobernanza territorial | BW26: No | BX26: 0 | BY26: 2.3.2.02.02.006 | BZ26: =IF(BY26=""," ",VLOOKUP(BY26,[2]Listados!$O$1:$P$65536,2,0)) -> Servicios de alojamiento; servicios de suministro de comidas y bebidas; servicios de transporte; y servicios de distribución de electricidad, gas y agua | CA26: 1.3.2.3.01.01 | CB26: =IF(CA26=""," ",VLOOKUP(CA26,[2]Listados!$R$1:$S$65536,2,0)) -> R.F. ICLD | CC26: 0 | CW26: BP-26005396/1/01/01/07 | CX26: Apoyar logisticamente los procesos de articulación comunitaria en el marco de la gobernanza territorial | CY26: No | CZ26: 0 | DA26: 2.3.2.02.02.006 | DB26: =IF(DA26=""," ",VLOOKUP(DA26,[2]Listados!$O$1:$P$65536,2,0)) -> Servicios de alojamiento; servicios de suministro de comidas y bebidas; servicios de transporte; y servicios de distribución de electricidad, gas y agua | DC26: 1.3.2.3.01.01 | DD26: =IF(DC26=""," ",VLOOKUP(DC26,[2]Listados!$R$1:$S$65536,2,0)) -> R.F. ICLD | DE26: =+CC26+CD26 -> 0 | EC26: BP-26005396/1/01/01/07 | ED26: Apoyar logisticamente los procesos de articulación comunitaria en el marco de la gobernanza territorial | EE26: No | EF26: 0 | EG26: 2.3.2.02.02.006 | EH26: =IF(EG26=""," ",VLOOKUP(EG26,[2]Listados!$O$1:$P$65536,2,0)) -> Servicios de alojamiento; servicios de suministro de comidas y bebidas; servicios de transporte; y servicios de distribución de electricidad, gas y agua | EI26: 1.3.2.3.01.01 | EJ26: =IF(EI26=""," ",VLOOKUP(EI26,[2]Listados!$R$1:$S$65536,2,0)) -> R.F. ICLD | EK26: 0 | FD26: BP-26005396/1/01/01/07 | FE26: Apoyar logisticamente los procesos de articulación comunitaria en el marco de la gobernanza territorial | FF26: No | FG26: 0 | FH26: 2.3.2.02.02.006 | FI26: =IF(FH26=""," ",VLOOKUP(FH26,[2]Listados!$O$1:$P$65536,2,0)) -> Servicios de alojamiento; servicios de suministro de comidas y bebidas; servicios de transporte; y servicios de distribución de electricidad, gas y agua | FJ26: 1.3.2.3.01.01 | FK26: =IF(FJ26=""," ",VLOOKUP(FJ26,[2]Listados!$R$1:$S$65536,2,0)) -> R.F. ICLD | FL26: 0 | GE26: BP-26005396/1/01/01/07 | GF26: Apoyar logisticamente los procesos de articulación comunitaria en el marco de la gobernanza territorial | GG26: No | GH26: 0 | GI26: 2.3.2.02.02.006 | GJ26: =IF(GI26=""," ",VLOOKUP(GI26,[2]Listados!$O$1:$P$65536,2,0)) -> Servicios de alojamiento; servicios de suministro de comidas y bebidas; servicios de transporte; y servicios de distribución de electricidad, gas y agua | GK26: 1.3.2.3.01.01 | GL26: =IF(GK26=""," ",VLOOKUP(GK26,[2]Listados!$R$1:$S$65536,2,0)) -> R.F. ICLD | GM26: =+FL26+FM26 -> 0 | HF26: BP-26005396/1/01/01/07 | HG26: Apoyar logisticamente los procesos de articulación comunitaria en el marco de la gobernanza territorial | HH26: No | HI26: 0 | HJ26: 2.3.2.02.02.006 | HK26: =IF(HJ26=""," ",VLOOKUP(HJ26,[2]Listados!$O$1:$P$65536,2,0)) -> Servicios de alojamiento; servicios de suministro de comidas y bebidas; servicios de transporte; y servicios de distribución de electricidad, gas y agua | HL26: 1.3.2.3.01.01 | HM26: =IF(HL26=""," ",VLOOKUP(HL26,[2]Listados!$R$1:$S$65536,2,0)) -> R.F. ICLD | HN26: =+GM26+GN26 -> 0 | IG26: BP-26005396/1/01/01/07 | IH26: Apoyar logisticamente los procesos de articulación comunitaria en el marco de la gobernanza territorial | II26: No | IJ26: 0 | IK26: 2.3.2.02.02.006 | IL26: =IF(IK26=""," ",VLOOKUP(IK26,[2]Listados!$O$1:$P$65536,2,0)) -> Servicios de alojamiento; servicios de suministro de comidas y bebidas; servicios de transporte; y servicios de distribución de electricidad, gas y agua | IM26: 1.3.2.3.01.01 | IN26: =IF(IM26=""," ",VLOOKUP(IM26,[2]Listados!$R$1:$S$65536,2,0)) -> R.F. ICLD | IO26: =+HN26+HO26 -> 0
Q27: 1.1.6 | R27: BP-26005396/1/01/01/06 | S27: Adquirir vehiculo para el apoyo de los procesos de gobernanza en el territorio | T27: No | U27: 0 | W27: =IF(V27=""," ",VLOOKUP(V27,[2]Listados!$O$1:$P$65536,2,0)) | Y27: =IF(X27=""," ",VLOOKUP(X27,[2]Listados!$R$1:$S$65536,2,0)) | Z27: 0 | AR27: 1.1.6 | AS27: BP-26005396/1/01/01/06 | AT27: Adquirir vehiculo para el apoyo de los procesos de gobernanza en el territorio | AU27: No | AV27: 0 | AX27: =IF(AW27=""," ",VLOOKUP(AW27,[2]Listados!$O$1:$P$65536,2,0)) | AZ27: =IF(AY27=""," ",VLOOKUP(AY27,[2]Listados!$R$1:$S$65536,2,0)) | BA27: 0 | BT27: 1.1.6 | BU27: BP-26005396/1/01/01/06 | BV27: Adquirir vehiculo para el apoyo de los procesos de gobernanza en el territorio | BW27: No | BX27: 0 | BZ27: =IF(BY27=""," ",VLOOKUP(BY27,[2]Listados!$O$1:$P$65536,2,0)) | CB27: =IF(CA27=""," ",VLOOKUP(CA27,[2]Listados!$R$1:$S$65536,2,0)) | CC27: 0 | CV27: 1.1.6 | CW27: BP-26005396/1/01/01/06 | CX27: Adquirir vehiculo para el apoyo de los procesos de gobernanza en el territorio | CY27: No | CZ27: 0 | DB27: =IF(DA27=""," ",VLOOKUP(DA27,[2]Listados!$O$1:$P$65536,2,0)) | DD27: =IF(DC27=""," ",VLOOKUP(DC27,[2]Listados!$R$1:$S$65536,2,0)) | DE27: =+CC27+CD27 -> 0 | EB27: 1.1.6 | EC27: BP-26005396/1/01/01/06 | ED27: Adquirir vehiculo para el apoyo de los procesos de gobernanza en el territorio | EE27: No | EF27: 0 | EH27: =IF(EG27=""," ",VLOOKUP(EG27,[2]Listados!$O$1:$P$65536,2,0)) | EJ27: =IF(EI27=""," ",VLOOKUP(EI27,[2]Listados!$R$1:$S$65536,2,0)) | EK27: 0 | FC27: 1.1.6 | FD27: BP-26005396/1/01/01/06 | FE27: Adquirir vehiculo para el apoyo de los procesos de gobernanza en el territorio | FF27: No | FG27: 0 | FI27: =IF(FH27=""," ",VLOOKUP(FH27,[2]Listados!$O$1:$P$65536,2,0)) | FK27: =IF(FJ27=""," ",VLOOKUP(FJ27,[2]Listados!$R$1:$S$65536,2,0)) | FL27: 0 | GD27: 1.1.6 | GE27: BP-26005396/1/01/01/06 | GF27: Adquirir vehiculo para el apoyo de los procesos de gobernanza en el territorio | GG27: No | GH27: 0 | GJ27: =IF(GI27=""," ",VLOOKUP(GI27,[2]Listados!$O$1:$P$65536,2,0)) | GL27: =IF(GK27=""," ",VLOOKUP(GK27,[2]Listados!$R$1:$S$65536,2,0)) | GM27: =+FL27+FM27 -> 0 | HE27: 1.1.6 | HF27: BP-26005396/1/01/01/06 | HG27: Adquirir vehiculo para el apoyo de los procesos de gobernanza en el territorio | HH27: No | HI27: 0 | HK27: =IF(HJ27=""," ",VLOOKUP(HJ27,[2]Listados!$O$1:$P$65536,2,0)) | HM27: =IF(HL27=""," ",VLOOKUP(HL27,[2]Listados!$R$1:$S$65536,2,0)) | HN27: =+GM27+GN27 -> 0 | IF27: 1.1.6 | IG27: BP-26005396/1/01/01/06 | IH27: Adquirir vehiculo para el apoyo de los procesos de gobernanza en el territorio | II27: No | IJ27: 0 | IL27: =IF(IK27=""," ",VLOOKUP(IK27,[2]Listados!$O$1:$P$65536,2,0)) | IN27: =IF(IM27=""," ",VLOOKUP(IM27,[2]Listados!$R$1:$S$65536,2,0)) | IO27: =+HN27+HO27 -> 0
BB28: 11001000 | BT28: 1.1.7 | BU28: BP-26005396/1/01/01/15 | BV28: BP-26005396 FORTALECIMIENTO DE LA GOBERNANZA TERRITORIAL EN PARTICIPACIÓN CIUDADANA EN SANTIAGO DE CALI - pago de pasivos exigibles vigencia expirada | BW28: No | BX28: 0.02 | BY28: 2.3.2.02.02.009 | BZ28: Servicios para la comunidad, sociales y personales | CA28: 1.2.1.0.00 | CB28: Ingresos corrientes de Libre Destinación | CC28: =+BA28+BB28 -> 11001000 | CV28: 1.1.7 | CW28: BP-26005396/1/01/01/15 | CX28: BP-26005396 FORTALECIMIENTO DE LA GOBERNANZA TERRITORIAL EN PARTICIPACIÓN CIUDADANA EN SANTIAGO DE CALI - pago de pasivos exigibles vigencia expirada | CY28: No | CZ28: 0.02 | DA28: 2.3.2.02.02.009 | DB28: Servicios para la comunidad, sociales y personales | DC28: 1.2.1.0.00 | DD28: =IF(DC28=""," ",VLOOKUP(DC28,[2]Listados!$R$1:$S$65536,2,0)) -> Ingresos corrientes de Libre Destinación | DE28: =+CC28+CD28 -> 11001000 | EB28: 1.1.7 | EC28: BP-26005396/1/01/01/15 | ED28: BP-26005396 FORTALECIMIENTO DE LA GOBERNANZA TERRITORIAL EN PARTICIPACIÓN CIUDADANA EN SANTIAGO DE CALI - pago de pasivos exigibles vigencia expirada | EE28: No | EF28: 0.02 | EG28: 2.3.2.02.02.009 | EH28: Servicios para la comunidad, sociales y personales | EI28: 1.2.1.0.00 | EJ28: =IF(EI28=""," ",VLOOKUP(EI28,[2]Listados!$R$1:$S$65536,2,0)) -> Ingresos corrientes de Libre Destinación | EK28: 11001000 | FC28: 1.1.7 | FD28: BP-26005396/1/01/01/15 | FE28: BP-26005396 FORTALECIMIENTO DE LA GOBERNANZA TERRITORIAL EN PARTICIPACIÓN CIUDADANA EN SANTIAGO DE CALI - pago de pasivos exigibles vigencia expirada | FF28: No | FG28: 0.02 | FH28: 2.3.2.02.02.009 | FI28: Servicios para la comunidad, sociales y personales | FJ28: 1.2.1.0.00 | FK28: =IF(FJ28=""," ",VLOOKUP(FJ28,[2]Listados!$R$1:$S$65536,2,0)) -> Ingresos corrientes de Libre Destinación | FL28: 11001000 | GD28: 1.1.7 | GE28: BP-26005396/1/01/01/15 | GF28: BP-26005396 FORTALECIMIENTO DE LA GOBERNANZA TERRITORIAL EN PARTICIPACIÓN CIUDADANA EN SANTIAGO DE CALI - pago de pasivos exigibles vigencia expirada | GG28: No | GH28: 0.02 | GI28: 2.3.2.02.02.009 | GJ28: Servicios para la comunidad, sociales y personales | GK28: 1.2.1.0.00 | GL28: =IF(GK28=""," ",VLOOKUP(GK28,[2]Listados!$R$1:$S$65536,2,0)) -> Ingresos corrientes de Libre Destinación | GM28: =+FL28+FM28 -> 11001000 | HE28: 1.1.7 | HF28: BP-26005396/1/01/01/15 | HG28: BP-26005396 FORTALECIMIENTO DE LA GOBERNANZA TERRITORIAL EN PARTICIPACIÓN CIUDADANA EN SANTIAGO DE CALI - pago de pasivos exigibles vigencia expirada | HH28: No | HI28: 0.02 | HJ28: 2.3.2.02.02.009 | HK28: Servicios para la comunidad, sociales y personales | HL28: 1.2.1.0.00 | HM28: =IF(HL28=""," ",VLOOKUP(HL28,[2]Listados!$R$1:$S$65536,2,0)) -> Ingresos corrientes de Libre Destinación | HN28: =+GM28+GN28 -> 11001000 | IF28: 1.1.7 | IG28: BP-26005396/1/01/01/15 | IH28: BP-26005396 FORTALECIMIENTO DE LA GOBERNANZA TERRITORIAL EN PARTICIPACIÓN CIUDADANA EN SANTIAGO DE CALI - pago de pasivos exigibles vigencia expirada | II28: No | IJ28: 0.02 | IK28: 2.3.2.02.02.009 | IL28: Servicios para la comunidad, sociales y personales | IM28: 1.2.1.0.00 | IN28: =IF(IM28=""," ",VLOOKUP(IM28,[2]Listados!$R$1:$S$65536,2,0)) -> Ingresos corrientes de Libre Destinación | IO28: =+HN28+HO28 -> 11001000
E29: 2. | F29: Incentivar a los grupos de valor y a la institucionalidad para participar, mantener y mejorar los espacios públicos de la ciudad. | G29: 4502033 | H29: 2.1 | I29: Servicio de integración de la oferta pública | J29: 450203300 | K29: Espacios de integración de oferta pública generados | L29: Número | M29: 18 | N29: 0.2 | O29: 63010010005 | P29: Entornos de ciudad con procesos de gobernanza y participación ciudadana, intersectorialmente apoyados | Q29: 2.1.1 | R29: BP-26005396/1/02/01/01 | S29: Adelantar acciones de acercamiento y articulación hacia los territorios en el marco de la gobernanza territorial | T29: Si | U29: 0.3 | V29: 2.3.2.02.02.009 | W29: =IF(V29=""," ",VLOOKUP(V29,[2]Listados!$O$1:$P$65536,2,0)) -> Servicios para la comunidad, sociales y personales | X29: 1.2.1.0.00 | Y29: =IF(X29=""," ",VLOOKUP(X29,[2]Listados!$R$1:$S$65536,2,0)) -> Ingresos corrientes de Libre Destinación | Z29: 80084160 | AF29: 2. | AG29: Incentivar a los grupos de valor y a la institucionalidad para participar, mantener y mejorar los espacios públicos de la ciudad. | AH29: 4502033 | AI29: 2.1 | AJ29: Servicio de integración de la oferta pública | AK29: 450203300 | AL29: Espacios de integración de oferta pública generados | AM29: Número | AN29: 18 | AO29: 0.2 | AP29: 63010010005 | AQ29: Entornos de ciudad con procesos de gobernanza y participación ciudadana, intersectorialmente apoyados | AR29: 2.1.1 | AS29: BP-26005396/1/02/01/01 | AT29: Adelantar acciones de acercamiento y articulación hacia los territorios en el marco de la gobernanza territorial | AU29: Si | AV29: 0.1 | AW29: 2.3.2.02.02.009 | AX29: =IF(AW29=""," ",VLOOKUP(AW29,[2]Listados!$O$1:$P$65536,2,0)) -> Servicios para la comunidad, sociales y personales | AY29: 1.2.1.0.00 | AZ29: =IF(AY29=""," ",VLOOKUP(AY29,[2]Listados!$R$1:$S$65536,2,0)) -> Ingresos corrientes de Libre Destinación | BA29: 80084160 | BH29: 2. | BI29: Incentivar a los grupos de valor y a la institucionalidad para participar, mantener y mejorar los espacios públicos de la ciudad. | BJ29: 4502033 | BK29: 2.1 | BL29: Servicio de integración de la oferta pública | BM29: 450203300 | BN29: Espacios de integración de oferta pública generados | BO29: Número | BP29: 18 | BQ29: 0.2 | BR29: 63010010005 | BS29: Entornos de ciudad con procesos de gobernanza y participación ciudadana, intersectorialmente apoyados | BT29: 2.1.1 | BU29: BP-26005396/1/02/01/01 | BV29: Adelantar acciones de acercamiento y articulación hacia los territorios en el marco de la gobernanza territorial | BW29: Si | BX29: 0.1 | BY29: 2.3.2.02.02.009 | BZ29: =IF(BY29=""," ",VLOOKUP(BY29,[2]Listados!$O$1:$P$65536,2,0)) -> Servicios para la comunidad, sociales y personales | CA29: 1.2.1.0.00 | CB29: =IF(CA29=""," ",VLOOKUP(CA29,[2]Listados!$R$1:$S$65536,2,0)) -> Ingresos corrientes de Libre Destinación | CC29: 80084160 | CJ29: 2. | CK29: Incentivar a los grupos de valor y a la institucionalidad para participar, mantener y mejorar los espacios públicos de la ciudad. | CL29: 4502033 | CM29: 2.1 | CN29: Servicio de integración de la oferta pública | CO29: 450203300 | CP29: Espacios de integración de oferta pública generados | CQ29: Número | CR29: 18 | CS29: 0.2 | CT29: 63010010005 | CU29: Entornos de ciudad con procesos de gobernanza y participación ciudadana, intersectorialmente apoyados | CV29: 2.1.1 | CW29: BP-26005396/1/02/01/01 | CX29: Adelantar acciones de acercamiento y articulación hacia los territorios en el marco de la gobernanza territorial | CY29: Si | CZ29: 0.1 | DA29: 2.3.2.02.02.009 | DB29: =IF(DA29=""," ",VLOOKUP(DA29,[2]Listados!$O$1:$P$65536,2,0)) -> Servicios para la comunidad, sociales y personales | DC29: 1.2.1.0.00 | DD29: =IF(DC29=""," ",VLOOKUP(DC29,[2]Listados!$R$1:$S$65536,2,0)) -> Ingresos corrientes de Libre Destinación | DE29: =+CC29+CD29 -> 80084160 | DK29: 48930000 | DP29: 2. | DQ29: Incentivar a los grupos de valor y a la institucionalidad para participar, mantener y mejorar los espacios públicos de la ciudad. | DR29: 4502033 | DS29: 2.1 | DT29: Servicio de integración de la oferta pública | DU29: 450203300 | DV29: Espacios de integración de oferta pública generados | DW29: Número | DX29: 18 | DY29: 0.2 | DZ29: 63010010005 | EA29: Entornos de ciudad con procesos de gobernanza y participación ciudadana, intersectorialmente apoyados | EB29: 2.1.1 | EC29: BP-26005396/1/02/01/01 | ED29: Adelantar acciones de acercamiento y articulación hacia los territorios en el marco de la gobernanza territorial | EE29: Si | EF29: 0.1 | EG29: 2.3.2.02.02.009 | EH29: =IF(EG29=""," ",VLOOKUP(EG29,[2]Listados!$O$1:$P$65536,2,0)) -> Servicios para la comunidad, sociales y personales | EI29: 1.2.1.0.00 | EJ29: =IF(EI29=""," ",VLOOKUP(EI29,[2]Listados!$R$1:$S$65536,2,0)) -> Ingresos corrientes de Libre Destinación | EK29: 129014160 | EQ29: 2. | ER29: Incentivar a los grupos de valor y a la institucionalidad para participar, mantener y mejorar los espacios públicos de la ciudad. | ES29: 4502033 | ET29: 2.1 | EU29: Servicio de integración de la oferta pública | EV29: 450203300 | EW29: Espacios de integración de oferta pública generados | EX29: Número | EY29: 18 | EZ29: 0.2 | FA29: 63010010005 | FB29: Entornos de ciudad con procesos de gobernanza y participación ciudadana, intersectorialmente apoyados | FC29: 2.1.1 | FD29: BP-26005396/1/02/01/01 | FE29: Adelantar acciones de acercamiento y articulación hacia los territorios en el marco de la gobernanza territorial | FF29: Si | FG29: 0.1 | FH29: 2.3.2.02.02.009 | FI29: =IF(FH29=""," ",VLOOKUP(FH29,[2]Listados!$O$1:$P$65536,2,0)) -> Servicios para la comunidad, sociales y personales | FJ29: 1.2.1.0.00 | FK29: =IF(FJ29=""," ",VLOOKUP(FJ29,[2]Listados!$R$1:$S$65536,2,0)) -> Ingresos corrientes de Libre Destinación | FL29: 129014160 | FM29: 48930000 | FR29: 2. | FS29: Incentivar a los grupos de valor y a la institucionalidad para participar, mantener y mejorar los espacios públicos de la ciudad. | FT29: 4502033 | FU29: 2.1 | FV29: Servicio de integración de la oferta pública | FW29: 450203300 | FX29: Espacios de integración de oferta pública generados | FY29: Número | FZ29: 18 | GA29: 0.2 | GB29: 63010010005 | GC29: Entornos de ciudad con procesos de gobernanza y participación ciudadana, intersectorialmente apoyados | GD29: 2.1.1 | GE29: BP-26005396/1/02/01/01 | GF29: Adelantar acciones de acercamiento y articulación hacia los territorios en el marco de la gobernanza territorial | GG29: Si | GH29: 0.1 | GI29: 2.3.2.02.02.009 | GJ29: =IF(GI29=""," ",VLOOKUP(GI29,[2]Listados!$O$1:$P$65536,2,0)) -> Servicios para la comunidad, sociales y personales | GK29: 1.2.1.0.00 | GL29: =IF(GK29=""," ",VLOOKUP(GK29,[2]Listados!$R$1:$S$65536,2,0)) -> Ingresos corrientes de Libre Destinación | GM29: =+FL29+FM29 -> 177944160 | GS29: 2. | GT29: Incentivar a los grupos de valor y a la institucionalidad para participar, mantener y mejorar los espacios públicos de la ciudad. | GU29: 4502033 | GV29: 2.1 | GW29: Servicio de integración de la oferta pública | GX29: 450203300 | GY29: Espacios de integración de oferta pública generados | GZ29: Número | HA29: 18 | HB29: 0.2 | HC29: 63010010005 | HD29: Entornos de ciudad con procesos de gobernanza y participación ciudadana, intersectorialmente apoyados | HE29: 2.1.1 | HF29: BP-26005396/1/02/01/01 | HG29: Adelantar acciones de acercamiento y articulación hacia los territorios en el marco de la gobernanza territorial | HH29: Si | HI29: 0.1 | HJ29: 2.3.2.02.02.009 | HK29: =IF(HJ29=""," ",VLOOKUP(HJ29,[2]Listados!$O$1:$P$65536,2,0)) -> Servicios para la comunidad, sociales y personales | HL29: 1.2.1.0.00 | HM29: =IF(HL29=""," ",VLOOKUP(HL29,[2]Listados!$R$1:$S$65536,2,0)) -> Ingresos corrientes de Libre Destinación | HN29: =+GM29+GN29 -> 177944160 | HT29: 2. | HU29: Incentivar a los grupos de valor y a la institucionalidad para participar, mantener y mejorar los espacios públicos de la ciudad. | HV29: 4502033 | HW29: 2.1 | HX29: Servicio de integración de la oferta pública | HY29: 450203300 | HZ29: Espacios de integración de oferta pública generados | IA29: Número | IB29: 18 | IC29: 0.2 | ID29: 63010010005 | IE29: Entornos de ciudad con procesos de gobernanza y participación ciudadana, intersectorialmente apoyados | IF29: 2.1.1 | IG29: BP-26005396/1/02/01/01 | IH29: Adelantar acciones de acercamiento y articulación hacia los territorios en el marco de la gobernanza territorial | II29: Si | IJ29: 0.1 | IK29: 2.3.2.02.02.009 | IL29: =IF(IK29=""," ",VLOOKUP(IK29,[2]Listados!$O$1:$P$65536,2,0)) -> Servicios para la comunidad, sociales y personales | IM29: 1.2.1.0.00 | IN29: =IF(IM29=""," ",VLOOKUP(IM29,[2]Listados!$R$1:$S$65536,2,0)) -> Ingresos corrientes de Libre Destinación | IO29: =+HN29+HO29 -> 177944160
R30: BP-26005396/1/02/01/03 | S30: Adelantar acciones de acercamiento y articulación hacia los territorios en el marco de la gobernanza territorial | U30: 0 | V30: 2.3.2.02.02.009 | W30: =IF(V30=""," ",VLOOKUP(V30,[2]Listados!$O$1:$P$65536,2,0)) -> Servicios para la comunidad, sociales y personales | X30: 1.3.1.1.02.01 | Y30: =IF(X30=""," ",VLOOKUP(X30,[2]Listados!$R$1:$S$65536,2,0)) -> Excedentes Financieros EMCALI | Z30: 0 | AS30: BP-26005396/1/02/01/03 | AT30: Adelantar acciones de acercamiento y articulación hacia los territorios en el marco de la gobernanza territorial | AU30: No | AV30: 0 | AW30: 2.3.2.02.02.009 | AX30: =IF(AW30=""," ",VLOOKUP(AW30,[2]Listados!$O$1:$P$65536,2,0)) -> Servicios para la comunidad, sociales y personales | AY30: 1.3.1.1.02.01 | AZ30: =IF(AY30=""," ",VLOOKUP(AY30,[2]Listados!$R$1:$S$65536,2,0)) -> Excedentes Financieros EMCALI | BA30: 0 | BU30: BP-26005396/1/02/01/03 | BV30: Adelantar acciones de acercamiento y articulación hacia los territorios en el marco de la gobernanza territorial | BW30: No | BX30: 0 | BY30: 2.3.2.02.02.009 | BZ30: =IF(BY30=""," ",VLOOKUP(BY30,[2]Listados!$O$1:$P$65536,2,0)) -> Servicios para la comunidad, sociales y personales | CA30: 1.3.1.1.02.01 | CB30: =IF(CA30=""," ",VLOOKUP(CA30,[2]Listados!$R$1:$S$65536,2,0)) -> Excedentes Financieros EMCALI | CC30: 0 | CW30: BP-26005396/1/02/01/03 | CX30: Adelantar acciones de acercamiento y articulación hacia los territorios en el marco de la gobernanza territorial | CY30: No | CZ30: 0 | DA30: 2.3.2.02.02.009 | DB30: =IF(DA30=""," ",VLOOKUP(DA30,[2]Listados!$O$1:$P$65536,2,0)) -> Servicios para la comunidad, sociales y personales | DC30: 1.3.1.1.02.01 | DD30: =IF(DC30=""," ",VLOOKUP(DC30,[2]Listados!$R$1:$S$65536,2,0)) -> Excedentes Financieros EMCALI | DE30: =+CC30+CD30 -> 0 | EC30: BP-26005396/1/02/01/03 | ED30: Adelantar acciones de acercamiento y articulación hacia los territorios en el marco de la gobernanza territorial | EE30: No | EF30: 0 | EG30: 2.3.2.02.02.009 | EH30: =IF(EG30=""," ",VLOOKUP(EG30,[2]Listados!$O$1:$P$65536,2,0)) -> Servicios para la comunidad, sociales y personales | EI30: 1.3.1.1.02.01 | EJ30: =IF(EI30=""," ",VLOOKUP(EI30,[2]Listados!$R$1:$S$65536,2,0)) -> Excedentes Financieros EMCALI | EK30: 0 | FD30: BP-26005396/1/02/01/03 | FE30: Adelantar acciones de acercamiento y articulación hacia los territorios en el marco de la gobernanza territorial | FF30: No | FG30: 0 | FH30: 2.3.2.02.02.009 | FI30: =IF(FH30=""," ",VLOOKUP(FH30,[2]Listados!$O$1:$P$65536,2,0)) -> Servicios para la comunidad, sociales y personales | FJ30: 1.3.1.1.02.01 | FK30: =IF(FJ30=""," ",VLOOKUP(FJ30,[2]Listados!$R$1:$S$65536,2,0)) -> Excedentes Financieros EMCALI | FL30: 0 | GE30: BP-26005396/1/02/01/03 | GF30: Adelantar acciones de acercamiento y articulación hacia los territorios en el marco de la gobernanza territorial | GG30: No | GH30: 0 | GI30: 2.3.2.02.02.009 | GJ30: =IF(GI30=""," ",VLOOKUP(GI30,[2]Listados!$O$1:$P$65536,2,0)) -> Servicios para la comunidad, sociales y personales | GK30: 1.3.1.1.02.01 | GL30: =IF(GK30=""," ",VLOOKUP(GK30,[2]Listados!$R$1:$S$65536,2,0)) -> Excedentes Financieros EMCALI | GM30: =+FL30+FM30 -> 0 | HF30: BP-26005396/1/02/01/03 | HG30: Adelantar acciones de acercamiento y articulación hacia los territorios en el marco de la gobernanza territorial | HH30: No | HI30: 0 | HJ30: 2.3.2.02.02.009 | HK30: =IF(HJ30=""," ",VLOOKUP(HJ30,[2]Listados!$O$1:$P$65536,2,0)) -> Servicios para la comunidad, sociales y personales | HL30: 1.3.1.1.02.01 | HM30: =IF(HL30=""," ",VLOOKUP(HL30,[2]Listados!$R$1:$S$65536,2,0)) -> Excedentes Financieros EMCALI | HN30: =+GM30+GN30 -> 0 | IG30: BP-26005396/1/02/01/03 | IH30: Adelantar acciones de acercamiento y articulación hacia los territorios en el marco de la gobernanza territorial | II30: No | IJ30: 0 | IK30: 2.3.2.02.02.009 | IL30: =IF(IK30=""," ",VLOOKUP(IK30,[2]Listados!$O$1:$P$65536,2,0)) -> Servicios para la comunidad, sociales y personales | IM30: 1.3.1.1.02.01 | IN30: =IF(IM30=""," ",VLOOKUP(IM30,[2]Listados!$R$1:$S$65536,2,0)) -> Excedentes Financieros EMCALI | IO30: =+HN30+HO30 -> 0
R31: BP-26005396/1/02/01/04 | S31: Adelantar acciones de acercamiento y articulación hacia los territorios en el marco de la gobernanza territorial | U31: 0 | V31: 2.3.2.02.02.009 | W31: =IF(V31=""," ",VLOOKUP(V31,[2]Listados!$O$1:$P$65536,2,0)) -> Servicios para la comunidad, sociales y personales | X31: 1.3.3.11.02.01 | Y31: =IF(X31=""," ",VLOOKUP(X31,[2]Listados!$R$1:$S$65536,2,0)) -> R.B. Excedentes Financieros EMCALI | Z31: 0 | AS31: BP-26005396/1/02/01/04 | AT31: Adelantar acciones de acercamiento y articulación hacia los territorios en el marco de la gobernanza territorial | AU31: No | AV31: 0 | AW31: 2.3.2.02.02.009 | AX31: =IF(AW31=""," ",VLOOKUP(AW31,[2]Listados!$O$1:$P$65536,2,0)) -> Servicios para la comunidad, sociales y personales | AY31: 1.3.3.11.02.01 | AZ31: =IF(AY31=""," ",VLOOKUP(AY31,[2]Listados!$R$1:$S$65536,2,0)) -> R.B. Excedentes Financieros EMCALI | BA31: 0 | BU31: BP-26005396/1/02/01/04 | BV31: Adelantar acciones de acercamiento y articulación hacia los territorios en el marco de la gobernanza territorial | BW31: No | BX31: 0 | BY31: 2.3.2.02.02.009 | BZ31: =IF(BY31=""," ",VLOOKUP(BY31,[2]Listados!$O$1:$P$65536,2,0)) -> Servicios para la comunidad, sociales y personales | CA31: 1.3.3.11.02.01 | CB31: =IF(CA31=""," ",VLOOKUP(CA31,[2]Listados!$R$1:$S$65536,2,0)) -> R.B. Excedentes Financieros EMCALI | CC31: 0 | CW31: BP-26005396/1/02/01/04 | CX31: Adelantar acciones de acercamiento y articulación hacia los territorios en el marco de la gobernanza territorial | CY31: No | CZ31: 0 | DA31: 2.3.2.02.02.009 | DB31: =IF(DA31=""," ",VLOOKUP(DA31,[2]Listados!$O$1:$P$65536,2,0)) -> Servicios para la comunidad, sociales y personales | DC31: 1.3.3.11.02.01 | DD31: =IF(DC31=""," ",VLOOKUP(DC31,[2]Listados!$R$1:$S$65536,2,0)) -> R.B. Excedentes Financieros EMCALI | DE31: =+CC31+CD31 -> 0 | EC31: BP-26005396/1/02/01/04 | ED31: Adelantar acciones de acercamiento y articulación hacia los territorios en el marco de la gobernanza territorial | EE31: No | EF31: 0 | EG31: 2.3.2.02.02.009 | EH31: =IF(EG31=""," ",VLOOKUP(EG31,[2]Listados!$O$1:$P$65536,2,0)) -> Servicios para la comunidad, sociales y personales | EI31: 1.3.3.11.02.01 | EJ31: =IF(EI31=""," ",VLOOKUP(EI31,[2]Listados!$R$1:$S$65536,2,0)) -> R.B. Excedentes Financieros EMCALI | EK31: 0 | FD31: BP-26005396/1/02/01/04 | FE31: Adelantar acciones de acercamiento y articulación hacia los territorios en el marco de la gobernanza territorial | FF31: No | FG31: 0 | FH31: 2.3.2.02.02.009 | FI31: =IF(FH31=""," ",VLOOKUP(FH31,[2]Listados!$O$1:$P$65536,2,0)) -> Servicios para la comunidad, sociales y personales | FJ31: 1.3.3.11.02.01 | FK31: =IF(FJ31=""," ",VLOOKUP(FJ31,[2]Listados!$R$1:$S$65536,2,0)) -> R.B. Excedentes Financieros EMCALI | FL31: 0 | GE31: BP-26005396/1/02/01/04 | GF31: Adelantar acciones de acercamiento y articulación hacia los territorios en el marco de la gobernanza territorial | GG31: No | GH31: 0 | GI31: 2.3.2.02.02.009 | GJ31: =IF(GI31=""," ",VLOOKUP(GI31,[2]Listados!$O$1:$P$65536,2,0)) -> Servicios para la comunidad, sociales y personales | GK31: 1.3.3.11.02.01 | GL31: =IF(GK31=""," ",VLOOKUP(GK31,[2]Listados!$R$1:$S$65536,2,0)) -> R.B. Excedentes Financieros EMCALI | GM31: =+FL31+FM31 -> 0 | HF31: BP-26005396/1/02/01/04 | HG31: Adelantar acciones de acercamiento y articulación hacia los territorios en el marco de la gobernanza territorial | HH31: No | HI31: 0 | HJ31: 2.3.2.02.02.009 | HK31: =IF(HJ31=""," ",VLOOKUP(HJ31,[2]Listados!$O$1:$P$65536,2,0)) -> Servicios para la comunidad, sociales y personales | HL31: 1.3.3.11.02.01 | HM31: =IF(HL31=""," ",VLOOKUP(HL31,[2]Listados!$R$1:$S$65536,2,0)) -> R.B. Excedentes Financieros EMCALI | HN31: =+GM31+GN31 -> 0 | IG31: BP-26005396/1/02/01/04 | IH31: Adelantar acciones de acercamiento y articulación hacia los territorios en el marco de la gobernanza territorial | II31: No | IJ31: 0 | IK31: 2.3.2.02.02.009 | IL31: =IF(IK31=""," ",VLOOKUP(IK31,[2]Listados!$O$1:$P$65536,2,0)) -> Servicios para la comunidad, sociales y personales | IM31: 1.3.3.11.02.01 | IN31: =IF(IM31=""," ",VLOOKUP(IM31,[2]Listados!$R$1:$S$65536,2,0)) -> R.B. Excedentes Financieros EMCALI | IO31: =+HN31+HO31 -> 0
R32: BP-26005396/1/02/01/05 | S32: Adelantar acciones de acercamiento y articulación hacia los territorios en el marco de la gobernanza territorial | U32: 0.7 | V32: 2.3.2.02.02.006 | W32: =IF(V32=""," ",VLOOKUP(V32,[2]Listados!$O$1:$P$65536,2,0)) -> Servicios de alojamiento; servicios de suministro de comidas y bebidas; servicios de transporte; y servicios de distribución de electricidad, gas y agua | X32: 1.2.1.0.00 | Y32: =IF(X32=""," ",VLOOKUP(X32,[2]Listados!$R$1:$S$65536,2,0)) -> Ingresos corrientes de Libre Destinación | Z32: 700000000 | AS32: BP-26005396/1/02/01/05 | AT32: Adelantar acciones de acercamiento y articulación hacia los territorios en el marco de la gobernanza territorial | AU32: No | AV32: 0.4 | AW32: 2.3.2.02.02.006 | AX32: =IF(AW32=""," ",VLOOKUP(AW32,[2]Listados!$O$1:$P$65536,2,0)) -> Servicios de alojamiento; servicios de suministro de comidas y bebidas; servicios de transporte; y servicios de distribución de electricidad, gas y agua | AY32: 1.2.1.0.00 | AZ32: =IF(AY32=""," ",VLOOKUP(AY32,[2]Listados!$R$1:$S$65536,2,0)) -> Ingresos corrientes de Libre Destinación | BA32: 700000000 | BU32: BP-26005396/1/02/01/05 | BV32: Adelantar acciones de acercamiento y articulación hacia los territorios en el marco de la gobernanza territorial | BW32: No | BX32: 0.4 | BY32: 2.3.2.02.02.006 | BZ32: =IF(BY32=""," ",VLOOKUP(BY32,[2]Listados!$O$1:$P$65536,2,0)) -> Servicios de alojamiento; servicios de suministro de comidas y bebidas; servicios de transporte; y servicios de distribución de electricidad, gas y agua | CA32: 1.2.1.0.00 | CB32: =IF(CA32=""," ",VLOOKUP(CA32,[2]Listados!$R$1:$S$65536,2,0)) -> Ingresos corrientes de Libre Destinación | CC32: 700000000 | CW32: BP-26005396/1/02/01/05 | CX32: Adelantar acciones de acercamiento y articulación hacia los territorios en el marco de la gobernanza territorial | CY32: No | CZ32: 0.4 | DA32: 2.3.2.02.02.006 | DB32: =IF(DA32=""," ",VLOOKUP(DA32,[2]Listados!$O$1:$P$65536,2,0)) -> Servicios de alojamiento; servicios de suministro de comidas y bebidas; servicios de transporte; y servicios de distribución de electricidad, gas y agua | DC32: 1.2.1.0.00 | DD32: =IF(DC32=""," ",VLOOKUP(DC32,[2]Listados!$R$1:$S$65536,2,0)) -> Ingresos corrientes de Libre Destinación | DE32: =+CC32+CD32 -> 700000000 | EC32: BP-26005396/1/02/01/05 | ED32: Adelantar acciones de acercamiento y articulación hacia los territorios en el marco de la gobernanza territorial | EE32: No | EF32: 0.4 | EG32: 2.3.2.02.02.006 | EH32: =IF(EG32=""," ",VLOOKUP(EG32,[2]Listados!$O$1:$P$65536,2,0)) -> Servicios de alojamiento; servicios de suministro de comidas y bebidas; servicios de transporte; y servicios de distribución de electricidad, gas y agua | EI32: 1.2.1.0.00 | EJ32: =IF(EI32=""," ",VLOOKUP(EI32,[2]Listados!$R$1:$S$65536,2,0)) -> Ingresos corrientes de Libre Destinación | EK32: 700000000 | FD32: BP-26005396/1/02/01/05 | FE32: Adelantar acciones de acercamiento y articulación hacia los territorios en el marco de la gobernanza territorial | FF32: No | FG32: 0.4 | FH32: 2.3.2.02.02.006 | FI32: =IF(FH32=""," ",VLOOKUP(FH32,[2]Listados!$O$1:$P$65536,2,0)) -> Servicios de alojamiento; servicios de suministro de comidas y bebidas; servicios de transporte; y servicios de distribución de electricidad, gas y agua | FJ32: 1.2.1.0.00 | FK32: =IF(FJ32=""," ",VLOOKUP(FJ32,[2]Listados!$R$1:$S$65536,2,0)) -> Ingresos corrientes de Libre Destinación | FL32: 700000000 | GE32: BP-26005396/1/02/01/05 | GF32: Adelantar acciones de acercamiento y articulación hacia los territorios en el marco de la gobernanza territorial | GG32: No | GH32: 0.4 | GI32: 2.3.2.02.02.006 | GJ32: =IF(GI32=""," ",VLOOKUP(GI32,[2]Listados!$O$1:$P$65536,2,0)) -> Servicios de alojamiento; servicios de suministro de comidas y bebidas; servicios de transporte; y servicios de distribución de electricidad, gas y agua | GK32: 1.2.1.0.00 | GL32: =IF(GK32=""," ",VLOOKUP(GK32,[2]Listados!$R$1:$S$65536,2,0)) -> Ingresos corrientes de Libre Destinación | GM32: =+FL32+FM32 -> 700000000 | HF32: BP-26005396/1/02/01/05 | HG32: Adelantar acciones de acercamiento y articulación hacia los territorios en el marco de la gobernanza territorial | HH32: No | HI32: 0.4 | HJ32: 2.3.2.02.02.006 | HK32: =IF(HJ32=""," ",VLOOKUP(HJ32,[2]Listados!$O$1:$P$65536,2,0)) -> Servicios de alojamiento; servicios de suministro de comidas y bebidas; servicios de transporte; y servicios de distribución de electricidad, gas y agua | HL32: 1.2.1.0.00 | HM32: =IF(HL32=""," ",VLOOKUP(HL32,[2]Listados!$R$1:$S$65536,2,0)) -> Ingresos corrientes de Libre Destinación | HN32: =+GM32+GN32 -> 700000000 | IG32: BP-26005396/1/02/01/05 | IH32: Adelantar acciones de acercamiento y articulación hacia los territorios en el marco de la gobernanza territorial | II32: No | IJ32: 0.4 | IK32: 2.3.2.02.02.006 | IL32: =IF(IK32=""," ",VLOOKUP(IK32,[2]Listados!$O$1:$P$65536,2,0)) -> Servicios de alojamiento; servicios de suministro de comidas y bebidas; servicios de transporte; y servicios de distribución de electricidad, gas y agua | IM32: 1.2.1.0.00 | IN32: =IF(IM32=""," ",VLOOKUP(IM32,[2]Listados!$R$1:$S$65536,2,0)) -> Ingresos corrientes de Libre Destinación | IO32: =+HN32+HO32 -> 700000000
CD33: 20025840 | CW33: BP-26005396/1/02/01/09 | CX33: Adelantar acciones de acercamiento y articulación hacia los territorios en el marco de la gobernanza territorial | CY33: No | CZ33: 0.1 | DA33: 2.3.2.02.02.009 | DB33: =IF(DA33=""," ",VLOOKUP(DA33,[2]Listados!$O$1:$P$65536,2,0)) -> Servicios para la comunidad, sociales y personales | DC33: 1.3.3.1.00 | DD33: =IF(DC33=""," ",VLOOKUP(DC33,[2]Listados!$R$1:$S$65536,2,0)) -> R.B. Ingresos Corrientes de Libre Destinación | DE33: =+CC33+CD33 -> 20025840 | EC33: BP-26005396/1/02/01/09 | ED33: Adelantar acciones de acercamiento y articulación hacia los territorios en el marco de la gobernanza territorial | EE33: No | EF33: 0.1 | EG33: 2.3.2.02.02.009 | EH33: =IF(EG33=""," ",VLOOKUP(EG33,[2]Listados!$O$1:$P$65536,2,0)) -> Servicios para la comunidad, sociales y personales | EI33: 1.3.3.1.00 | EJ33: =IF(EI33=""," ",VLOOKUP(EI33,[2]Listados!$R$1:$S$65536,2,0)) -> R.B. Ingresos Corrientes de Libre Destinación | EK33: 20025840 | FD33: BP-26005396/1/02/01/09 | FE33: Adelantar acciones de acercamiento y articulación hacia los territorios en el marco de la gobernanza territorial | FF33: No | FG33: 0.1 | FH33: 2.3.2.02.02.009 | FI33: =IF(FH33=""," ",VLOOKUP(FH33,[2]Listados!$O$1:$P$65536,2,0)) -> Servicios para la comunidad, sociales y personales | FJ33: 1.3.3.1.00 | FK33: =IF(FJ33=""," ",VLOOKUP(FJ33,[2]Listados!$R$1:$S$65536,2,0)) -> R.B. Ingresos Corrientes de Libre Destinación | FL33: 20025840 | FM33: 5370000 | GE33: BP-26005396/1/02/01/09 | GF33: Adelantar acciones de acercamiento y articulación hacia los territorios en el marco de la gobernanza territorial | GG33: No | GH33: 0.1 | GI33: 2.3.2.02.02.009 | GJ33: =IF(GI33=""," ",VLOOKUP(GI33,[2]Listados!$O$1:$P$65536,2,0)) -> Servicios para la comunidad, sociales y personales | GK33: 1.3.3.1.00 | GL33: =IF(GK33=""," ",VLOOKUP(GK33,[2]Listados!$R$1:$S$65536,2,0)) -> R.B. Ingresos Corrientes de Libre Destinación | GM33: =+FL33+FM33 -> 25395840 | HF33: BP-26005396/1/02/01/09 | HG33: Adelantar acciones de acercamiento y articulación hacia los territorios en el marco de la gobernanza territorial | HH33: No | HI33: 0.1 | HJ33: 2.3.2.02.02.009 | HK33: =IF(HJ33=""," ",VLOOKUP(HJ33,[2]Listados!$O$1:$P$65536,2,0)) -> Servicios para la comunidad, sociales y personales | HL33: 1.3.3.1.00 | HM33: =IF(HL33=""," ",VLOOKUP(HL33,[2]Listados!$R$1:$S$65536,2,0)) -> R.B. Ingresos Corrientes de Libre Destinación | HN33: =+GM33+GN33 -> 25395840 | IG33: BP-26005396/1/02/01/09 | IH33: Adelantar acciones de acercamiento y articulación hacia los territorios en el marco de la gobernanza territorial | II33: No | IJ33: 0.1 | IK33: 2.3.2.02.02.009 | IL33: =IF(IK33=""," ",VLOOKUP(IK33,[2]Listados!$O$1:$P$65536,2,0)) -> Servicios para la comunidad, sociales y personales | IM33: 1.3.3.1.00 | IN33: =IF(IM33=""," ",VLOOKUP(IM33,[2]Listados!$R$1:$S$65536,2,0)) -> R.B. Ingresos Corrientes de Libre Destinación | IO33: =+HN33+HO33 -> 25395840
Q34: 2.1.2 | R34: BP-26005396/1/02/01/02 | S34: Adelantar acciones de intervención en la recuperación de espacios del territorio en el marco de la gobernanza territorial | T34: No | U34: 0 | V34: 2.3.2.02.02.009 | W34: =IF(V34=""," ",VLOOKUP(V34,[2]Listados!$O$1:$P$65536,2,0)) -> Servicios para la comunidad, sociales y personales | X34: 1.3.3.11.02.01 | Y34: =IF(X34=""," ",VLOOKUP(X34,[2]Listados!$R$1:$S$65536,2,0)) -> R.B. Excedentes Financieros EMCALI | Z34: 0 | AR34: 2.1.2 | AS34: BP-26005396/1/02/01/02 | AT34: Adelantar acciones de intervención en la recuperación de espacios del territorio en el marco de la gobernanza territorial | AU34: No | AV34: 0 | AW34: 2.3.2.02.02.009 | AX34: =IF(AW34=""," ",VLOOKUP(AW34,[2]Listados!$O$1:$P$65536,2,0)) -> Servicios para la comunidad, sociales y personales | AY34: 1.3.3.11.02.01 | AZ34: =IF(AY34=""," ",VLOOKUP(AY34,[2]Listados!$R$1:$S$65536,2,0)) -> R.B. Excedentes Financieros EMCALI | BA34: 0 | BT34: 2.1.2 | BU34: BP-26005396/1/02/01/02 | BV34: Adelantar acciones de intervención en la recuperación de espacios del territorio en el marco de la gobernanza territorial | BW34: No | BX34: 0 | BY34: 2.3.2.02.02.009 | BZ34: =IF(BY34=""," ",VLOOKUP(BY34,[2]Listados!$O$1:$P$65536,2,0)) -> Servicios para la comunidad, sociales y personales | CA34: 1.3.3.11.02.01 | CB34: =IF(CA34=""," ",VLOOKUP(CA34,[2]Listados!$R$1:$S$65536,2,0)) -> R.B. Excedentes Financieros EMCALI | CC34: 0 | CV34: 2.1.2 | CW34: BP-26005396/1/02/01/02 | CX34: Adelantar acciones de intervención en la recuperación de espacios del territorio en el marco de la gobernanza territorial | CY34: No | CZ34: 0 | DA34: 2.3.2.02.02.009 | DB34: =IF(DA34=""," ",VLOOKUP(DA34,[2]Listados!$O$1:$P$65536,2,0)) -> Servicios para la comunidad, sociales y personales | DC34: 1.3.3.11.02.01 | DD34: =IF(DC34=""," ",VLOOKUP(DC34,[2]Listados!$R$1:$S$65536,2,0)) -> R.B. Excedentes Financieros EMCALI | DE34: =+CC34+CD34 -> 0 | EB34: 2.1.2 | EC34: BP-26005396/1/02/01/02 | ED34: Adelantar acciones de intervención en la recuperación de espacios del territorio en el marco de la gobernanza territorial | EE34: No | EF34: 0 | EG34: 2.3.2.02.02.009 | EH34: =IF(EG34=""," ",VLOOKUP(EG34,[2]Listados!$O$1:$P$65536,2,0)) -> Servicios para la comunidad, sociales y personales | EI34: 1.3.3.11.02.01 | EJ34: =IF(EI34=""," ",VLOOKUP(EI34,[2]Listados!$R$1:$S$65536,2,0)) -> R.B. Excedentes Financieros EMCALI | EK34: 0 | FC34: 2.1.2 | FD34: BP-26005396/1/02/01/02 | FE34: Adelantar acciones de intervención en la recuperación de espacios del territorio en el marco de la gobernanza territorial | FF34: No | FG34: 0 | FH34: 2.3.2.02.02.009 | FI34: =IF(FH34=""," ",VLOOKUP(FH34,[2]Listados!$O$1:$P$65536,2,0)) -> Servicios para la comunidad, sociales y personales | FJ34: 1.3.3.11.02.01 | FK34: =IF(FJ34=""," ",VLOOKUP(FJ34,[2]Listados!$R$1:$S$65536,2,0)) -> R.B. Excedentes Financieros EMCALI | FL34: 0 | GD34: 2.1.2 | GE34: BP-26005396/1/02/01/02 | GF34: Adelantar acciones de intervención en la recuperación de espacios del territorio en el marco de la gobernanza territorial | GG34: No | GH34: 0 | GI34: 2.3.2.02.02.009 | GJ34: =IF(GI34=""," ",VLOOKUP(GI34,[2]Listados!$O$1:$P$65536,2,0)) -> Servicios para la comunidad, sociales y personales | GK34: 1.3.3.11.02.01 | GL34: =IF(GK34=""," ",VLOOKUP(GK34,[2]Listados!$R$1:$S$65536,2,0)) -> R.B. Excedentes Financieros EMCALI | GM34: =+FL34+FM34 -> 0 | HE34: 2.1.2 | HF34: BP-26005396/1/02/01/02 | HG34: Adelantar acciones de intervención en la recuperación de espacios del territorio en el marco de la gobernanza territorial | HH34: No | HI34: 0 | HJ34: 2.3.2.02.02.009 | HK34: =IF(HJ34=""," ",VLOOKUP(HJ34,[2]Listados!$O$1:$P$65536,2,0)) -> Servicios para la comunidad, sociales y personales | HL34: 1.3.3.11.02.01 | HM34: =IF(HL34=""," ",VLOOKUP(HL34,[2]Listados!$R$1:$S$65536,2,0)) -> R.B. Excedentes Financieros EMCALI | HN34: =+GM34+GN34 -> 0 | IF34: 2.1.2 | IG34: BP-26005396/1/02/01/02 | IH34: Adelantar acciones de intervención en la recuperación de espacios del territorio en el marco de la gobernanza territorial | II34: No | IJ34: 0 | IK34: 2.3.2.02.02.009 | IL34: =IF(IK34=""," ",VLOOKUP(IK34,[2]Listados!$O$1:$P$65536,2,0)) -> Servicios para la comunidad, sociales y personales | IM34: 1.3.3.11.02.01 | IN34: =IF(IM34=""," ",VLOOKUP(IM34,[2]Listados!$R$1:$S$65536,2,0)) -> R.B. Excedentes Financieros EMCALI | IO34: =+HN34+HO34 -> 0
R35: BP-26005396/1/02/01/07 | S35: Adelantar acciones de intervención en la recuperación de espacios del territorio en el marco de la gobernanza territorial | T35: Si | U35: 0.4 | V35: 2.3.2.02.02.009 | W35: =IF(V35=""," ",VLOOKUP(V35,[2]Listados!$O$1:$P$65536,2,0)) -> Servicios para la comunidad, sociales y personales | X35: 1.2.1.0.00 | Y35: =IF(X35=""," ",VLOOKUP(X35,[2]Listados!$R$1:$S$65536,2,0)) -> Ingresos corrientes de Libre Destinación | Z35: 183339520 | AS35: BP-26005396/1/02/01/07 | AT35: Adelantar acciones de intervención en la recuperación de espacios del territorio en el marco de la gobernanza territorial | AU35: Si | AV35: 0.2 | AW35: 2.3.2.02.02.009 | AX35: =IF(AW35=""," ",VLOOKUP(AW35,[2]Listados!$O$1:$P$65536,2,0)) -> Servicios para la comunidad, sociales y personales | AY35: 1.2.1.0.00 | AZ35: =IF(AY35=""," ",VLOOKUP(AY35,[2]Listados!$R$1:$S$65536,2,0)) -> Ingresos corrientes de Libre Destinación | BA35: 183339520 | BU35: BP-26005396/1/02/01/07 | BV35: Adelantar acciones de intervención en la recuperación de espacios del territorio en el marco de la gobernanza territorial | BW35: Si | BX35: 0.2 | BY35: 2.3.2.02.02.009 | BZ35: =IF(BY35=""," ",VLOOKUP(BY35,[2]Listados!$O$1:$P$65536,2,0)) -> Servicios para la comunidad, sociales y personales | CA35: 1.2.1.0.00 | CB35: =IF(CA35=""," ",VLOOKUP(CA35,[2]Listados!$R$1:$S$65536,2,0)) -> Ingresos corrientes de Libre Destinación | CC35: 183339520 | CW35: BP-26005396/1/02/01/07 | CX35: Adelantar acciones de intervención en la recuperación de espacios del territorio en el marco de la gobernanza territorial | CY35: Si | CZ35: 0.1 | DA35: 2.3.2.02.02.009 | DB35: =IF(DA35=""," ",VLOOKUP(DA35,[2]Listados!$O$1:$P$65536,2,0)) -> Servicios para la comunidad, sociales y personales | DC35: 1.2.1.0.00 | DD35: =IF(DC35=""," ",VLOOKUP(DC35,[2]Listados!$R$1:$S$65536,2,0)) -> Ingresos corrientes de Libre Destinación | DE35: =+CC35+CD35 -> 183339520 | DI35: 51211680 | DK35: =88454000-DI35 -> 37242320 | EC35: BP-26005396/1/02/01/07 | ED35: Adelantar acciones de intervención en la recuperación de espacios del territorio en el marco de la gobernanza territorial | EE35: Si | EF35: 0.1 | EG35: 2.3.2.02.02.009 | EH35: =IF(EG35=""," ",VLOOKUP(EG35,[2]Listados!$O$1:$P$65536,2,0)) -> Servicios para la comunidad, sociales y personales | EI35: 1.2.1.0.00 | EJ35: =IF(EI35=""," ",VLOOKUP(EI35,[2]Listados!$R$1:$S$65536,2,0)) -> Ingresos corrientes de Libre Destinación | EK35: 271793520 | FD35: BP-26005396/1/02/01/07 | FE35: Adelantar acciones de intervención en la recuperación de espacios del territorio en el marco de la gobernanza territorial | FF35: Si | FG35: 0.1 | FH35: 2.3.2.02.02.009 | FI35: =IF(FH35=""," ",VLOOKUP(FH35,[2]Listados!$O$1:$P$65536,2,0)) -> Servicios para la comunidad, sociales y personales | FJ35: 1.2.1.0.00 | FK35: =IF(FJ35=""," ",VLOOKUP(FJ35,[2]Listados!$R$1:$S$65536,2,0)) -> Ingresos corrientes de Libre Destinación | FL35: 271793520 | FM35: 85184000 | GE35: BP-26005396/1/02/01/07 | GF35: Adelantar acciones de intervención en la recuperación de espacios del territorio en el marco de la gobernanza territorial | GG35: Si | GH35: 0.1 | GI35: 2.3.2.02.02.009 | GJ35: =IF(GI35=""," ",VLOOKUP(GI35,[2]Listados!$O$1:$P$65536,2,0)) -> Servicios para la comunidad, sociales y personales | GK35: 1.2.1.0.00 | GL35: =IF(GK35=""," ",VLOOKUP(GK35,[2]Listados!$R$1:$S$65536,2,0)) -> Ingresos corrientes de Libre Destinación | GM35: =+FL35+FM35 -> 356977520 | HF35: BP-26005396/1/02/01/07 | HG35: Adelantar acciones de intervención en la recuperación de espacios del territorio en el marco de la gobernanza territorial | HH35: Si | HI35: 0.1 | HJ35: 2.3.2.02.02.009 | HK35: =IF(HJ35=""," ",VLOOKUP(HJ35,[2]Listados!$O$1:$P$65536,2,0)) -> Servicios para la comunidad, sociales y personales | HL35: 1.2.1.0.00 | HM35: =IF(HL35=""," ",VLOOKUP(HL35,[2]Listados!$R$1:$S$65536,2,0)) -> Ingresos corrientes de Libre Destinación | HN35: =+GM35+GN35 -> 356977520 | IG35: BP-26005396/1/02/01/07 | IH35: Adelantar acciones de intervención en la recuperación de espacios del territorio en el marco de la gobernanza territorial | II35: Si | IJ35: 0.1 | IK35: 2.3.2.02.02.009 | IL35: =IF(IK35=""," ",VLOOKUP(IK35,[2]Listados!$O$1:$P$65536,2,0)) -> Servicios para la comunidad, sociales y personales | IM35: 1.2.1.0.00 | IN35: =IF(IM35=""," ",VLOOKUP(IM35,[2]Listados!$R$1:$S$65536,2,0)) -> Ingresos corrientes de Libre Destinación | IO35: =+HN35+HO35 -> 356977520
R36: BP-26005396/1/02/01/06 | S36: Adelantar acciones de intervención en la recuperación de espacios del territorio en el marco de la gobernanza territorial | T36: No | U36: 0.6 | V36: 2.3.2.02.02.006 | W36: =IF(V36=""," ",VLOOKUP(V36,[2]Listados!$O$1:$P$65536,2,0)) -> Servicios de alojamiento; servicios de suministro de comidas y bebidas; servicios de transporte; y servicios de distribución de electricidad, gas y agua | X36: 1.2.1.0.00 | Y36: =IF(X36=""," ",VLOOKUP(X36,[2]Listados!$R$1:$S$65536,2,0)) -> Ingresos corrientes de Libre Destinación | Z36: 300000000 | AS36: BP-26005396/1/02/01/06 | AT36: Adelantar acciones de intervención en la recuperación de espacios del territorio en el marco de la gobernanza territorial | AU36: No | AV36: 0.3 | AW36: 2.3.2.02.02.006 | AX36: =IF(AW36=""," ",VLOOKUP(AW36,[2]Listados!$O$1:$P$65536,2,0)) -> Servicios de alojamiento; servicios de suministro de comidas y bebidas; servicios de transporte; y servicios de distribución de electricidad, gas y agua | AY36: 1.2.1.0.00 | AZ36: =IF(AY36=""," ",VLOOKUP(AY36,[2]Listados!$R$1:$S$65536,2,0)) -> Ingresos corrientes de Libre Destinación | BA36: 300000000 | BU36: BP-26005396/1/02/01/06 | BV36: Adelantar acciones de intervención en la recuperación de espacios del territorio en el marco de la gobernanza territorial | BW36: No | BX36: 0.3 | BY36: 2.3.2.02.02.006 | BZ36: =IF(BY36=""," ",VLOOKUP(BY36,[2]Listados!$O$1:$P$65536,2,0)) -> Servicios de alojamiento; servicios de suministro de comidas y bebidas; servicios de transporte; y servicios de distribución de electricidad, gas y agua | CA36: 1.2.1.0.00 | CB36: =IF(CA36=""," ",VLOOKUP(CA36,[2]Listados!$R$1:$S$65536,2,0)) -> Ingresos corrientes de Libre Destinación | CC36: 300000000 | CW36: BP-26005396/1/02/01/06 | CX36: Adelantar acciones de intervención en la recuperación de espacios del territorio en el marco de la gobernanza territorial | CY36: No | CZ36: 0.2 | DA36: 2.3.2.02.02.006 | DB36: =IF(DA36=""," ",VLOOKUP(DA36,[2]Listados!$O$1:$P$65536,2,0)) -> Servicios de alojamiento; servicios de suministro de comidas y bebidas; servicios de transporte; y servicios de distribución de electricidad, gas y agua | DC36: 1.2.1.0.00 | DD36: =IF(DC36=""," ",VLOOKUP(DC36,[2]Listados!$R$1:$S$65536,2,0)) -> Ingresos corrientes de Libre Destinación | DE36: =+CC36+CD36 -> 300000000 | EC36: BP-26005396/1/02/01/06 | ED36: Adelantar acciones de intervención en la recuperación de espacios del territorio en el marco de la gobernanza territorial | EE36: No | EF36: 0.2 | EG36: 2.3.2.02.02.006 | EH36: =IF(EG36=""," ",VLOOKUP(EG36,[2]Listados!$O$1:$P$65536,2,0)) -> Servicios de alojamiento; servicios de suministro de comidas y bebidas; servicios de transporte; y servicios de distribución de electricidad, gas y agua | EI36: 1.2.1.0.00 | EJ36: =IF(EI36=""," ",VLOOKUP(EI36,[2]Listados!$R$1:$S$65536,2,0)) -> Ingresos corrientes de Libre Destinación | EK36: 300000000 | FD36: BP-26005396/1/02/01/06 | FE36: Adelantar acciones de intervención en la recuperación de espacios del territorio en el marco de la gobernanza territorial | FF36: No | FG36: 0.2 | FH36: 2.3.2.02.02.006 | FI36: =IF(FH36=""," ",VLOOKUP(FH36,[2]Listados!$O$1:$P$65536,2,0)) -> Servicios de alojamiento; servicios de suministro de comidas y bebidas; servicios de transporte; y servicios de distribución de electricidad, gas y agua | FJ36: 1.2.1.0.00 | FK36: =IF(FJ36=""," ",VLOOKUP(FJ36,[2]Listados!$R$1:$S$65536,2,0)) -> Ingresos corrientes de Libre Destinación | FL36: 300000000 | GE36: BP-26005396/1/02/01/06 | GF36: Adelantar acciones de intervención en la recuperación de espacios del territorio en el marco de la gobernanza territorial | GG36: No | GH36: 0.2 | GI36: 2.3.2.02.02.006 | GJ36: =IF(GI36=""," ",VLOOKUP(GI36,[2]Listados!$O$1:$P$65536,2,0)) -> Servicios de alojamiento; servicios de suministro de comidas y bebidas; servicios de transporte; y servicios de distribución de electricidad, gas y agua | GK36: 1.2.1.0.00 | GL36: =IF(GK36=""," ",VLOOKUP(GK36,[2]Listados!$R$1:$S$65536,2,0)) -> Ingresos corrientes de Libre Destinación | GM36: =+FL36+FM36 -> 300000000 | HF36: BP-26005396/1/02/01/06 | HG36: Adelantar acciones de intervención en la recuperación de espacios del territorio en el marco de la gobernanza territorial | HH36: No | HI36: 0.2 | HJ36: 2.3.2.02.02.006 | HK36: =IF(HJ36=""," ",VLOOKUP(HJ36,[2]Listados!$O$1:$P$65536,2,0)) -> Servicios de alojamiento; servicios de suministro de comidas y bebidas; servicios de transporte; y servicios de distribución de electricidad, gas y agua | HL36: 1.2.1.0.00 | HM36: =IF(HL36=""," ",VLOOKUP(HL36,[2]Listados!$R$1:$S$65536,2,0)) -> Ingresos corrientes de Libre Destinación | HN36: =+GM36+GN36 -> 300000000 | HO36: 170000000 | IG36: BP-26005396/1/02/01/06 | IH36: Adelantar acciones de intervención en la recuperación de espacios del territorio en el marco de la gobernanza territorial | II36: No | IJ36: 0.2 | IK36: 2.3.2.02.02.006 | IL36: =IF(IK36=""," ",VLOOKUP(IK36,[2]Listados!$O$1:$P$65536,2,0)) -> Servicios de alojamiento; servicios de suministro de comidas y bebidas; servicios de transporte; y servicios de distribución de electricidad, gas y agua | IM36: 1.2.1.0.00 | IN36: =IF(IM36=""," ",VLOOKUP(IM36,[2]Listados!$R$1:$S$65536,2,0)) -> Ingresos corrientes de Libre Destinación | IO36: =+HN36+HO36 -> 470000000
